Workbook
Name inflation: #REF!

Sheet TVA - Continuity
A1: TVA - R16 | B1: 2025 | C1: 2025 | D1: 2025 | E1: 2025 | F1: 2025 | G1: 2025 | H1: 2025 | I1: 2025 | J1: 2025 | K1: 2025 | L1: 2025 | M1: 2025 | N1: 2025
B2: January | C2: February | D2: March | E2: April | F2: May | G2: June | H2: July | I2: August | J2: September | K2: October | L2: November | M2: December | N2: Total
A3: TRANSPORTATION
A4: Storage | B4: 0 | C4: 0 | D4: 0 | E4: 0 | F4: 0 | G4: 0 | H4: 0 | I4: 0 | J4: 0 | K4: 0 | L4: 0 | M4: 0 | N4: =SUM(B4:M4) -> 0
A5: Transportation | B5: =Allocation!C4-B4 -> 21049.936 | C5: =Allocation!D4-C4 -> 21039.276 | D5: =Allocation!E4-D4 -> 21237.984 | E5: =Allocation!F4-E4 -> 21316.854 | F5: =Allocation!G4-F4 -> 21603.12 | G5: =Allocation!H4-G4 -> 21768.374 | H5: =Allocation!I4-H4 -> 21737.259 | I5: =Allocation!J4-I4 -> 21737.671 | ... M5: =Allocation!N4-M4 -> 20972.496 | N5: =SUM(B5:M5) -> 256283.17
A6: Nomination | B6: =Allocation!C9 -> 3223.2601 | C6: =Allocation!D9 -> 2866.4319 | D6: =Allocation!E9 -> 3031.1015 | E6: =Allocation!F9 -> 2695.6389 | F6: =Allocation!G9 -> 2521.5559 | G6: =Allocation!H9 -> 1801.9656 | H6: =Allocation!I9 -> 2010.2236 | I6: =Allocation!J9 -> 1959.96 | ... M6: =Allocation!N9 -> 3604.2393 | N6: =SUM(B6:M6) -> 31188.722
A7: Gas Supply | B7: 0 | C7: 0 | D7: 0 | E7: 0 | F7: 0 | G7: 0 | H7: 0 | I7: 0 | J7: 0 | K7: 0 | L7: 0 | M7: 0 | N7: =SUM(B7:M7) -> 0
A8: CNG | B8: 0 | C8: 0 | D8: 0 | E8: 0 | F8: 0 | G8: 0 | H8: 0 | I8: 0 | J8: 0 | K8: 0 | L8: 0 | M8: 0 | N8: =SUM(B8:M8) -> 0
A9: Total Cost | B9: =SUM(B4:B8) -> 24273.196 | C9: =SUM(C4:C8) -> 23905.708 | D9: =SUM(D4:D8) -> 24269.085 | E9: =SUM(E4:E8) -> 24012.493 | F9: =SUM(F4:F8) -> 24124.675 | G9: =SUM(G4:G8) -> 23570.34 | H9: =SUM(H4:H8) -> 23747.482 | I9: =SUM(I4:I8) -> 23697.631 | ... N9: =SUM(N4:N8) -> 287471.89
A11: Revenue | B11: ='S&TVA - Continuity'!B77 -> 17535.7 | C11: ='S&TVA - Continuity'!C77 -> 17535.7 | D11: ='S&TVA - Continuity'!D77 -> 17535.7 | E11: ='S&TVA - Continuity'!E77 -> 17535.7 | F11: ='S&TVA - Continuity'!F77 -> 17535.7 | G11: ='S&TVA - Continuity'!G77 -> 17535.7 | H11: ='S&TVA - Continuity'!H77 -> 17535.7 | I11: ='S&TVA - Continuity'!I77 -> 17535.7 | ... M11: ='S&TVA - Continuity'!M77 -> 17535.7 | N11: =SUM(B11:M11) -> 210428.4
A13: Variance | B13: =B9-B11 -> 6737.496 | C13: =C9-C11 -> 6370.0083 | D13: =D9-D11 -> 6733.3855 | E13: =E9-E11 -> 6476.7932 | F13: =F9-F11 -> 6588.9755 | G13: =G9-G11 -> 6034.6399 | H13: =H9-H11 -> 6211.7823 | I13: =I9-I11 -> 6161.9311 | ... M13: =M9-M11 -> 7041.0357 | N13: =SUM(B13:M13) -> 77043.49
A14: Cumulative Variance | B14: =B13 -> 6737.496 | C14: =C13+B14 -> 13107.504 | D14: =D13+C14 -> 19840.89 | E14: =E13+D14 -> 26317.683 | F14: =F13+E14 -> 32906.658 | G14: =G13+F14 -> 38941.298 | H14: =H13+G14 -> 45153.081 | I14: =I13+H14 -> 51315.012 | J14: =J13+I14 -> 57718.827 | ... M14: =M13+L14 -> 77043.49
A16: Carrying Charges | B16: 0 | C16: =B14*C18/12 -> 20.886237 | D16: =C14*D18/12 -> 40.633263 | E16: =D14*E18/12 -> 61.506758 | F16: =E14*F18/12 -> 81.584817 | G16: =F14*G18/12 -> 102.01064 | H16: =G14*H18/12 -> 120.71802 | I16: =H14*I18/12 -> 139.97455 | J16: =I14*J18/12 -> 159.07654 | ... M16: =L14*M18/12 -> 217.00761 | N16: =SUM(B16:M16) -> 1320.9778
A17: Cumulative Carrying Charges | B17: 0 | C17: =C16+B17 -> 20.886237 | D17: =D16+C17 -> 61.519501 | E17: =E16+D17 -> 123.02626 | F17: =F16+E17 -> 204.61108 | G17: =G16+F17 -> 306.62172 | H17: =H16+G17 -> 427.33974 | I17: =I16+H17 -> 567.31429 | J17: =J16+I17 -> 726.39083 | ... M17: =M16+L17 -> 1320.9778
A18: Rate | B18: 0.0372 | C18: 0.0372 | D18: 0.0372 | E18: 0.0372 | F18: 0.0372 | G18: 0.0372 | H18: 0.0372 | I18: 0.0372 | J18: 0.0372 | K18: 0.0372 | L18: 0.0372 | M18: 0.0372
A20: Total Transportation | B20: =B13+B16 -> 6737.496 | C20: =C13+C16 -> 6390.8945 | D20: =D13+D16 -> 6774.0187 | E20: =E13+E16 -> 6538.3 | F20: =F13+F16 -> 6670.5603 | G20: =G13+G16 -> 6136.6506 | H20: =H13+H16 -> 6332.5003 | I20: =I13+I16 -> 6301.9057 | ... N20: =N13+N16 -> 78364.468
A21: Cumulative Transportation | B21: =B20 -> 6737.496 | C21: =C20+B21 -> 13128.39 | D21: =D20+C21 -> 19902.409 | E21: =E20+D21 -> 26440.709 | F21: =F20+E21 -> 33111.269 | G21: =G20+F21 -> 39247.92 | H21: =H20+G21 -> 45580.42 | I21: =I20+H21 -> 51882.326 | J21: =J20+I21 -> 58445.218 | ... M21: =M20+L21 -> 78364.468
A22: UPSTREAM CHARGES
A23: CIAC Revenue Requirement | B23: ='Upstream Recovery'!K128/12*1000*'Upstream Allocation'!$R$32 -> 12218.337 | C23: =B23 -> 12218.337 | D23: =C23 -> 12218.337 | E23: =D23 -> 12218.337 | F23: =E23 -> 12218.337 | G23: =F23 -> 12218.337 | H23: =G23 -> 12218.337 | I23: =H23 -> 12218.337 | J23: =I23 -> 12218.337 | ... M23: =L23 -> 12218.337 | N23: =SUM(B23:M23) -> 146620.05
A24: Revenue | B24: ='S&TVA - Continuity'!B76 -> 13648.6 | C24: ='S&TVA - Continuity'!C76 -> 13648.6 | D24: ='S&TVA - Continuity'!D76 -> 13648.6 | E24: ='S&TVA - Continuity'!E76 -> 13648.6 | F24: ='S&TVA - Continuity'!F76 -> 13648.6 | G24: ='S&TVA - Continuity'!G76 -> 13648.6 | H24: ='S&TVA - Continuity'!H76 -> 13648.6 | I24: ='S&TVA - Continuity'!I76 -> 13648.6 | ... M24: ='S&TVA - Continuity'!M76 -> 13648.6 | N24: =SUM(B24:M24) -> 163783.2
A26: Variance | B26: =B23-B24 -> -1430.2626 | C26: =C23-C24 -> -1430.2626 | D26: =D23-D24 -> -1430.2626 | E26: =E23-E24 -> -1430.2626 | F26: =F23-F24 -> -1430.2626 | G26: =G23-G24 -> -1430.2626 | H26: =H23-H24 -> -1430.2626 | I26: =I23-I24 -> -1430.2626 | ... M26: =M23-M24 -> -1430.2626 | N26: =SUM(B26:M26) -> -17163.152
A27: Cumulative Variance | B27: =B26 -> -1430.2626 | C27: =C26+B27 -> -2860.5253 | D27: =D26+C27 -> -4290.7879 | E27: =E26+D27 -> -5721.0505 | F27: =F26+E27 -> -7151.3131 | G27: =G26+F27 -> -8581.5758 | H27: =H26+G27 -> -10011.838 | I27: =I26+H27 -> -11442.101 | J27: =J26+I27 -> -12872.364 | ... M27: =M26+L27 -> -17163.152
A29: Carrying Charges | B29: 0 | C29: =B27*C31/12 -> -4.4338142 | D29: =C27*D31/12 -> -8.8676283 | E29: =D27*E31/12 -> -13.301442 | F29: =E27*F31/12 -> -17.735257 | G29: =F27*G31/12 -> -22.169071 | H29: =G27*H31/12 -> -26.602885 | I29: =H27*I31/12 -> -31.036699 | J29: =I27*J31/12 -> -35.470513 | ... M29: =L27*M31/12 -> -48.771956 | N29: =SUM(B29:M29) -> -292.63173
A30: Cumulative Carrying Charges | B30: =B29 -> 0 | C30: =C29+B30 -> -4.4338142 | D30: =D29+C30 -> -13.301442 | E30: =E29+D30 -> -26.602885 | F30: =F29+E30 -> -44.338142 | G30: =G29+F30 -> -66.507212 | H30: =H29+G30 -> -93.110097 | I30: =I29+H30 -> -124.1468 | J30: =J29+I30 -> -159.61731 | ... M30: =M29+L30 -> -292.63173
A31: Rate | B31: 0.0372 | C31: 0.0372 | D31: 0.0372 | E31: 0.0372 | F31: 0.0372 | G31: 0.0372 | H31: 0.0372 | I31: 0.0372 | J31: 0.0372 | K31: 0.0372 | L31: 0.0372 | M31: 0.0372
A33: Total Upstream | B33: =B26+B29 -> -1430.2626 | C33: =C26+C29 -> -1434.6964 | D33: =D26+D29 -> -1439.1303 | E33: =E26+E29 -> -1443.5641 | F33: =F26+F29 -> -1447.9979 | G33: =G26+G29 -> -1452.4317 | H33: =H26+H29 -> -1456.8655 | I33: =I26+I29 -> -1461.2993 | ... N33: =N26+N29 -> -17455.783
A34: Cumulative Upstream | B34: =B33 -> -1430.2626 | C34: =C33+B34 -> -2864.9591 | D34: =D33+C34 -> -4304.0893 | E34: =E33+D34 -> -5747.6534 | F34: =F33+E34 -> -7195.6513 | G34: =G33+F34 -> -8648.083 | H34: =H33+G34 -> -10104.949 | I34: =I33+H34 -> -11566.248 | J34: =J33+I34 -> -13031.981 | ... M34: =M33+L34 -> -17455.783
A35: COMBINED
A36: Cost | B36: =B9+B23 -> 36491.533 | C36: =C9+C23 -> 36124.046 | D36: =D9+D23 -> 36487.423 | E36: =E9+E23 -> 36230.831 | F36: =F9+F23 -> 36343.013 | G36: =G9+G23 -> 35788.677 | H36: =H9+H23 -> 35965.82 | I36: =I9+I23 -> 35915.969 | ... M36: =M9+M23 -> 36795.073 | N36: =SUM(B36:M36) -> 434091.94
A37: Revenue | B37: =B11+B24 -> 31184.3 | C37: =C11+C24 -> 31184.3 | D37: =D11+D24 -> 31184.3 | E37: =E11+E24 -> 31184.3 | F37: =F11+F24 -> 31184.3 | G37: =G11+G24 -> 31184.3 | H37: =H11+H24 -> 31184.3 | I37: =I11+I24 -> 31184.3 | ... M37: =M11+M24 -> 31184.3 | N37: =SUM(B37:M37) -> 374211.6
A38: Variance | B38: =B36-B37 -> 5307.2333 | C38: =C36-C37 -> 4939.7456 | D38: =D36-D37 -> 5303.1228 | E38: =E36-E37 -> 5046.5306 | F38: =F36-F37 -> 5158.7129 | G38: =G36-G37 -> 4604.3773 | H38: =H36-H37 -> 4781.5197 | I38: =I36-I37 -> 4731.6685 | ... M38: =M36-M37 -> 5610.773 | N38: =SUM(B38:M38) -> 59880.339
A40: Carrying Charges | B40: =B16+B29 -> 0 | C40: =C16+C29 -> 16.452423 | D40: =D16+D29 -> 31.765635 | E40: =E16+E29 -> 48.205316 | F40: =F16+F29 -> 63.849561 | G40: =G16+G29 -> 79.84157 | H40: =H16+H29 -> 94.11514 | I40: =I16+I29 -> 108.93785 | ... N40: =N16+N29 -> 1028.3461
A42: Grand Total | B42: =B38+B40 -> 5307.2333 | C42: =C38+C40 -> 4956.1981 | D42: =D38+D40 -> 5334.8885 | E42: =E38+E40 -> 5094.7359 | F42: =F38+F40 -> 5222.5624 | G42: =G38+G40 -> 4684.2189 | H42: =H38+H40 -> 4875.6348 | I42: =I38+I40 -> 4840.6064 | ... N42: =N38+N40 -> 60908.685
A43: Grand Total Cumulative | B43: =B42 -> 5307.2333 | C43: =C42+B43 -> 10263.431 | D43: =D42+C43 -> 15598.32 | E43: =E42+D43 -> 20693.056 | F43: =F42+E43 -> 25915.618 | G43: =G42+F43 -> 30599.837 | H43: =H42+G43 -> 35475.472 | I43: =I42+H43 -> 40316.078 | J43: =J42+I43 -> 45413.237 | ... M43: =M42+L43 -> 60908.685

Sheet S&TVA - Continuity
A1: S&TVA (R1/6/11) | B1: 2025 | C1: 2025 | D1: 2025 | E1: 2025 | F1: 2025 | G1: 2025 | H1: 2025 | I1: 2025 | J1: 2025 | K1: 2025 | L1: 2025 | M1: 2025 | N1: 2025
B2: January | C2: February | D2: March | E2: April | F2: May | G2: June | H2: July | I2: August | J2: September | K2: October | L2: November | M2: December | N2: Total
A3: TRANSPORTATION
A4: Storage | B4: =SUM(B54:B60) -> 7179.33 | C4: =SUM(C54:C60) -> 7262.73 | D4: =SUM(D54:D60) -> 7223.71 | E4: =SUM(E54:E60) -> 7612.33 | F4: =SUM(F54:F60) -> 7222.83 | G4: =SUM(G54:G60) -> 7182.51 | H4: =SUM(H54:H60) -> 7173.74 | I4: =SUM(I54:I60) -> 7166.47 | ... M4: =SUM(M54:M60) -> 7273.92 | N4: =SUM(B4:M4) -> 86601.91
A5: Transportation | B5: =Allocation!C3-B4 -> 28329.144 | C5: =Allocation!D3-C4 -> 28256.52 | D5: =Allocation!E3-D4 -> 28001.842 | E5: =Allocation!F3-E4 -> 27828.592 | F5: =Allocation!G3-F4 -> 27449.236 | G5: =Allocation!H3-G4 -> 27154.326 | H5: =Allocation!I3-H4 -> 27160.833 | I5: =Allocation!J3-I4 -> 27166.415 | ... M5: =Allocation!N3-M4 -> 28238.691 | N5: =SUM(B5:M5) -> 332910.68
A6: Fuel | B6: ='Fuel Costs'!B14 -> 2592.1424 | C6: ='Fuel Costs'!C14 -> 2247.2203 | D6: ='Fuel Costs'!D14 -> 1672.35 | E6: ='Fuel Costs'!E14 -> 799.38206 | F6: ='Fuel Costs'!F14 -> 420.18801 | G6: ='Fuel Costs'!G14 -> 153.72732 | H6: ='Fuel Costs'!H14 -> 183.41094 | I6: ='Fuel Costs'!I14 -> 169.30241 | ... M6: ='Fuel Costs'!M14 -> 3118.08 | N6: =SUM(B6:M6) -> 15945.99
A7: Nomination | B7: =Allocation!C8 -> 6993.598 | C7: =Allocation!D8 -> 6457.9081 | D7: =Allocation!E8 -> 5779.1585 | E7: =Allocation!F8 -> 5099.4611 | F7: =Allocation!G8 -> 4385.7441 | G7: =Allocation!H8 -> 3876.6544 | H7: =Allocation!I8 -> 3975.0764 | I7: =Allocation!J8 -> 4140.71 | ... M7: =Allocation!N8 -> -1917.3193 | N7: =SUM(B7:M7) -> 55367.856
A8: Gas Supply | B8: =240211/12 -> 20017.583 | C8: =B8 -> 20017.583 | D8: =C8 -> 20017.583 | E8: =D8 -> 20017.583 | F8: =E8 -> 20017.583 | G8: =F8 -> 20017.583 | H8: =G8 -> 20017.583 | I8: =H8 -> 20017.583 | J8: =I8 -> 20017.583 | K8: -230.75 | L8: =K8 -> -230.75 | M8: =L8 -> -230.75 | N8: =SUM(B8:M8) -> 179466
A9: CNG | B9: 0 | C9: 0 | D9: 0 | E9: 0 | F9: 0 | G9: 0 | H9: 0 | I9: 0 | J9: 0 | K9: 78721.37 | L9: 222070.2 | M9: 70967.46 | N9: =SUM(B9:M9) -> 371759.03
A10: Total Cost | B10: =SUM(B4:B9) -> 65111.798 | C10: =SUM(C4:C9) -> 64241.961 | D10: =SUM(D4:D9) -> 62694.644 | E10: =SUM(E4:E9) -> 61357.348 | F10: =SUM(F4:F9) -> 59495.582 | G10: =SUM(G4:G9) -> 58384.801 | H10: =SUM(H4:H9) -> 58510.644 | I10: =SUM(I4:I9) -> 58660.481 | ... N10: =SUM(N4:N9) -> 1042051.5
A12: Revenue | B12: =B81 -> 81354.01 | C12: =C81 -> 72489.34 | D12: =D81 -> 71105.2 | E12: =E81 -> 49133.79 | F12: =F81 -> 33295.06 | G12: =G81 -> 23226.14 | H12: =H81 -> 7201.44 | I12: =I81 -> 5854.68 | ... M12: =M81 -> 62866.32 | N12: =SUM(B12:M12) -> 446106.59
A14: Variance | B14: =B10-B12 -> -16242.212 | C14: =C10-C12 -> -8247.3787 | D14: =D10-D12 -> -8410.5562 | E14: =E10-E12 -> 12223.558 | F14: =F10-F12 -> 26200.522 | G14: =G10-G12 -> 35158.661 | H14: =H10-H12 -> 51309.204 | I14: =I10-I12 -> 52805.801 | ... M14: =M10-M12 -> 44583.761 | N14: =SUM(B14:M14) -> 595944.88
A15: Cumulative Variance | B15: =B14 -> -16242.212 | C15: =C14+B15 -> -24489.591 | D15: =D14+C15 -> -32900.147 | E15: =E14+D15 -> -20676.589 | F15: =F14+E15 -> 5523.9331 | G15: =G14+F15 -> 40682.594 | H15: =H14+G15 -> 91991.798 | I15: =I14+H15 -> 144797.6 | J15: =J14+I15 -> 196230.59 | ... M15: =M14+L15 -> 595944.88
A17: Carrying Charges | B17: 0 | C17: =B15*C19/12 -> -50.350857 | D17: =C15*D19/12 -> -75.917731 | E17: =D15*E19/12 -> -101.99046 | F17: =E15*F19/12 -> -64.097425 | G17: =F15*G19/12 -> 17.124193 | H17: =G15*H19/12 -> 126.11604 | I17: =H15*I19/12 -> 285.17457 | J17: =I15*J19/12 -> 448.87256 | ... M17: =L15*M19/12 -> 1709.2195 | N17: =SUM(B17:M17) -> 3855.2099
A18: Cumulative Carrying Charges | B18: 0 | C18: =C17+B18 -> -50.350857 | D18: =D17+C18 -> -126.26859 | E18: =E17+D18 -> -228.25904 | F18: =F17+E18 -> -292.35647 | G18: =G17+F18 -> -275.23228 | H18: =H17+G18 -> -149.11624 | I18: =I17+H18 -> 136.05834 | J18: =J17+I18 -> 584.93089 | ... M18: =M17+L18 -> 3855.2099
A19: Rate | B19: 0.0372 | C19: 0.0372 | D19: 0.0372 | E19: 0.0372 | F19: 0.0372 | G19: 0.0372 | H19: 0.0372 | I19: 0.0372 | J19: 0.0372 | K19: 0.0372 | L19: 0.0372 | M19: 0.0372
A21: Total Transportation | B21: =B14+B17 -> -16242.212 | C21: =C14+C17 -> -8297.7295 | D21: =D14+D17 -> -8486.4739 | E21: =E14+E17 -> 12121.568 | F21: =F14+F17 -> 26136.424 | G21: =G14+G17 -> 35175.785 | H21: =H14+H17 -> 51435.32 | I21: =I14+I17 -> 53090.975 | ... N21: =N14+N17 -> 599800.09
A22: Cumulative Transportation | B22: =B21 -> -16242.212 | C22: =C21+B22 -> -24539.942 | D22: =D21+C22 -> -33026.415 | E22: =E21+D22 -> -20904.848 | F22: =F21+E22 -> 5231.5767 | G22: =G21+F22 -> 40407.362 | H22: =H21+G22 -> 91842.682 | I22: =I21+H22 -> 144933.66 | J22: =J21+I22 -> 196815.52 | ... M22: =M21+L22 -> 599800.09
A23: UPSTREAM CHARGES
A24: CIAC Revenue Requirement | B24: ='Upstream Recovery'!K128/12*1000*'Upstream Allocation'!$Q$32 -> 18821.94 | C24: =B24 -> 18821.94 | D24: =C24 -> 18821.94 | E24: =D24 -> 18821.94 | F24: =E24 -> 18821.94 | G24: =F24 -> 18821.94 | H24: =G24 -> 18821.94 | I24: =H24 -> 18821.94 | J24: =I24 -> 18821.94 | ... M24: =L24 -> 18821.94 | N24: =SUM(B24:M24) -> 225863.28
A25: Revenue | B25: =B80 -> 30057.9 | C25: =C80 -> 38880.37 | D25: =D80 -> 38030.79 | E25: =E80 -> 26215.12 | F25: =F80 -> 17779.06 | G25: =G80 -> 10271.71 | H25: =H80 -> 3839.47 | I25: =I80 -> 3018.63 | ... M25: =M80 -> 23465.95 | N25: =SUM(B25:M25) -> 211006.64
A27: Variance | B27: =B24-B25 -> -11235.96 | C27: =C24-C25 -> -20058.43 | D27: =D24-D25 -> -19208.85 | E27: =E24-E25 -> -7393.1799 | F27: =F24-F25 -> 1042.8801 | G27: =G24-G25 -> 8550.2301 | H27: =H24-H25 -> 14982.47 | I27: =I24-I25 -> 15803.31 | ... M27: =M24-M25 -> -4644.0099 | N27: =SUM(B27:M27) -> 14856.642
A28: Cumulative Variance | B28: =B27 -> -11235.96 | C28: =C27+B28 -> -31294.39 | D28: =D27+C28 -> -50503.24 | E28: =E27+D28 -> -57896.419 | F28: =F27+E28 -> -56853.539 | G28: =G27+F28 -> -48303.309 | H28: =H27+G28 -> -33320.839 | I28: =I27+H28 -> -17517.529 | J28: =J27+I28 -> -2423.2387 | ... M28: =M27+L28 -> 14856.642
A30: Carrying Charges | B30: 0 | C30: =B28*C32/12 -> -34.831476 | D30: =C28*D32/12 -> -97.012608 | E30: =D28*E32/12 -> -156.56004 | F30: =E28*F32/12 -> -179.4789 | G30: =F28*G32/12 -> -176.24597 | H30: =G28*H32/12 -> -149.74026 | I30: =H28*I32/12 -> -103.2946 | J30: =I28*J32/12 -> -54.304339 | ... M30: =L28*M32/12 -> 60.45202 | N30: =SUM(B30:M30) -> -859.73022
A31: Cumulative Carrying Charges | B31: 0 | C31: =C30+B31 -> -34.831476 | D31: =D30+C31 -> -131.84408 | E31: =E30+D31 -> -288.40413 | F31: =F30+E31 -> -467.88303 | G31: =G30+F31 -> -644.129 | H31: =H30+G31 -> -793.86926 | I31: =I30+H31 -> -897.16386 | J31: =J30+I31 -> -951.4682 | ... M31: =M30+L31 -> -859.73022
A32: Rate | B32: 0.0372 | C32: 0.0372 | D32: 0.0372 | E32: 0.0372 | F32: 0.0372 | G32: 0.0372 | H32: 0.0372 | I32: 0.0372 | J32: 0.0372 | K32: 0.0372 | L32: 0.0372 | M32: 0.0372
A34: Total Upstream | B34: =B27+B30 -> -11235.96 | C34: =C27+C30 -> -20093.261 | D34: =D27+D30 -> -19305.862 | E34: =E27+E30 -> -7549.7399 | F34: =F27+F30 -> 863.40125 | G34: =G27+G30 -> 8373.9842 | H34: =H27+H30 -> 14832.73 | I34: =I27+I30 -> 15700.016 | ... N34: =N27+N30 -> 13996.912
A35: Cumulative Upstream | B35: =B34 -> -11235.96 | C35: =C34+B35 -> -31329.221 | D35: =D34+C35 -> -50635.084 | E35: =E34+D35 -> -58184.824 | F35: =F34+E35 -> -57321.422 | G35: =G34+F35 -> -48947.438 | H35: =H34+G35 -> -34114.708 | I35: =I34+H35 -> -18414.693 | J35: =J34+I35 -> -3374.7068 | ... M35: =M34+L35 -> 13996.912
A36: COMBINED
A37: Cost | B37: =B10+B24 -> 83933.738 | C37: =C10+C24 -> 83063.901 | D37: =D10+D24 -> 81516.584 | E37: =E10+E24 -> 80179.288 | F37: =F10+F24 -> 78317.522 | G37: =G10+G24 -> 77206.741 | H37: =H10+H24 -> 77332.584 | I37: =I10+I24 -> 77482.421 | ... M37: =M10+M24 -> 126272.02 | N37: =SUM(B37:M37) -> 1267914.7
A38: Revenue | B38: =B12+B25 -> 111411.91 | C38: =C12+C25 -> 111369.71 | D38: =D12+D25 -> 109135.99 | E38: =E12+E25 -> 75348.91 | F38: =F12+F25 -> 51074.12 | G38: =G12+G25 -> 33497.85 | H38: =H12+H25 -> 11040.91 | I38: =I12+I25 -> 8873.31 | ... M38: =M12+M25 -> 86332.27 | N38: =SUM(B38:M38) -> 657113.23
A39: Variance | B39: =B37-B38 -> -27478.172 | C39: =C37-C38 -> -28305.809 | D39: =D37-D38 -> -27619.406 | E39: =E37-E38 -> 4830.3783 | F39: =F37-F38 -> 27243.402 | G39: =G37-G38 -> 43708.891 | H39: =H37-H38 -> 66291.674 | I39: =I37-I38 -> 68609.111 | ... M39: =M37-M38 -> 39939.752 | N39: =SUM(B39:M39) -> 610801.52
A41: Carrying Charges | B41: =B17+B30 -> 0 | C41: =C17+C30 -> -85.182333 | D41: =D17+D30 -> -172.93034 | E41: =E17+E30 -> -258.5505 | F41: =F17+F30 -> -243.57633 | G41: =G17+G30 -> -159.12178 | H41: =H17+H30 -> -23.624217 | I41: =I17+I30 -> 181.87997 | ... N41: =N17+N30 -> 2995.4796
A43: Grand Total | B43: =B39+B41 -> -27478.172 | C43: =C39+C41 -> -28390.991 | D43: =D39+D41 -> -27792.336 | E43: =E39+E41 -> 4571.8278 | F43: =F39+F41 -> 26999.826 | G43: =G39+G41 -> 43549.769 | H43: =H39+H41 -> 66268.05 | I43: =I39+I41 -> 68790.991 | ... N43: =N39+N41 -> 613797
A44: Grand Total Cumulative | B44: =B43 -> -27478.172 | C44: =C43+B44 -> -55869.163 | D44: =D43+C44 -> -83661.499 | E44: =E43+D44 -> -79089.671 | F44: =F43+E44 -> -52089.846 | G44: =G43+F44 -> -8540.0765 | H44: =H43+G44 -> 57727.973 | I44: =I43+H44 -> 126518.96 | J44: =J43+I44 -> 193440.82 | ... M44: =M43+L44 -> 613797
N47: =N38-#REF! -> #REF!
A53: Source/ inputs
A54: Demand Charge | B54: 7083.33 | C54: 7083.33 | D54: 7083.33 | E54: 7083.33 | F54: 7083.33 | G54: 7083.33 | H54: 7083.33 | I54: 7083.33 | J54: 7083.33 | K54: 7083.33 | L54: 7083.33 | M54: 7083.33
A55: Firm withdrawal commodity charge (Dawn Storage to Dawn Facilities) | B55: 93 | C55: 179.4 | D55: 137.4 | E55: 103.5 | M55: 190.59
A56: Overrun Injection Commodity Charge | E56: 144.65
A57: Interruptible Withdrawal Commodity Charge | E57: 280.85
A58: Firm Injection Customer Supplied Fuel | F58: 139.5 | G58: 99.18
A59: Overrun Withdrawal Commodity Charge (Dawn Facilities to Dawn Storage)
A60: Firm Injection Commodity Charge | B60: 3 | C60: 0 | D60: 2.98 | H60: 90.41 | I60: 83.14 | J60: 54.35
B61: =SUM(B54:B60) -> 7179.33 | C61: =SUM(C54:C60) -> 7262.73 | D61: =SUM(D54:D60) -> 7223.71 | E61: =SUM(E54:E60) -> 7612.33 | F61: =SUM(F54:F60) -> 7222.83 | G61: =SUM(G54:G60) -> 7182.51 | H61: =SUM(H54:H60) -> 7173.74 | I61: =SUM(I54:I60) -> 7166.47 | ... N61: =SUM(N54:N60) -> 0
A62: Miscellaneous Adjustments
A63: Monthly Charge (M1700) | B63: 2273.08 | C63: 2273.08 | D63: 2273.08 | E63: 2273.08 | F63: 2273.08 | G63: 2273.08 | H63: 2273.08 | I63: 2273.08 | J63: 2273.08 | K63: 2273.08 | L63: 2273.08 | M63: 2273.08
A64: Monthly ChargeM17001
A65: Demand Charge M17001 (Dawn to EPCOR SB) | B65: 46442.12 | C65: 46442.12 | D65: 46442.12 | E65: 46442.12 | F65: 46442.12 | G65: 46442.12 | H65: 46442.12 | I65: 46442.12 | J65: 46442.12 | K65: 46442.12 | L65: 46442.12 | M65: 46442.12
A66: Firm Commodity Charge | B66: 663.88 | C66: 580.6 | D66: 524.62 | E66: 430.25 | F66: 337.16 | G66: 207.5 | H66: 182.89 | I66: 188.89 | J66: 197.44 | K66: 270.14 | L66: 532.1 | M66: 495.99
A67: Miscellaneous Charge Firm Commodity Charge (Dawn to EPCOR SB)
A68: Miscellaneous Charge Firm Commodity Charge (Dawn to EPCOR SB)
A69: Miscellaneous Charge EPCOR 57-16-310
B70: =SUM(B63:B69) -> 49379.08 | C70: =SUM(C63:C69) -> 49295.8 | D70: =SUM(D63:D69) -> 49239.82 | E70: =SUM(E63:E69) -> 49145.45 | F70: =SUM(F63:F69) -> 49052.36 | G70: =SUM(G63:G69) -> 48922.7 | H70: =SUM(H63:H69) -> 48898.09 | I70: =SUM(I63:I69) -> 48904.09 | ... N70: =SUM(N63:N69) -> 0
A72: ECNG | B72: 10197.22 | C72: 9324.34 | D72: 8809.26 | E72: 7795.1 | F72: 6907.3 | G72: 5678.62 | H72: 5985.3 | I72: 6100.67 | J72: 6172.71 | K72: 7372.79 | L72: 10505.71 | M72: 1686.92
A75: Billed Charges
A76: R16 Upstream Recovery | B76: 13648.6 | C76: 13648.6 | D76: 13648.6 | E76: 13648.6 | F76: 13648.6 | G76: 13648.6 | H76: 13648.6 | I76: 13648.6 | J76: 13648.6 | K76: 13648.6 | L76: 13648.6 | M76: 13648.6
A77: R16 Transportation | B77: 17535.7 | C77: 17535.7 | D77: 17535.7 | E77: 17535.7 | F77: 17535.7 | G77: 17535.7 | H77: 17535.7 | I77: 17535.7 | J77: 17535.7 | K77: 17535.7 | L77: 17535.7 | M77: 17535.7
A78: TVA Billed Charges | B78: =SUM(B76:B77) -> 31184.3 | C78: =SUM(C76:C77) -> 31184.3 | D78: =SUM(D76:D77) -> 31184.3 | E78: =SUM(E76:E77) -> 31184.3 | F78: =SUM(F76:F77) -> 31184.3 | G78: =SUM(G76:G77) -> 31184.3 | H78: =SUM(H76:H77) -> 31184.3 | I78: =SUM(I76:I77) -> 31184.3 | ... N78: =SUM(N76:N77) -> 0
A80: R1/R6/R11 Upstream Recovery | B80: 30057.9 | C80: 38880.37 | D80: 38030.79 | E80: 26215.12 | F80: 17779.06 | G80: 10271.71 | H80: 3839.47 | I80: 3018.63 | J80: 3727.65 | K80: 3883.22 | L80: 11836.77 | M80: 23465.95
A81: R1/R6/R11 Transportation | B81: 81354.01 | C81: 72489.34 | D81: 71105.2 | E81: 49133.79 | F81: 33295.06 | G81: 23226.14 | H81: 7201.44 | I81: 5854.68 | J81: 7028 | K81: 7349.77 | L81: 25202.84 | M81: 62866.32
A82: S&TVA Billed Charges | B82: =SUM(B80:B81) -> 111411.91 | C82: =SUM(C80:C81) -> 111369.71 | D82: =SUM(D80:D81) -> 109135.99 | E82: =SUM(E80:E81) -> 75348.91 | F82: =SUM(F80:F81) -> 51074.12 | G82: =SUM(G80:G81) -> 33497.85 | H82: =SUM(H80:H81) -> 11040.91 | I82: =SUM(I80:I81) -> 8873.31 | ... N82: =SUM(N80:N81) -> 0
A86: Certarus CNG - Transportation Costs

Sheet Invoice Breakdown
A1: https://epcorweb/en-ca/departments/natgas/sites/ON/Gas%20Supply%20Manager/South%20Bruce/SB_Inovices/SB%20Invoice%20Tracking.xlsx?web=1
C2: Storage Rate | G2: Transportation Rate | J2: Nominated Volume (GJ) | O2: Actual Consumption (GJ) | T2: R16 Contract Demand (GJ) | Y2: ENB Rates & Vol | Z2: M17 (Storage) | AU2: M17 (LBA) | AX2: M17 (Transportation) | BG2: ENB: M17 (Storage + Transportation) | BH2: ECNG (Nomination) | BL2: ECNG (System Gas Consulting) | BM2: ECNG PO BALANCE (760947) | BN2: ECNG (Nomination + Consulting) | BO2: M17 Transportation | BS2: ECNG | BW2: Invoice Split for Finance Team
A3: Billing Period | B3: Annual Heat Value | C3: Storage (GJ) | D3: Fuel Ratio (%) | E3: Storage Firm Commodity Charge ($/GJ) | F3: Storage Interruptible Commodity Charge ($/GJ) | G3: Monthly Demand Charge ($/GJ) | H3: Firm Commodity Charge ($/GJ) | I3: Fuel Ratio (%) | J3: M17 Total | K3: System Supply | L3: Tweed | M3: Greenfield | N3: Bruce Power | O3: M17 Total | P3: System Supply | Q3: Tweed | R3: Greenfield | S3: Bruce Power | T3: M17 Total | U3: System Supply | V3: Tweed | W3: Greenfield | X3: Bruce Power | Z3: Inv # | AA3: Contract Storage (GJ) | AB3: Commodity Injection (GJ) | AC3: Overrun Injection (GJ) | AD3: Firm Withdraw (GJ) | AE3: Interruptible Withdraw (GJ) | AF3: Demand Charge ($) | AG3: Firm Injection Commodity Charge ($) | AH3: Overrun Injection Commodity Charge ($) | AI3: Firm Injection Customer Supplied Fuel (GJ) | AJ3: Overrun Injection Customer Supplied Fuel (GJ) | AK3: Overrun Injection Commodity Charge | AL3: Firm Withdraw Commodity Charge ($) | AM3: Interrruptible Withdraw Commodity Charge ($) | AN3: Withdraw Customer Supplied Fuel (GJ) | AO3: Overrun Withdrawal Commodity Charge (Dawn Storage to Dawn Facilities) | AP3: Overrun Withdrawal Customer Supplied Fuel (GJ) | AQ3: Overrun Withdrawal Customer Supplied Fuel Charge (GJ) | AR3: Miscellaneous Charge Monthly Charge | AS3: Miscellaneous Charge Demand Charge | AT3: Total Storage ($) | AU3: 2% << 4% (GJ) | AV3: EASTERN ZONE TOLL ($/GJ) | AW3: 2nd Tier Daily Fee ($) | AX3: Monthly Charge ($) | AY3: Demand (GJ) | AZ3: Total Consumption R16+System (GJ) | BA3: Demand Charge ($) | BB3: Firm Commodity Charge ($) | BC3: Firm Customer Supplied Fuel (GJ) | BD3: Deferral/Earnings Sharing Adjustment Deferral/Earnings Sharing Adjustment | BE3: Deferral/Earnings Sharing Adjustment Federal Carbon Charge | BF3: Total Transporation ($) | BH3: Inv # | BI3: Total Consumption R16+System (GJ) | BJ3: Gas Nomination Rate ($/GJ) | BK3: Gas Nomination ($) | BL3: Monthly Consulting Charge ($) | BM3: PO Balance ($) | BO3: Inv # | BP3: System Gas Cost ($) | BQ3: R16 Gas cost ($) | BR3: Total Cost Before Tax($) | BS3: Inv # | BT3: System Gas Cost ($) | BU3: R16 Gas cost ($) | BV3: Total Cost Before Tax($)
A4: 43861 | B4: 38.98 | C4: 100000 | D4: 0.006 | E4: 0.006 | G4: 4.431 | H4: 0.002 | I4: 0.00764
A5: 43890 | B5: 38.98 | C5: 100000 | D5: 0.006 | E5: 0.006 | G5: 4.431 | H5: 0.002 | I5: 0.00764
A6: 43921 | B6: 38.98 | C6: 100000 | D6: 0.006 | E6: 0.006 | G6: 4.431 | H6: 0.002 | I6: 0.00764
A7: 43951 | B7: 39.28 | C7: 100000 | D7: 0.006 | E7: 0.006 | G7: 4.431 | H7: 0.002 | I7: 0.00319
A8: 43982 | B8: 39.28 | C8: 100000 | D8: 0.006 | E8: 0.006 | G8: 4.431 | H8: 0.002 | I8: 0.00319 | Z8: 838 454 | AA8: 100000 | AB8: 11936 | AF8: 3541.67 | AG8: =AB8*E7 -> 71.616 | AI8: 64 | AT8: =AF8+AG8+AL8 -> 3613.286 | BO8: =Z8 -> 838 454 | BP8: =AT8+BF8 -> 3613.286 | BR8: =BP8+BQ8 -> 3613.286
A9: 44012 | B9: 39.28 | C9: 100000 | D9: 0.006 | E9: 0.006 | G9: 4.431 | H9: 0.002 | I9: 0.00319 | Z9: 842 770 | AA9: 100000 | AB9: 22500 | AF9: 7083.33 | AG9: =AB9*E8 -> 135 | AI9: 120 | AT9: =AF9+AG9+AL9 -> 7218.33 | AX9: 1798.84 | AY9: 2979 | BA9: =AY9*G9 -> 13199.949 | BF9: =AX9+BA9+BB9 -> 14998.789 | BO9: =Z9 -> 842 770 | BP9: =AT9+BF9 -> 22217.119 | BR9: =BP9+BQ9 -> 22217.119
A10: 44043 | B10: 39.28 | C10: 100000 | D10: 0.006 | E10: 0.006 | G10: 4.431 | H10: 0.002 | I10: 0.00319 | Z10: 847 784 | AA10: 100000 | AB10: 23250 | AF10: 7083.33 | AG10: =AB10*E9 -> 139.5 | AI10: 124 | AT10: =AF10+AG10+AL10 -> 7222.83 | AX10: 1998.71 | AY10: 3310 | BA10: =AY10*G10 -> 14666.61 | BF10: =AX10+BA10+BB10 -> 16665.32 | BO10: =Z10 -> 847 784 | BP10: =AT10+BF10 -> 23888.15 | BR10: =BP10+BQ10 -> 23888.15
A11: 44074 | B11: 39.28 | C11: 100000 | D11: 0.006 | E11: 0.006 | G11: 4.431 | H11: 0.002 | I11: 0.00319 | J11: 41957 | K11: =J11-L11-M11-N11 -> 7478 | L11: 5304 | M11: 29175 | O11: 40639 | P11: =O11-Q11-R11-S11 -> 6400.7141 | Q11: 5299.8486 | R11: 28938.437 | T11: 8863 | U11: =T11-V11-W11-X11 -> 5452.4354 | V11: =22800*B11/1000 -> 895.584 | W11: =64027*B11/1000 -> 2514.9806 | Z11: 851 508 | AA11: 100000 | AB11: 17500 | AF11: 7083.33 | AG11: =AB11*E10 -> 105 | AI11: 109 | AK11: =9750*0.041 -> 399.75 | AT11: =AF11+AG11+AK11 -> 7588.08 | AX11: 1998.71 | AY11: 3310 | AZ11: 41957 | BA11: =AY11*G11 -> 14666.61 | BB11: =AZ11*H11 -> 83.914 | BF11: =AX11+BA11+BB11 -> 16749.234 | BH11: E194CC-2008-1 | BI11: =SUM(P11:S11) -> 40639 | BJ11: 0.04 | BK11: =BI11*BJ11 -> 1625.56 | BL11: 3057 | BO11: =Z11 -> 851 508 | BP11: =AT11 +(K11/AZ11*AX11) +((T11-V11-W11-X11)/T11*BA11) +(K11/AZ11*BB11) -> 16982.029 | BQ11: =((L11+M11+N11)/AZ11*AX11) +((V11+W11+X11)/T11*BA11) +((L11+M11+N11)/AZ11*BB11) -> 7355.2852 | BR11: =BP11+BQ11 -> 24337.314 | BS11: =BH11 -> E194CC-2008-1 | BT11: =P11*BJ11+BL11 -> 3313.0286 | BU11: =(Q11+R11+S11)*BJ11 -> 1369.5314 | BV11: =BT11+BU11 -> 4682.56
A12: 44104 | B12: 39.28 | C12: 100000 | D12: 0.006 | E12: 0.006 | G12: 4.431 | H12: 0.002 | I12: 0.00319 | J12: 46856 | K12: =J12-L12-M12-N12 -> 0 | L12: 13001 | M12: 33855 | O12: 46481 | P12: =O12-Q12-R12-S12 -> 80.248272 | Q12: 12810.217 | R12: 33590.535 | T12: 8863 | U12: =T12-V12-W12-X12 -> 5452.4354 | V12: =22800*B12/1000 -> 895.584 | W12: =64027*B12/1000 -> 2514.9806 | Z12: 855 478 | AA12: 100000 | AB12: 15000 | AF12: 7083.33 | AG12: =AB12*E11 -> 90 | AI12: 90 | AT12: =AF12+AG12+AL12 -> 7173.33 | AX12: 1998.71 | AY12: 3310 | AZ12: 46856 | BA12: =AY12*G12 -> 14666.61 | BB12: =AZ12*H12 -> 93.712 | BF12: =AX12+BA12+BB12 -> 16759.032 | BH12: E194CC-2009-1 | BI12: =SUM(P12:S12) -> 46481 | BJ12: 0.04 | BK12: =BI12*BJ12 -> 1859.24 | BL12: 3057 | BO12: =Z12 -> 855 478 | BP12: =AT12 +(K12/AZ12*AX12) +((T12-V12-W12-X12)/T12*BA12) +(K12/AZ12*BB12) -> 16196.093 | BQ12: =((L12+M12+N12)/AZ12*AX12) +((V12+W12+X12)/T12*BA12) +((L12+M12+N12)/AZ12*BB12) -> 7736.2695 | BR12: =BP12+BQ12 -> 23932.362 | BS12: =BH12 -> E194CC-2009-1 | BT12: =P12*BJ12+BL12 -> 3060.2099 | BU12: =(Q12+R12+S12)*BJ12 -> 1856.0301 | BV12: =BT12+BU12 -> 4916.24
A13: 44135 | B13: 39.28 | C13: 100000 | D13: 0.006 | E13: 0.006 | G13: 4.431 | H13: 0.002 | I13: 0.00319 | J13: 67529 | K13: =J13-L13-M13-N13 -> 0 | L13: 12349 | M13: 55180 | O13: 70664 | P13: =O13-Q13-R13-S13 -> 2290.1166 | Q13: 12497.34 | R13: 55876.543 | T13: 8863 | U13: =T13-V13-W13-X13 -> 5452.4354 | V13: =22800*B13/1000 -> 895.584 | W13: =64027*B13/1000 -> 2514.9806 | Z13: 858 032 | AA13: 100000 | AF13: 7083.33 | AG13: =AB13*E12 -> 0 | AT13: =AF13+AG13+AL13 -> 7083.33 | AX13: 1998.71 | AY13: 3310 | AZ13: 67529 | BA13: =AY13*G13 -> 14666.61 | BB13: =AZ13*H13 -> 135.058 | BF13: =AX13+BA13+BB13 -> 16800.378 | BH13: E194CC-2010-1 | BI13: =SUM(P13:S13) -> 70664 | BJ13: 0.04 | BK13: =BI13*BJ13 -> 2826.56 | BL13: 3057 | BO13: =Z13 -> 858 032 | BP13: =AT13 +(K13/AZ13*AX13) +((T13-V13-W13-X13)/T13*BA13) +(K13/AZ13*BB13) -> 16106.093 | BQ13: =((L13+M13+N13)/AZ13*AX13) +((V13+W13+X13)/T13*BA13) +((L13+M13+N13)/AZ13*BB13) -> 7777.6155 | BR13: =BP13+BQ13 -> 23883.708 | BS13: =BH13 -> E194CC-2010-1 | BT13: =P13*BJ13+BL13 -> 3148.6047 | BU13: =(Q13+R13+S13)*BJ13 -> 2734.9553 | BV13: =BT13+BU13 -> 5883.56
A14: 44165 | B14: 39.28 | C14: 100000 | D14: 0.006 | E14: 0.006 | G14: 4.431 | H14: 0.002 | I14: 0.00764 | J14: 72432 | K14: =J14-L14-M14-N14 -> 4450 | L14: 10432 | M14: 57550 | O14: 69958 | P14: =O14-Q14-R14-S14 -> 2146.8722 | Q14: 10197.959 | R14: 57613.169 | T14: 8863 | U14: =T14-V14-W14-X14 -> 5452.4354 | V14: =22800*B14/1000 -> 895.584 | W14: =64027*B14/1000 -> 2514.9806 | Z14: 863 949 | AA14: 100000 | AB14: 1866 | AF14: 7083.33 | AG14: =AB14*E13 -> 11.196 | AI14: 12 | AT14: =AF14+AG14+AL14 -> 7094.526 | AX14: 1998.71 | AY14: 5531 | AZ14: 72432 | BA14: =AY14*G14 -> 24507.861 | BB14: =AZ14*H14 -> 144.864 | BF14: =AX14+BA14+BB14 -> 26651.435 | BH14: E194CC-2011-1 | BI14: =SUM(P14:S14) -> 69958 | BJ14: 0.04 | BK14: =BI14*BJ14 -> 2798.32 | BL14: 3057 | BO14: =Z14 -> 863 949 | BP14: =AT14 +(K14/AZ14*AX14) +((T14-V14-W14-X14)/T14*BA14) +(K14/AZ14*BB14) -> 22303.23 | BQ14: =((L14+M14+N14)/AZ14*AX14) +((V14+W14+X14)/T14*BA14) +((L14+M14+N14)/AZ14*BB14) -> 11442.731 | BR14: =BP14+BQ14 -> 33745.961 | BS14: =BH14 -> E194CC-2011-1 | BT14: =P14*BJ14+BL14 -> 3142.8749 | BU14: =(Q14+R14+S14)*BJ14 -> 2712.4451 | BV14: =BT14+BU14 -> 5855.32
A15: 44196 | B15: 39.28 | C15: 100000 | D15: 0.006 | E15: 0.006 | G15: 4.431 | H15: 0.002 | I15: 0.00764 | J15: 73390 | K15: =J15-L15-M15-N15 -> 0 | L15: 12157 | M15: 61233 | O15: 74104 | P15: =O15-Q15-R15-S15 -> 470.13368 | Q15: 12558.009 | R15: 61075.857 | T15: 8863 | U15: =T15-V15-W15-X15 -> 5452.4354 | V15: =22800*B15/1000 -> 895.584 | W15: =64027*B15/1000 -> 2514.9806 | Z15: 867 741 | AA15: 100000 | AF15: 7083.33 | AG15: =AB15*E14 -> 0 | AT15: =AF15+AG15+AL15 -> 7083.33 | AX15: 1998.71 | AY15: 8863 | AZ15: 73390 | BA15: =AY15*G15 -> 39271.953 | BB15: =AZ15*H15 -> 146.78 | BF15: =AX15+BA15+BB15 -> 41417.443 | BH15: E194CC-2012-1 | BI15: =SUM(P15:S15) -> 74104 | BJ15: 0.04 | BK15: =BI15*BJ15 -> 2964.16 | BL15: 3057 | BO15: =Z15 -> 867 741 | BP15: =AT15 +(K15/AZ15*AX15) +((T15-V15-W15-X15)/T15*BA15) +(K15/AZ15*BB15) -> 31243.071 | BQ15: =((L15+M15+N15)/AZ15*AX15) +((V15+W15+X15)/T15*BA15) +((L15+M15+N15)/AZ15*BB15) -> 17257.702 | BR15: =BP15+BQ15 -> 48500.773 | BS15: =BH15 -> E194CC-2012-1 | BT15: =P15*BJ15+BL15 -> 3075.8053 | BU15: =(Q15+R15+S15)*BJ15 -> 2945.3547 | BV15: =BT15+BU15 -> 6021.16
A16: 44227 | B16: 39.28 | C16: 100000 | D16: 0.006 | E16: 0.006 | G16: 4.506 | H16: 0.002 | I16: 0.00795 | J16: 77773 | K16: =J16-L16-M16-N16 -> 975 | L16: 15274 | M16: 61524 | O16: 78815 | P16: =O16-Q16-R16-S16 -> 1891.594 | Q16: 15424.725 | R16: 61498.681 | T16: 8863 | U16: =T16-V16-W16-X16 -> 5452.4354 | V16: =22800*B16/1000 -> 895.584 | W16: =64027*B16/1000 -> 2514.9806 | Z16: 876 030 | AA16: 100000 | AB16: 981 | AF16: 7083.33 | AG16: =AB16*E15 -> 5.886 | AI16: 6 | AS16: 253302 | AT16: =AF16+AG16+AL16+AS16 -> 260391.22 | AX16: 2032.69 | AY16: 8863 | AZ16: =SUM(K16:N16) -> 77773 | BA16: =AY16*G16 -> 39936.678 | BB16: =AZ16*H16 -> 155.546 | BC16: 615 | BF16: =AX16+BA16+BB16 -> 42124.914 | BH16: E194CC-2101-1 | BI16: =SUM(P16:S16) -> 78815 | BJ16: 0.04 | BK16: =BI16*BJ16 -> 3152.6 | BL16: 3057 | BO16: =Z16 -> 876 030 | BP16: =AT16 +(K16/AZ16*AX16) +((T16-V16-W16-X16)/T16*BA16) +(K16/AZ16*BB16) -> 284987.32 | BQ16: =((L16+M16+N16)/AZ16*AX16) +((V16+W16+X16)/T16*BA16) +((L16+M16+N16)/AZ16*BB16) -> 17528.807 | BR16: =BP16+BQ16 -> 302516.13 | BS16: =BH16 -> E194CC-2101-1 | BT16: =P16*BJ16+BL16 -> 3132.6638 | BU16: =(Q16+R16+S16)*BJ16 -> 3076.9362 | BV16: =BT16+BU16 -> 6209.6
A17: 44255 | B17: 39.28 | C17: 100000 | D17: 0.006 | E17: 0.006 | G17: 4.506 | H17: 0.002 | I17: 0.00795 | J17: 78963 | K17: =J17-L17-M17-N17 -> 4960 | L17: 16749 | M17: 57254 | O17: 78034 | P17: =O17-Q17-R17-S17 -> 4470.4363 | Q17: 16335.671 | R17: 57227.893 | T17: 8863 | U17: =T17-V17-W17-X17 -> 5452.4354 | V17: =22800*B17/1000 -> 895.584 | W17: =64027*B17/1000 -> 2514.9806 | Z17: 877 881 | AA17: 100000 | AB17: 20747 | AF17: 7083.33 | AG17: =AB17*E16 -> 124.482 | AI17: 121 | AS17: 47.25 | AT17: =AF17+AG17+AL17+AS17 -> 7255.062 | AX17: 2032.69 | AY17: 8863 | AZ17: =SUM(K17:N17) -> 78963 | BA17: =AY17*G17 -> 39936.678 | BB17: =AZ17*H17 -> 157.926 | BC17: 628 | BF17: =AX17+BA17+BB17 -> 42127.294 | BH17: E194CC-2102-1 | BI17: =SUM(P17:S17) -> 78034 | BJ17: 0.04 | BK17: =BI17*BJ17 -> 3121.36 | BL17: 3057 | BO17: =Z17 -> 877 881 | BP17: =AT17 +(K17/AZ17*AX17) +((T17-V17-W17-X17)/T17*BA17) +(K17/AZ17*BB17) -> 31961.338 | BQ17: =((L17+M17+N17)/AZ17*AX17) +((V17+W17+X17)/T17*BA17) +((L17+M17+N17)/AZ17*BB17) -> 17421.018 | BR17: =BP17+BQ17 -> 49382.356 | BS17: =BH17 -> E194CC-2102-1 | BT17: =P17*BJ17+BL17 -> 3235.8175 | BU17: =(Q17+R17+S17)*BJ17 -> 2942.5425 | BV17: =BT17+BU17 -> 6178.36
A18: 44256 | B18: 39.28 | C18: 100000 | D18: 0.006 | E18: 0.006 | G18: 4.506 | H18: 0.002 | I18: 0.00795 | J18: 84821 | K18: =J18-L18-M18-N18 -> 6540 | L18: 16278 | M18: 62003 | O18: 81798 | P18: =O18-Q18-R18-S18 -> 3805.451 | Q18: 16250.179 | R18: 61742.37 | T18: 8863 | U18: =T18-V18-W18-X18 -> 5452.4354 | V18: =22800*B18/1000 -> 895.584 | W18: =64027*B18/1000 -> 2514.9806 | Z18: 881 850 | AA18: 100000 | AB18: 6598 | AF18: 7083.33 | AG18: =AB18*E17 -> 39.588 | AI18: 35 | AT18: =AF18+AG18+AL18 -> 7122.918 | AX18: 2032.69 | AY18: 8863 | AZ18: =SUM(K18:N18) -> 84821 | BA18: =AY18*G18 -> 39936.678 | BB18: =AZ18*H18 -> 169.642 | BC18: 674 | BF18: =AX18+BA18+BB18 -> 42139.01 | BH18: E194CC-2103-1 | BI18: =SUM(P18:S18) -> 81798 | BJ18: 0.04 | BK18: =BI18*BJ18 -> 3271.92 | BL18: 3057 | BO18: =Z18 -> 881 850 | BP18: =AT18 +(K18/AZ18*AX18) +((T18-V18-W18-X18)/T18*BA18) +(K18/AZ18*BB18) -> 31861.4 | BQ18: =((L18+M18+N18)/AZ18*AX18) +((V18+W18+X18)/T18*BA18) +((L18+M18+N18)/AZ18*BB18) -> 17400.528 | BR18: =BP18+BQ18 -> 49261.928 | BS18: =BH18 -> E194CC-2103-1 | BT18: =P18*BJ18+BL18 -> 3209.218 | BU18: =(Q18+R18+S18)*BJ18 -> 3119.702 | BV18: =BT18+BU18 -> 6328.92
A19: 44287 | B19: 39.32 | C19: 100000 | D19: 0.006 | E19: 0.006 | G19: 4.506 | H19: 0.003 | I19: 0.00333 | J19: 71004 | K19: =J19-L19-M19-N19 -> 0 | L19: 14404 | M19: 56600 | O19: 73761 | P19: =O19-Q19-R19-S19 -> 2335.9099 | Q19: 14576.265 | R19: 56848.825 | T19: 8863 | U19: =T19-V19-W19-X19 -> 5448.9624 | V19: =22800*B19/1000 -> 896.496 | W19: =64027*B19/1000 -> 2517.5416 | Z19: 887 240 | AA19: 100000 | AF19: 7083.33 | AG19: =AB19*E18 -> 0 | AT19: =AF19+AG19+AL19 -> 7083.33 | AX19: 2032.69 | AY19: 8863 | AZ19: =SUM(K19:N19) -> 71004 | BA19: =AY19*G19 -> 39936.678 | BB19: =AZ19*H19 -> 213.012 | BC19: 241 | BF19: =AX19+BA19+BB19 -> 42182.38 | BH19: E194CC-2104-1 | BI19: =SUM(P19:S19) -> 73761 | BJ19: 0.04 | BK19: =BI19*BJ19 -> 2950.44 | BL19: 3057 | BO19: =Z19 -> 887 240 | BP19: =AT19 +(K19/AZ19*AX19) +((T19-V19-W19-X19)/T19*BA19) +(K19/AZ19*BB19) -> 31636.354 | BQ19: =((L19+M19+N19)/AZ19*AX19) +((V19+W19+X19)/T19*BA19) +((L19+M19+N19)/AZ19*BB19) -> 17629.356 | BR19: =BP19+BQ19 -> 49265.71 | BS19: =BH19 -> E194CC-2104-1 | BT19: =P19*BJ19+BL19 -> 3150.4364 | BU19: =(Q19+R19+S19)*BJ19 -> 2857.0036 | BV19: =BT19+BU19 -> 6007.44
A20: 44317 | B20: 39.32 | C20: 100000 | D20: 0.006 | E20: 0.006 | G20: 4.506 | H20: 0.003 | I20: 0.00333 | J20: 66504 | K20: =J20-L20-M20-N20 -> 0 | L20: 13436 | M20: 53068 | O20: 67094 | P20: =O20-Q20-R20-S20 -> 1492.2389 | Q20: 52613.428 | R20: 12988.333 | T20: 8863 | U20: =T20-V20-W20-X20 -> 5448.9624 | V20: =22800*B20/1000 -> 896.496 | W20: =64027*B20/1000 -> 2517.5416 | Z20: 889 724 | AA20: 100000 | AB20: 13485 | AF20: 7083.33 | AG20: =AB20*E19 -> 80.91 | AT20: =AF20+AG20+AL20 -> 7164.24 | AX20: 2032.69 | AY20: 8863 | AZ20: =SUM(K20:N20) -> 66504 | BA20: =AY20*G20 -> 39936.678 | BB20: =AZ20*H20 -> 199.512 | BC20: 210 | BF20: =AX20+BA20+BB20 -> 42168.88 | BH20: E194CC-2105-1 | BI20: =SUM(P20:S20) -> 67094 | BJ20: 0.04 | BK20: =BI20*BJ20 -> 2683.76 | BL20: 3057 | BO20: =Z20 -> 889 724 | BP20: =AT20 +(K20/AZ20*AX20) +((T20-V20-W20-X20)/T20*BA20) +(K20/AZ20*BB20) -> 31717.264 | BQ20: =((L20+M20+N20)/AZ20*AX20) +((V20+W20+X20)/T20*BA20) +((L20+M20+N20)/AZ20*BB20) -> 17615.856 | BR20: =BP20+BQ20 -> 49333.12 | BS20: =BH20 -> E194CC-2105-1 | BT20: =P20*BJ20+BL20 -> 3116.6896 | BU20: =(Q20+R20+S20)*BJ20 -> 2624.0704 | BV20: =BT20+BU20 -> 5740.76
A21: 44348 | B21: 39.32 | C21: 100000 | D21: 0.006 | E21: 0.006 | G21: 4.506 | H21: 0.003 | I21: 0.00333 | J21: 47183 | K21: =J21-L21-M21-N21 -> 0 | L21: 9700 | M21: 37483 | O21: 48234 | P21: =O21-Q21-R21-S21 -> 11.600029 | Q21: 10280.942 | R21: 37941.458 | T21: 8863 | U21: =T21-V21-W21-X21 -> 5448.9624 | V21: =22800*B21/1000 -> 896.496 | W21: =64027*B21/1000 -> 2517.5416 | Z21: 895 037 | AA21: 100000 | AB21: 14370 | AF21: 7083.33 | AG21: =AB21*E20 -> 86.22 | AI21: 90 | AT21: =AF21+AG21+AL21 -> 7169.55 | AX21: 2032.69 | AY21: 8863 | AZ21: =SUM(K21:N21) -> 47183 | BA21: =AY21*G21 -> 39936.678 | BB21: =AZ21*H21 -> 141.549 | BC21: 150 | BF21: =AX21+BA21+BB21 -> 42110.917 | BH21: E194CC-2106-1 | BI21: =SUM(P21:S21) -> 48234 | BJ21: 0.04 | BK21: =BI21*BJ21 -> 1929.36 | BL21: 3057 | BO21: =Z21 -> 895 037 | BP21: =AT21 +(K21/AZ21*AX21) +((T21-V21-W21-X21)/T21*BA21) +(K21/AZ21*BB21) -> 31722.574 | BQ21: =((L21+M21+N21)/AZ21*AX21) +((V21+W21+X21)/T21*BA21) +((L21+M21+N21)/AZ21*BB21) -> 17557.893 | BR21: =BP21+BQ21 -> 49280.467 | BS21: =BH21 -> E194CC-2106-1 | BT21: =P21*BJ21+BL21 -> 3057.464 | BU21: =(Q21+R21+S21)*BJ21 -> 1928.896 | BV21: =BT21+BU21 -> 4986.36
A22: 44378 | B22: 39.32 | C22: 100000 | D22: 0.006 | E22: 0.006 | G22: 4.506 | H22: 0.003 | I22: 0.00333 | J22: 52414 | K22: =J22-L22-M22-N22 -> 0 | L22: 12487 | M22: 39927 | O22: 52925 | P22: =O22-Q22-R22-S22 -> 503.53758 | Q22: 12462.496 | R22: 39958.966 | T22: 8863 | U22: =T22-V22-W22-X22 -> 5448.9624 | V22: =22800*B22/1000 -> 896.496 | W22: =64027*B22/1000 -> 2517.5416 | Z22: 899 099 | AA22: 100000 | AF22: 7083.33 | AG22: =AB22*E21 -> 0 | AT22: =AF22+AG22+AL22 -> 7083.33 | AX22: 2032.69 | AY22: 8863 | AZ22: =SUM(K22:N22) -> 52414 | BA22: =AY22*G22 -> 39936.678 | BB22: =AZ22*H22 -> 157.242 | BC22: 161 | BF22: =AX22+BA22+BB22 -> 42126.61 | BH22: E194CC-2107-1 | BI22: =SUM(P22:S22) -> 52925 | BJ22: 0.04 | BK22: =BI22*BJ22 -> 2117 | BL22: 3057 | BO22: =Z22 -> 899 099 | BP22: =AT22 +(K22/AZ22*AX22) +((T22-V22-W22-X22)/T22*BA22) +(K22/AZ22*BB22) -> 31636.354 | BQ22: =((L22+M22+N22)/AZ22*AX22) +((V22+W22+X22)/T22*BA22) +((L22+M22+N22)/AZ22*BB22) -> 17573.586 | BR22: =BP22+BQ22 -> 49209.94 | BS22: =BH22 -> E194CC-2107-1 | BT22: =P22*BJ22+BL22 -> 3077.1415 | BU22: =(Q22+R22+S22)*BJ22 -> 2096.8585 | BV22: =BT22+BU22 -> 5174
A23: 44409 | B23: 39.32 | C23: 100000 | D23: 0.006 | E23: 0.006 | G23: 4.506 | H23: 0.003 | I23: 0.00333 | J23: 50715 | K23: =J23-L23-M23-N23 -> 500 | L23: 12905 | M23: 37310 | O23: 50379 | P23: =O23-Q23-R23-S23 -> 448.32774 | Q23: 12694.078 | R23: 37236.594 | T23: 8863 | U23: =T23-V23-W23-X23 -> 5448.9624 | V23: =22800*B23/1000 -> 896.496 | W23: =64027*B23/1000 -> 2517.5416 | Z23: 905 664 | AA23: 100000 | AD23: 502 | AF23: 7083.33 | AG23: =AB23*E22 -> 0 | AL23: =AD23*E23 -> 3.012 | AM23: =AE23*F23 -> 0 | AT23: =AF23+AG23+AL23 -> 7086.342 | AX23: 2032.69 | AY23: 8863 | AZ23: =SUM(K23:N23) -> 50715 | BA23: =AY23*G23 -> 39936.678 | BB23: =AZ23*H23 -> 152.145 | BC23: 156 | BF23: =AX23+BA23+BB23 -> 42121.513 | BH23: E194CC-2108-1 | BI23: =SUM(P23:S23) -> 50379 | BJ23: 0.04 | BK23: =BI23*BJ23 -> 2015.16 | BL23: 3078.4 | BO23: =Z23 -> 905 664 | BP23: =AT23 +(K23/AZ23*AX23) +((T23-V23-W23-X23)/T23*BA23) +(K23/AZ23*BB23) -> 31660.907 | BQ23: =((L23+M23+N23)/AZ23*AX23) +((V23+W23+X23)/T23*BA23) +((L23+M23+N23)/AZ23*BB23) -> 17546.948 | BR23: =BP23+BQ23 -> 49207.855 | BS23: =BH23 -> E194CC-2108-1 | BT23: =P23*BJ23+BL23 -> 3096.3331 | BU23: =(Q23+R23+S23)*BJ23 -> 1997.2269 | BV23: =BT23+BU23 -> 5093.56
A24: 44440 | B24: 39.32 | C24: 100000 | D24: 0.006 | E24: 0.006 | G24: 4.506 | H24: 0.003 | I24: 0.00333 | J24: 45090 | K24: =J24-L24-M24-N24 -> 1395 | L24: 11800 | M24: 31895 | O24: 44774 | P24: =O24-Q24-R24-S24 -> 1374.7005 | Q24: 11794.369 | R24: 31604.931 | T24: 8863 | U24: =T24-V24-W24-X24 -> 5448.9624 | V24: =22800*B24/1000 -> 896.496 | W24: =64027*B24/1000 -> 2517.5416 | Z24: 912 435 | AA24: 100000 | AB24: 3000 | AF24: 7083.33 | AG24: =AB24*E23 -> 18 | AL24: =AD24*E24 -> 0 | AM24: =AE24*F24 -> 0 | AT24: =AF24+AG24+AL24 -> 7101.33 | AX24: 2032.69 | AY24: 8863 | AZ24: =SUM(K24:N24) -> 45090 | BA24: =AY24*G24 -> 39936.678 | BB24: =AZ24*H24 -> 135.27 | BC24: 135 | BF24: =AX24+BA24+BB24 -> 42104.638 | BH24: E194CC-2109-1 | BI24: =SUM(P24:S24) -> 44774 | BJ24: 0.04 | BK24: =BI24*BJ24 -> 1790.96 | BL24: 3078.4 | BO24: =Z24 -> 912 435 | BP24: =AT24 +(K24/AZ24*AX24) +((T24-V24-W24-X24)/T24*BA24) +(K24/AZ24*BB24) -> 31721.427 | BQ24: =((L24+M24+N24)/AZ24*AX24) +((V24+W24+X24)/T24*BA24) +((L24+M24+N24)/AZ24*BB24) -> 17484.541 | BR24: =BP24+BQ24 -> 49205.968 | BS24: =BH24 -> E194CC-2109-1 | BT24: =P24*BJ24+BL24 -> 3133.388 | BU24: =(Q24+R24+S24)*BJ24 -> 1735.972 | BV24: =BT24+BU24 -> 4869.36
A25: 44470 | B25: 39.32 | C25: 100000 | D25: 0.006 | E25: 0.006 | G25: 4.506 | H25: 0.003 | I25: 0.00333 | J25: 73924 | K25: =J25-L25-M25-N25 -> 6455 | L25: 14469 | M25: 53000 | O25: 73026 | P25: =O25-Q25-R25-S25 -> 5756.2252 | Q25: 14490.953 | R25: 52778.822 | T25: 8863 | U25: =T25-V25-W25-X25 -> 5448.9624 | V25: =22800*B25/1000 -> 896.496 | W25: =64027*B25/1000 -> 2517.5416 | Z25: 918 530 | AA25: 100000 | AF25: 7083.33 | AG25: =AB25*E24 -> 0 | AL25: =AD25*E25 -> 0 | AM25: =AE25*F25 -> 0 | AT25: =AF25+AG25+AL25 -> 7083.33 | AX25: 2032.69 | AY25: 8863 | AZ25: =SUM(K25:N25) -> 73924 | BA25: =AY25*G25 -> 39936.678 | BB25: =AZ25*H25 -> 221.772 | BC25: 251 | BF25: =AX25+BA25+BB25 -> 42191.14 | BH25: E194CC-2110-1 | BI25: =SUM(P25:S25) -> 73026 | BJ25: 0.04 | BK25: =BI25*BJ25 -> 2921.04 | BL25: 3078.4 | BO25: =Z25 -> 918 530 | BP25: =AT25 +(K25/AZ25*AX25) +((T25-V25-W25-X25)/T25*BA25) +(K25/AZ25*BB25) -> 31833.213 | BQ25: =((L25+M25+N25)/AZ25*AX25) +((V25+W25+X25)/T25*BA25) +((L25+M25+N25)/AZ25*BB25) -> 17441.257 | BR25: =BP25+BQ25 -> 49274.47 | BS25: =BH25 -> E194CC-2110-1 | BT25: =P25*BJ25+BL25 -> 3308.649 | BU25: =(Q25+R25+S25)*BJ25 -> 2690.791 | BV25: =BT25+BU25 -> 5999.44
A26: 44501 | B26: 39.32 | C26: 100000 | D26: 0.006 | E26: 0.006 | G26: 4.506 | H26: 0.003 | I26: 0.00795 | J26: 91082 | K26: =J26-L26-M26-N26 -> 17204 | L26: 14991 | M26: 58723 | N26: 164 | O26: 90014 | P26: =O26-Q26-R26-S26 -> 16121.505 | Q26: 14932.778 | R26: 58959.717 | T26: 8863 | U26: =T26-V26-W26-X26 -> 5448.9624 | V26: =22800*B26/1000 -> 896.496 | W26: =64027*B26/1000 -> 2517.5416 | Z26: 923 433 | AA26: 100000 | AD26: 8700 | AF26: 7083.33 | AG26: =AB26*E25 -> 0 | AL26: =AD26*E26 -> 52.2 | AM26: =AE26*F26 -> 0 | AT26: =AF26+AG26+AL26 -> 7135.53 | AX26: 2032.69 | AY26: 8863 | AZ26: =SUM(K26:N26) -> 91082 | BA26: =AY26*G26 -> 39936.678 | BB26: =AZ26*H26 -> 273.246 | BC26: 739 | BF26: =AX26+BA26+BB26 -> 42242.614 | BH26: E194CC-2111-1 | BI26: =SUM(P26:S26) -> 90014 | BJ26: 0.04 | BK26: =BI26*BJ26 -> 3600.56 | BL26: 3078.4 | BO26: =Z26 -> 923 433 | BP26: =AT26 +(K26/AZ26*AX26) +((T26-V26-W26-X26)/T26*BA26) +(K26/AZ26*BB26) -> 32124.111 | BQ26: =((L26+M26+N26)/AZ26*AX26) +((V26+W26+X26)/T26*BA26) +((L26+M26+N26)/AZ26*BB26) -> 17254.033 | BR26: =BP26+BQ26 -> 49378.144 | BS26: =BH26 -> E194CC-2111-1 | BT26: =P26*BJ26+BL26 -> 3723.2602 | BU26: =(Q26+R26+S26)*BJ26 -> 2955.6998 | BV26: =BT26+BU26 -> 6678.96
A27: 44531 | B27: 39.32 | C27: 100000 | D27: 0.006 | E27: 0.006 | G27: 4.506 | H27: 0.003 | I27: 0.00795 | J27: 99487 | K27: =J27-L27-M27-N27 -> 18776 | L27: 16049 | M27: 62849 | N27: 1813 | O27: 98534 | P27: =O27-Q27-R27-S27 -> 18052.221 | Q27: 16242.069 | R27: 62482.737 | S27: 1756.9735 | T27: 8863 | U27: =T27-V27-W27-X27 -> 5285.7474 | V27: =22800*B27/1000 -> 896.496 | W27: =64027*B27/1000 -> 2517.5416 | X27: =229.984662576687/31*22 -> 163.21492 | Z27: 929 292 | AA27: 100000 | AD27: 14275 | AF27: 7083.33 | AG27: =AB27*E26 -> 0 | AL27: =AD27*E27 -> 85.65 | AM27: =AE27*F27 -> 0 | AT27: =AF27+AG27+AL27 -> 7168.98 | AX27: 2032.69 | AY27: 8863 | AZ27: =SUM(K27:N27) -> 99487 | BA27: =AY27*G27 -> 39936.678 | BB27: =AZ27*H27 -> 298.461 | BC27: 792 | BF27: =AX27+BA27+BB27 -> 42267.829 | BH27: E194CC-2112-1 | BI27: =SUM(P27:S27) -> 98534 | BJ27: 0.04 | BK27: =BI27*BJ27 -> 3941.36 | BL27: 3078.4 | BO27: =Z27 -> 929 292 | BP27: =AT27 +(K27/AZ27*AX27) +((T27-V27-W27-X27)/T27*BA27) +(K27/AZ27*BB27) -> 31426.512 | BQ27: =((L27+M27+N27)/AZ27*AX27) +((V27+W27+X27)/T27*BA27) +((L27+M27+N27)/AZ27*BB27) -> 18010.297 | BR27: =BP27+BQ27 -> 49436.809 | BS27: =BH27 -> E194CC-2112-1 | BT27: =P27*BJ27+BL27 -> 3800.4888 | BU27: =(Q27+R27+S27)*BJ27 -> 3219.2712 | BV27: =BT27+BU27 -> 7019.76
A28: 44562 | B28: 39.32 | C28: 100000 | D28: 0.006 | E28: 0.006 | G28: 4.569 | H28: 0.003 | I28: 0.00806 | J28: 119112 | K28: =J28-L28-M28-N28 -> 28320 | L28: 19054 | M28: 68483 | N28: 3255 | O28: 119270 | P28: =O28-Q28-R28-S28 -> 28301.555 | Q28: 18980.505 | R28: 68582.559 | S28: 3405.3824 | T28: 8863 | U28: =T28-V28-W28-X28 -> 5095.2003 | V28: =22800*B28/1000 -> 896.496 | W28: =64027*B28/1000 -> 2517.5416 | X28: =8997*B28/1000 -> 353.76204 | Z28: 936 129 | AA28: 100000 | AD28: 23900 | AF28: 7083.33 | AG28: =AB28*E27 -> 0 | AL28: =AD28*E28 -> 143.4 | AM28: =AE28*F28 -> 0 | AT28: =AF28+AG28+AL28 -> 7226.73 | AX28: 2061.15 | AY28: 8863 | AZ28: =SUM(K28:N28) -> 119112 | BA28: =AY28*G28 -> 40495.047 | BB28: =AZ28*H28 -> 357.336 | BC28: 971 | BF28: =AX28+BA28+BB28 -> 42913.533 | BH28: E194CC-2201-1 | BI28: =SUM(P28:S28) -> 119270 | BJ28: 0.04 | BK28: =BI28*BJ28 -> 4770.8 | BL28: 3078.4 | BO28: =Z28 -> 936 129 | BP28: =AT28 +(K28/AZ28*AX28) +((T28-V28-W28-X28)/T28*BA28) +(K28/AZ28*BB28) -> 31081.718 | BQ28: =((L28+M28+N28)/AZ28*AX28) +((V28+W28+X28)/T28*BA28) +((L28+M28+N28)/AZ28*BB28) -> 19058.545 | BR28: =BP28+BQ28 -> 50140.263 | BS28: =BH28 -> E194CC-2201-1 | BT28: =P28*BJ28+BL28 -> 4210.4622 | BU28: =(Q28+R28+S28)*BJ28 -> 3638.7378 | BV28: =BT28+BU28 -> 7849.2
A29: 44593 | B29: 39.32 | C29: 100000 | D29: 0.006 | E29: 0.006 | G29: 4.569 | H29: 0.003 | I29: 0.00806 | J29: 101645 | K29: =J29-L29-M29-N29 -> 23658 | L29: 15894 | M29: 59350 | N29: 2743 | O29: 101440 | P29: =O29-Q29-R29-S29 -> 23689.065 | Q29: 15803.624 | R29: 59342.869 | S29: 2604.4417 | T29: 8863 | U29: =T29-V29-W29-X29 -> 5095.2003 | V29: =22800*B29/1000 -> 896.496 | W29: =64027*B29/1000 -> 2517.5416 | X29: =8997*B29/1000 -> 353.76204 | Z29: 942 995 | AA29: 100000 | AD29: 19650 | AF29: 7083.33 | AG29: =AB29*E28 -> 0 | AL29: =AD29*E29 -> 117.9 | AM29: =AE29*F29 -> 0 | AT29: =AF29+AG29+AL29 -> 7201.23 | AX29: 2061.15 | AY29: 8863 | AZ29: =SUM(K29:N29) -> 101645 | BA29: =AY29*G29 -> 40495.047 | BB29: =AZ29*H29 -> 304.935 | BC29: 833 | BF29: =AX29+BA29+BB29 -> 42861.132 | BH29: E194CC-2202-1 | BI29: =SUM(P29:S29) -> 101440 | BJ29: 0.04 | BK29: =BI29*BJ29 -> 4057.6 | BL29: 3078.4 | BO29: =Z29 -> 942 995 | BP29: =AT29 +(K29/AZ29*AX29) +((T29-V29-W29-X29)/T29*BA29) +(K29/AZ29*BB29) -> 31031.909 | BQ29: =((L29+M29+N29)/AZ29*AX29) +((V29+W29+X29)/T29*BA29) +((L29+M29+N29)/AZ29*BB29) -> 19030.453 | BR29: =BP29+BQ29 -> 50062.362 | BS29: =BH29 -> E194CC-2202-1 | BT29: =P29*BJ29+BL29 -> 4025.9626 | BU29: =(Q29+R29+S29)*BJ29 -> 3110.0374 | BV29: =BT29+BU29 -> 7136
A30: 44621 | B30: 39.32 | C30: 100000 | D30: 0.006 | E30: 0.006 | G30: 4.569 | H30: 0.003 | I30: 0.00806 | J30: 102096 | K30: =J30-L30-M30-N30 -> 20933 | L30: 15295 | M30: 63750 | N30: 2118 | O30: 102676 | P30: =O30-Q30-R30-S30 -> 20982.119 | Q30: 15557.343 | R30: 63871.084 | S30: 2265.4544 | T30: 8863 | U30: =T30-V30-W30-X30 -> 5095.2003 | V30: =22800*B30/1000 -> 896.496 | W30: =64027*B30/1000 -> 2517.5416 | X30: =8997*B30/1000 -> 353.76204 | Z30: 947 909 | AA30: 100000 | AD30: 16450 | AF30: 7083.33 | AG30: =AB30*E29 -> 0 | AL30: =AD30*E30 -> 98.7 | AM30: =AE30*F30 -> 0 | AT30: =AF30+AG30+AL30 -> 7182.03 | AX30: 2061.15 | AY30: 8863 | AZ30: =SUM(K30:N30) -> 102096 | BA30: =AY30*G30 -> 40495.047 | BB30: =AZ30*H30 -> 306.288 | BC30: 818 | BF30: =AX30+BA30+BB30 -> 42862.485 | BH30: E194CC-2203-1 | BI30: =SUM(P30:S30) -> 102676 | BJ30: 0.04 | BK30: =BI30*BJ30 -> 4107.04 | BL30: 3078.4 | BO30: =Z30 -> 947 909 | BP30: =AT30 +(K30/AZ30*AX30) +((T30-V30-W30-X30)/T30*BA30) +(K30/AZ30*BB30) -> 30947.402 | BQ30: =((L30+M30+N30)/AZ30*AX30) +((V30+W30+X30)/T30*BA30) +((L30+M30+N30)/AZ30*BB30) -> 19097.113 | BR30: =BP30+BQ30 -> 50044.515 | BS30: =BH30 -> E194CC-2203-1 | BT30: =P30*BJ30+BL30 -> 3917.6848 | BU30: =(Q30+R30+S30)*BJ30 -> 3267.7552 | BV30: =BT30+BU30 -> 7185.44
A31: 44652 | B31: 39.12 | C31: 100000 | D31: 0.006 | E31: 0.006 | G31: 4.569 | H31: 0.004 | I31: 0.00337 | J31: 85994 | K31: =J31-L31-M31-N31 -> 11163 | L31: 14166 | M31: 59005 | N31: 1660 | O31: 86975 | P31: =O31-Q31-R31-S31 -> 12842.254 | Q31: 13675.888 | R31: 58849.899 | S31: 1606.9593 | T31: 8863 | U31: =T31-V31-W31-X31 -> 5114.3651 | V31: =22800*B31/1000 -> 891.936 | W31: =64027*B31/1000 -> 2504.7362 | X31: =8997*B31/1000 -> 351.96264 | Z31: 958 598 | AA31: 100000 | AB31: 598 | AD31: 2775 | AF31: 7083.33 | AG31: =AB31*E30 -> 3.588 | AI31: 4 | AL31: =AD31*E31 -> 16.65 | AM31: =AE31*F31 -> 0 | AN31: 14 | AT31: =AF31+AL31+AG31+AM31 -> 7103.568 | AX31: 2061.15 | AY31: 8863 | AZ31: =SUM(K31:N31) -> 85994 | BA31: =AY31*G31 -> 40495.047 | BB31: =AZ31*H31 -> 343.976 | BC31: 289 | BF31: =AX31+BA31+BB31 -> 42900.173 | BH31: E194CC-2204-1 | BI31: =SUM(P31:S31) -> 86975 | BJ31: 0.04 | BK31: =BI31*BJ31 -> 3479 | BL31: 3078.4 | BO31: =Z31 -> 958 598 | BP31: =AT31 +(K31/AZ31*AX31) +((T31-V31-W31-X31)/T31*BA31) +(K31/AZ31*BB31) -> 30783.315 | BQ31: =((L31+M31+N31)/AZ31*AX31) +((V31+W31+X31)/T31*BA31) +((L31+M31+N31)/AZ31*BB31) -> 19220.426 | BR31: =BP31+BQ31 -> 50003.741 | BS31: =BH31 -> E194CC-2204-1 | BT31: =P31*BJ31+BL31 -> 3592.0902 | BU31: =(Q31+R31+S31)*BJ31 -> 2965.3098 | BV31: =BT31+BU31 -> 6557.4
A32: 44682 | B32: 39.12 | C32: 100000 | D32: 0.006 | E32: 0.006 | G32: 4.569 | H32: 0.004 | I32: 0.00337 | J32: 76025 | K32: =J32-L32-M32-N32 -> 5476 | L32: 11359 | M32: 58400 | N32: 790 | O32: 74727 | P32: =O32-Q32-R32-S32 -> 4241.2237 | Q32: 11554.015 | R32: 58143.712 | S32: 788.04932 | T32: 8863 | U32: =T32-V32-W32-X32 -> 5114.3651 | V32: =22800*B32/1000 -> 891.936 | W32: =64027*B32/1000 -> 2504.7362 | X32: =8997*B32/1000 -> 351.96264 | Z32: 961 359 | AA32: 100000 | AB32: 23250 | AC32: 2088 | AF32: 7083.33 | AG32: =AB32*E31 -> 139.5 | AH32: =AC32*0.041 -> 85.608 | AI32: 155 | AJ32: 7 | AL32: =AD32*E32 -> 0 | AM32: =AE32*F32 -> 0 | AT32: =AF32+AL32+AG32+AM32 -> 7222.83 | AX32: 2061.15 | AY32: 8863 | AZ32: =SUM(K32:N32) -> 76025 | BA32: =AY32*G32 -> 40495.047 | BB32: =AZ32*H32 -> 304.1 | BC32: 252 | BF32: =AX32+BA32+BB32 -> 42860.297 | BH32: E194CC-2205-1 | BI32: =SUM(P32:S32) -> 74727 | BJ32: 0.04 | BK32: =BI32*BJ32 -> 2989.08 | BL32: 3078.4 | BO32: =Z32 -> 961 359 | BP32: =AT32 +(K32/AZ32*AX32) +((T32-V32-W32-X32)/T32*BA32) +(K32/AZ32*BB32) -> 30760.731 | BQ32: =((L32+M32+N32)/AZ32*AX32) +((V32+W32+X32)/T32*BA32) +((L32+M32+N32)/AZ32*BB32) -> 19322.396 | BR32: =BP32+BQ32 -> 50083.127 | BS32: =BH32 -> E194CC-2205-1 | BT32: =P32*BJ32+BL32 -> 3248.0489 | BU32: =(Q32+R32+S32)*BJ32 -> 2819.4311 | BV32: =BT32+BU32 -> 6067.48
A33: 44713 | B33: 39.12 | C33: 100000 | D33: 0.006 | E33: 0.006 | G33: 4.569 | H33: 0.004 | I33: 0.00337 | J33: 52124 | K33: =J33-L33-M33-N33 -> 1500 | L33: 11314 | M33: 38650 | N33: 660 | O33: 53245 | P33: =O33-Q33-R33-S33 -> 2023.9986 | Q33: 11464.74 | R33: 39067.407 | S33: 688.8543 | T33: 8863 | U33: =T33-V33-W33-X33 -> 5114.3651 | V33: =22800*B33/1000 -> 891.936 | W33: =64027*B33/1000 -> 2504.7362 | X33: =8997*B33/1000 -> 351.96264 | Z33: 964 935 | AA33: 100000 | AB33: 19470 | AF33: 7083.33 | AG33: =AB33*E32 -> 116.82 | AL33: =AD33*E33 -> 0 | AM33: =AE33*F33 -> 0 | AT33: =AF33+AL33+AG33+AM33 -> 7200.15 | AX33: 2061.15 | AY33: 8863 | AZ33: =SUM(K33:N33) -> 52124 | BA33: =AY33*G33 -> 40495.047 | BB33: =AZ33*H33 -> 208.496 | BC33: 163 | BF33: =AX33+BA33+BB33 -> 42764.693 | BH33: E194CC-2206-1 | BI33: =SUM(P33:S33) -> 53245 | BJ33: 0.04 | BK33: =BI33*BJ33 -> 2129.8 | BL33: 3078.4 | BO33: =Z33 -> 964 935 | BP33: =AT33 +(K33/AZ33*AX33) +((T33-V33-W33-X33)/T33*BA33) +(K33/AZ33*BB33) -> 30632.999 | BQ33: =((L33+M33+N33)/AZ33*AX33) +((V33+W33+X33)/T33*BA33) +((L33+M33+N33)/AZ33*BB33) -> 19331.844 | BR33: =BP33+BQ33 -> 49964.843 | BS33: =BH33 -> E194CC-2206-1 | BT33: =P33*BJ33+BL33 -> 3159.3599 | BU33: =(Q33+R33+S33)*BJ33 -> 2048.8401 | BV33: =BT33+BU33 -> 5208.2
A34: 44743 | B34: 39.12 | C34: 100000 | D34: 0.006 | E34: 0.006 | G34: 4.569 | H34: 0.004 | I34: 0.00337 | J34: 52262 | K34: =J34-L34-M34-N34 -> 775 | L34: 11877 | M34: 39020 | N34: 590 | O34: 53859 | P34: =O34-Q34-R34-S34 -> 3078.8653 | Q34: 11686.275 | R34: 38538.367 | S34: 555.49211 | T34: 8863 | U34: =T34-V34-W34-X34 -> 5114.3651 | V34: =22800*B34/1000 -> 891.936 | W34: =64027*B34/1000 -> 2504.7362 | X34: =8997*B34/1000 -> 351.96264 | Z34: 971 955 | AA34: 100000 | AB34: 13919 | AF34: 7083.33 | AG34: =AB34*E33 -> 83.514 | AL34: =AD34*E34 -> 0 | AM34: =AE34*F34 -> 0 | AT34: =AF34+AL34+AG34+AM34 -> 7166.844 | AX34: 2061.15 | AY34: 8863 | AZ34: =SUM(K34:N34) -> 52262 | BA34: =AY34*G34 -> 40495.047 | BB34: =AZ34*H34 -> 209.048 | BC34: 156 | BF34: =AX34+BA34+BB34 -> 42765.245 | BH34: E194CC-2207-1 | BI34: =SUM(P34:S34) -> 53859 | BJ34: 0.04 | BK34: =BI34*BJ34 -> 2154.36 | BL34: 3078.4 | BO34: =Z34 -> 971 955 | BP34: =AT34 +(K34/AZ34*AX34) +((T34-V34-W34-X34)/T34*BA34) +(K34/AZ34*BB34) -> 30568.043 | BQ34: =((L34+M34+N34)/AZ34*AX34) +((V34+W34+X34)/T34*BA34) +((L34+M34+N34)/AZ34*BB34) -> 19364.046 | BR34: =BP34+BQ34 -> 49932.089 | BS34: =BH34 -> E194CC-2207-1 | BT34: =P34*BJ34+BL34 -> 3201.5546 | BU34: =(Q34+R34+S34)*BJ34 -> 2031.2054 | BV34: =BT34+BU34 -> 5232.76
A35: 44774 | B35: 39.12 | C35: 100000 | D35: 0.006 | E35: 0.006 | G35: 4.569 | H35: 0.004 | I35: 0.00337 | J35: 56427 | K35: =J35-L35-M35-N35 -> 4073 | L35: 13384 | M35: 38270 | N35: 700 | O35: 56190 | P35: =O35-Q35-R35-S35 -> 3185.6926 | Q35: 13686.708 | R35: 38581.352 | S35: 736.24748 | T35: 8863 | U35: =T35-V35-W35-X35 -> 5114.3651 | V35: =22800*B35/1000 -> 891.936 | W35: =64027*B35/1000 -> 2504.7362 | X35: =8997*B35/1000 -> 351.96264 | Z35: 977 916 | AA35: =C35 -> 100000 | AB35: 13670 | AF35: 7083.33 | AG35: =AB35*E34 -> 82.02 | AI35: 91 | AL35: =AD35*E35 -> 0 | AM35: =AE35*F35 -> 0 | AT35: =AF35+AL35+AG35+AM35 -> 7165.35 | AX35: 2061.15 | AY35: =T35 -> 8863 | AZ35: =SUM(K35:N35) -> 56427 | BA35: =AY35*G35 -> 40495.047 | BB35: =AZ35*H35 -> 225.708 | BC35: 176 | BF35: =AX35+BA35+BB35 -> 42781.905 | BH35: E194CC-2208-1 | BI35: =SUM(P35:S35) -> 56190 | BJ35: 0.04 | BK35: =BI35*BJ35 -> 2247.6 | BL35: 3183.07 | BO35: =Z35 -> 977 916 | BP35: =AT35 +(K35/AZ35*AX35) +((T35-V35-W35-X35)/T35*BA35) +(K35/AZ35*BB35) -> 30697.954 | BQ35: =((L35+M35+N35)/AZ35*AX35) +((V35+W35+X35)/T35*BA35) +((L35+M35+N35)/AZ35*BB35) -> 19249.301 | BR35: =BP35+BQ35 -> 49947.255 | BS35: =BH35 -> E194CC-2208-1 | BT35: =P35*BJ35+BL35 -> 3310.4977 | BU35: =(Q35+R35+S35)*BJ35 -> 2120.1723 | BV35: =BT35+BU35 -> 5430.67
A36: 44805 | B36: 39.12 | C36: 100000 | D36: 0.006 | E36: 0.006 | G36: 4.569 | H36: 0.004 | I36: 0.00337 | J36: 50955 | K36: =J36-L36-M36-N36 -> 3407 | L36: 15421 | M36: 31497 | N36: 630 | O36: 51426 | P36: =O36-Q36-R36-S36 -> 3827.8211 | Q36: 15332.243 | R36: 31668.561 | S36: 597.37445 | T36: 8863 | U36: =T36-V36-W36-X36 -> 5114.3651 | V36: =22800*B36/1000 -> 891.936 | W36: =64027*B36/1000 -> 2504.7362 | X36: =8997*B36/1000 -> 351.96264 | Z36: 986 545 | AA36: =C36 -> 100000 | AB36: 13343 | AF36: 7083.33 | AG36: =AB36*E35 -> 80.058 | AI36: 90 | AL36: =AD36*E36 -> 0 | AM36: =AE36*F36 -> 0 | AT36: =AF36+AL36+AG36+AM36 -> 7163.388 | AX36: 2061.15 | AY36: =T36 -> 8863 | AZ36: =SUM(K36:N36) -> 50955 | BA36: =AY36*G36 -> 40495.047 | BB36: =AZ36*H36 -> 203.82 | BC36: 160 | BF36: =AX36+BA36+BB36 -> 42760.017 | BH36: E194CC-2209-1 | BI36: =SUM(P36:S36) -> 51426 | BJ36: 0.04 | BK36: =BI36*BJ36 -> 2057.04 | BL36: 3183.07 | BO36: =Z36 -> 986 545 | BP36: =AT36 +(K36/AZ36*AX36) +((T36-V36-W36-X36)/T36*BA36) +(K36/AZ36*BB36) -> 30682.365 | BQ36: =((L36+M36+N36)/AZ36*AX36) +((V36+W36+X36)/T36*BA36) +((L36+M36+N36)/AZ36*BB36) -> 19241.04 | BR36: =BP36+BQ36 -> 49923.405 | BS36: =BH36 -> E194CC-2209-1 | BT36: =P36*BJ36+BL36 -> 3336.1828 | BU36: =(Q36+R36+S36)*BJ36 -> 1903.9272 | BV36: =BT36+BU36 -> 5240.11
A37: =EOMONTH(A36,0)+1 -> 44835 | B37: 39.12 | C37: 100000 | D37: 0.006 | E37: 0.006 | G37: 4.569 | H37: 0.004 | I37: 0.00337 | J37: 89993 | K37: =J37-L37-M37-N37 -> 25894 | L37: 15989 | M37: 47340 | N37: 770 | O37: 91003 | P37: =O37-Q37-R37-S37 -> 26966 | Q37: 15814 | R37: 47448 | S37: 775 | T37: 8863 | U37: =T37-V37-W37-X37 -> 5114.3651 | V37: =22800*B37/1000 -> 891.936 | W37: =64027*B37/1000 -> 2504.7362 | X37: =8997*B37/1000 -> 351.96264 | Z37: 993 085 | AA37: =C37 -> 100000 | AB37: 0 | AD37: 0 | AF37: 7083.33 | AG37: =AB37*E36 -> 0 | AI37: 0 | AL37: =AD37*E37 -> 0 | AM37: =AE37*F37 -> 0 | AN37: 0 | AT37: =AF37+AL37+AG37+AM37 -> 7083.33 | AX37: 2061.15 | AY37: =T37 -> 8863 | AZ37: =SUM(K37:N37) -> 89993 | BA37: =AY37*G37 -> 40495.047 | BB37: =AZ37*H37 -> 359.972 | BC37: 304 | BF37: =AX37+BA37+BB37 -> 42916.169 | BH37: E194CC-2210-1 | BI37: =SUM(P37:S37) -> 91003 | BJ37: 0.04 | BK37: =BI37*BJ37 -> 3640.12 | BL37: 3183.07 | BM37: =2+70000 -> 70002 | BO37: =Z37 -> 993 085 | BP37: =AT37 +(K37/AZ37*AX37) +((T37-V37-W37-X37)/T37*BA37) +(K37/AZ37*BB37) -> 31147.502 | BQ37: =((L37+M37+N37)/AZ37*AX37) +((V37+W37+X37)/T37*BA37) +((L37+M37+N37)/AZ37*BB37) -> 18851.997 | BR37: =BP37+BQ37 -> 49999.499 | BS37: =BH37 -> E194CC-2210-1 | BT37: =P37*BJ37+BL37 -> 4261.71 | BU37: =(Q37+R37+S37)*BJ37 -> 2561.48 | BV37: =BT37+BU37 -> 6823.19
A38: =EOMONTH(A37,0)+1 -> 44866 | B38: 39.12 | C38: 100000 | D38: 0.006 | E38: 0.006 | G38: 4.569 | H38: 0.004 | I38: 0.00806 | J38: 105774 | K38: =J38-L38-M38-N38 -> 36486 | L38: 15301 | M38: 52540 | N38: 1447 | O38: 103758 | P38: =O38-Q38-R38-S38 -> 34443.827 | Q38: 15302.485 | R38: 52498.413 | S38: 1513.2751 | T38: 8863 | U38: =T38-V38-W38-X38 -> 5114.3651 | V38: =22800*B38/1000 -> 891.936 | W38: =64027*B38/1000 -> 2504.7362 | X38: =8997*B38/1000 -> 351.96264 | Z38: 999 184 | AA38: =C38 -> 100000 | AB38: 0 | AD38: 6701 | AF38: 7083.33 | AG38: =AB38*E37 -> 0 | AI38: 0 | AL38: =AD38*E38 -> 40.206 | AM38: =AE38*F38 -> 0 | AN38: 45 | AT38: =AF38+AL38+AG38+AM38 -> 7123.536 | AX38: 2061.15 | AY38: =T38 -> 8863 | AZ38: =SUM(K38:N38) -> 105774 | BA38: =AY38*G38 -> 40495.047 | BB38: =AZ38*H38 -> 423.096 | BC38: 838 | BF38: =AX38+BA38+BB38 -> 42979.293 | BH38: E194CC-2211-1 | BI38: =SUM(P38:S38) -> 103758 | BJ38: 0.04 | BK38: =BI38*BJ38 -> 4150.32 | BL38: 3183.07 | BM38: =BM37-BL38-BK38 -> 62668.61 | BO38: =Z38 -> 999 184 | BP38: =AT38 +(K38/AZ38*AX38) +((T38-V38-W38-X38)/T38*BA38) +(K38/AZ38*BB38) -> 31347.993 | BQ38: =((L38+M38+N38)/AZ38*AX38) +((V38+W38+X38)/T38*BA38) +((L38+M38+N38)/AZ38*BB38) -> 18754.836 | BR38: =BP38+BQ38 -> 50102.829 | BS38: =BH38 -> E194CC-2211-1 | BT38: =P38*BJ38+BL38 -> 4560.8231 | BU38: =(Q38+R38+S38)*BJ38 -> 2772.5669 | BV38: =BT38+BU38 -> 7333.39
A39: =EOMONTH(A38,0)+1 -> 44896 | B39: =B38 -> 39.12 | C39: 100000 | D39: 0.006 | E39: 0.006 | G39: 4.569 | H39: 0.004 | I39: 0.00806 | J39: 113942 | K39: =J39-L39-M39-N39 -> 39430 | L39: 15629 | M39: 56540 | N39: 2343 | O39: 113245 | P39: =O39-Q39-R39-S39 -> 39297.318 | Q39: 15818.299 | R39: 55927.254 | S39: 2202.1294 | T39: 8863 | U39: =T39-V39-W39-X39 -> 5114.3651 | V39: =22800*B39/1000 -> 891.936 | W39: =64027*B39/1000 -> 2504.7362 | X39: =8997*B39/1000 -> 351.96264 | Z39: 1006658 | AA39: =C39 -> 100000 | AB39: 0 | AD39: 19793 | AF39: 7083.33 | AG39: =AB39*E38 -> 0 | AI39: 0 | AL39: =AD39*E39 -> 118.758 | AM39: =AE39*F39 -> 0 | AN39: 123 | AT39: =AF39+AL39+AG39+AM39 -> 7202.088 | AX39: 2061.15 | AY39: =T39 -> 8863 | AZ39: =J39 -> 113942 | BA39: =AY39*G39 -> 40495.047 | BB39: =AZ39*H39 -> 455.768 | BC39: 913 | BF39: =AX39+BA39+BB39 -> 43011.965 | BH39: E194CC-2212-1 | BI39: =O39 -> 113245 | BJ39: 0.04 | BK39: =BI39*BJ39 -> 4529.8 | BL39: 3183.07 | BM39: =BM38-BL39-BK39 -> 54955.74 | BO39: =Z39 -> 1006658 | BP39: =AT39 +(K39/AZ39*AX39) +((T39-V39-W39-X39)/T39*BA39) +(K39/AZ39*BB39) -> 31440.61 | BQ39: =((L39+M39+N39)/AZ39*AX39) +((V39+W39+X39)/T39*BA39) +((L39+M39+N39)/AZ39*BB39) -> 18773.443 | BR39: =BP39+BQ39 -> 50214.053 | BS39: =BH39 -> E194CC-2212-1 | BT39: =P39*BJ39+BL39 -> 4754.9627 | BU39: =(Q39+R39+S39)*BJ39 -> 2957.9073 | BV39: =BT39+BU39 -> 7712.87
A40: =EOMONTH(A39,0)+1 -> 44927 | B40: =B39 -> 39.12 | C40: 100000 | D40: 0.006 | E40: 0.006 | G40: 4.734 | H40: 0.004 | I40: 0.00835 | J40: 115349 | K40: =J40-L40-M40-N40 -> 42450 | L40: 17416 | M40: 53328 | N40: 2155 | O40: 114764 | P40: =O40-Q40-R40-S40 -> 41044.466 | Q40: 17432.974 | R40: 53995.155 | S40: 2291.4049 | T40: 8863 | U40: =T40-V40-W40-X40 -> 5114.3651 | V40: =22800*B40/1000 -> 891.936 | W40: =64027*B40/1000 -> 2504.7362 | X40: =8997*B40/1000 -> 351.96264 | Z40: 1015034 | AA40: =C40 -> 100000 | AD40: 17824 | AF40: 7083.33 | AG40: =AB40*E39 -> 0 | AL40: =AD40*E40 -> 106.944 | AM40: =AE40*F40 -> 0 | AN40: 104 | AT40: =AF40+AL40+AG40+AM40 -> 7190.274 | AX40: 2135.35 | AY40: =T40 -> 8863 | AZ40: =J40 -> 115349 | BA40: =AY40*G40 -> 41957.442 | BB40: =AZ40*H40 -> 461.396 | BC40: 972 | BD40: 13409.78 | BF40: =AX40+BA40+BB40+BD40 -> 57963.968 | BH40: E194CC-2301-1 | BI40: =O40 -> 114764 | BJ40: 0.04 | BK40: =BI40*BJ40 -> 4590.56 | BL40: 3183.07 | BM40: =BM39-BL40-BK40 -> 47182.11 | BO40: =Z40 -> 1015034 | BP40: 42388.393 | BQ40: 22765.849 | BR40: =BP40+BQ40 -> 65154.242 | BS40: =BH40 -> E194CC-2301-1 | BT40: =P40*BJ40+BL40 -> 4824.8486 | BU40: =(Q40+R40+S40)*BJ40 -> 2948.7814 | BV40: =BT40+BU40 -> 7773.63
A41: =EOMONTH(A40,0)+1 -> 44958 | B41: =B40 -> 39.12 | C41: 100000 | D41: 0.006 | E41: 0.006 | G41: 4.734 | H41: 0.004 | I41: 0.00835 | J41: 107798 | K41: =J41-L41-M41-N41 -> 39766 | L41: 15762 | M41: 49608 | N41: 2662 | O41: 108415 | P41: =O41-Q41-R41-S41 -> 40414.61 | Q41: 15754.373 | R41: 49589.794 | S41: 2656.2222 | T41: 8863 | U41: =T41-V41-W41-X41 -> 5114.3651 | V41: =22800*B41/1000 -> 891.936 | W41: =64027*B41/1000 -> 2504.7362 | X41: =8997*B41/1000 -> 351.96264 | Z41: 1020933 | AA41: =C41 -> 100000 | AD41: 23358 | AF41: 7083.33 | AG41: =AB41*E40 -> 0 | AL41: =AD41*E41 -> 140.148 | AM41: =AE41*F41 -> 0 | AN41: 139 | AT41: =AF41+AL41+AG41+AM41 -> 7223.478 | AX41: 2135.35 | AY41: =T41 -> 8863 | AZ41: =J41 -> 107798 | BA41: =AY41*G41 -> 41957.442 | BB41: =AZ41*H41 -> 431.192 | BC41: 894 | BF41: =AX41+BA41+BB41+BD41 -> 44523.984 | BH41: E194CC-2302-1 | BI41: =O41 -> 108415 | BJ41: 0.04 | BK41: =BI41*BJ41 -> 4336.6 | BL41: 3183.07 | BM41: =BM40-BL41-BK41 -> 39662.44 | BO41: =Z41 -> 1020933 | BP41: =AT41 +(K41/AZ41*AX41) +((T41-V41-W41-X41)/T41*BA41) +(K41/AZ41*BB41) -> 32381.664 | BQ41: =((L41+M41+N41)/AZ41*AX41) +((V41+W41+X41)/T41*BA41) +((L41+M41+N41)/AZ41*BB41) -> 19365.798 | BR41: =BP41+BQ41 -> 51747.462 | BS41: =BH41 -> E194CC-2302-1 | BT41: =P41*BJ41+BL41 -> 4799.6544 | BU41: =(Q41+R41+S41)*BJ41 -> 2720.0156 | BV41: =BT41+BU41 -> 7519.67
A42: =EOMONTH(A41,0)+1 -> 44986 | B42: =B41 -> 39.12 | C42: 100000 | D42: 0.006 | E42: 0.006 | G42: 4.734 | H42: 0.004 | I42: 0.00835 | J42: 114465 | K42: =J42-L42-M42-N42 -> 39211 | L42: 16639 | M42: 56166 | N42: 2449 | O42: 114045 | P42: =O42-Q42-R42-S42 -> 39200.154 | Q42: 16406.856 | R42: 55992.282 | S42: 2445.7083 | T42: 8863 | U42: =T42-V42-W42-X42 -> 5114.3651 | V42: =22800*B42/1000 -> 891.936 | W42: =64027*B42/1000 -> 2504.7362 | X42: =8997*B42/1000 -> 351.96264 | Z42: 1027086 | AA42: =C42 -> 100000 | AD42: 18425 | AF42: 7083.33 | AG42: =AB42*E41 -> 0 | AL42: =AD42*E42 -> 110.55 | AM42: =AE42*F42 -> 0 | AN42: 108 | AT42: =AF42+AL42+AG42+AM42 -> 7193.88 | AX42: 2135.35 | AY42: =T42 -> 8863 | AZ42: =J42 -> 114465 | BA42: =AY42*G42 -> 41957.442 | BB42: =AZ42*H42 -> 457.86 | BC42: 969 | BF42: =AX42+BA42+BB42+BD42 -> 44550.652 | BH42: E194CC-2303-1 | BI42: =O42 -> 114045 | BJ42: 0.04 | BK42: =BI42*BJ42 -> 4561.8 | BL42: 3183.07 | BM42: =BM41-BL42-BK42 -> 31917.57 | BO42: =Z42 -> 1027086 | BP42: =AT42 +(K42/AZ42*AX42) +((T42-V42-W42-X42)/T42*BA42) +(K42/AZ42*BB42) -> 32293.612 | BQ42: =((L42+M42+N42)/AZ42*AX42) +((V42+W42+X42)/T42*BA42) +((L42+M42+N42)/AZ42*BB42) -> 19450.92 | BR42: =BP42+BQ42 -> 51744.532 | BS42: =BH42 -> E194CC-2303-1 | BT42: =P42*BJ42+BL42 -> 4751.0761 | BU42: =(Q42+R42+S42)*BJ42 -> 2993.7939 | BV42: =BT42+BU42 -> 7744.87
A43: =EOMONTH(A42,0)+1 -> 45017 | B43: 39.17 | C43: 100000 | D43: 0.006 | E43: 0.006 | G43: 4.734 | H43: 0.004 | I43: 0.00349 | J43: 89364 | K43: =J43-L43-M43-N43 -> 20038 | L43: 14288 | M43: 53643 | N43: 1395 | O43: 90044 | P43: =O43-Q43-R43-S43 -> 20857.536 | Q43: 14440.286 | R43: 53438.44 | S43: 1307.7371 | T43: 8863 | U43: =T43-V43-W43-X43 -> 5109.5739 | V43: =22800*B43/1000 -> 893.076 | W43: =64027*B43/1000 -> 2507.9376 | X43: =8997*B43/1000 -> 352.41249 | Z43: 1033347 | AA43: =C43 -> 100000 | AB43: 10013 | AF43: 7083.33 | AG43: =AB43*E42 -> 60.078 | AI43: 63 | AL43: =AD43*E43 -> 0 | AM43: =AE43*F43 -> 0 | AT43: =AF43+AL43+AG43+AM43 -> 7143.408 | AX43: 2135.35 | AY43: =T43 -> 8863 | AZ43: =J43 -> 89364 | BA43: =AY43*G43 -> 41957.442 | BB43: =AZ43*H43 -> 357.456 | BC43: 311 | BF43: =AX43+BA43+BB43+BD43 -> 44450.248 | BH43: E194CC-2304-1 | BI43: =O43 -> 90044 | BJ43: 0.04 | BK43: =BI43*BJ43 -> 3601.76 | BL43: 3183.07 | BM43: =BM42-BL43-BK43 -> 25132.74 | BO43: =Z43 -> 1033347 | BP43: =AT43 +(K43/AZ43*AX43) +((T43-V43-W43-X43)/T43*BA43) +(K43/AZ43*BB43) -> 31891.09 | BQ43: =((L43+M43+N43)/AZ43*AX43) +((V43+W43+X43)/T43*BA43) +((L43+M43+N43)/AZ43*BB43) -> 19702.566 | BR43: =BP43+BQ43 -> 51593.656 | BS43: =BH43 -> E194CC-2304-1 | BT43: =P43*BJ43+BL43 -> 4017.3714 | BU43: =(Q43+R43+S43)*BJ43 -> 2767.4586 | BV43: =BT43+BU43 -> 6784.83
A44: =EOMONTH(A43,0)+1 -> 45047 | B44: 39.17 | C44: 100000 | D44: 0.006 | E44: 0.006 | G44: 4.734 | H44: 0.004 | I44: 0.00349 | J44: =SUM(K44:N44) -> 73291 | K44: 12850 | L44: 12807 | M44: 46839 | N44: 795 | O44: 71772 | P44: =O44-Q44-R44-S44 -> 13065.09 | Q44: 12747.402 | R44: 45247.702 | S44: 711.80625 | T44: 8863 | U44: =T44-V44-W44-X44 -> 5109.5739 | V44: =22800*B44/1000 -> 893.076 | W44: =64027*B44/1000 -> 2507.9376 | X44: =8997*B44/1000 -> 352.41249 | Z44: 1041148 | AA44: =C44 -> 100000 | AB44: 18125 | AF44: 7083.33 | AG44: =AB44*E43 -> 108.75 | AI44: 99 | AL44: =AD44*E44 -> 0 | AM44: =AE44*F44 -> 0 | AT44: =AF44+AL44+AG44+AM44 -> 7192.08 | AX44: 2135.35 | AY44: =T44 -> 8863 | AZ44: =J44 -> 73291 | BA44: =AY44*G44 -> 41957.442 | BB44: =AZ44*H44 -> 293.164 | BC44: 312 | BF44: =AX44+BA44+BB44+BD44 -> 44385.956 | BH44: E194CC-2305-1 | BI44: =O44 -> 71772 | BJ44: 0.04 | BK44: =BI44*BJ44 -> 2870.88 | BL44: 3183.07 | BM44: =BM43-BL44-BK44 -> 19078.79 | BO44: =Z44 -> 1041148 | BP44: =AT44 +(K44/AZ44*AX44) +((T44-V44-W44-X44)/T44*BA44) +(K44/AZ44*BB44) -> 31806.591 | BQ44: =((L44+M44+N44)/AZ44*AX44) +((V44+W44+X44)/T44*BA44) +((L44+M44+N44)/AZ44*BB44) -> 19771.445 | BR44: =BP44+BQ44 -> 51578.036 | BS44: =BH44 -> E194CC-2305-1 | BT44: =P44*BJ44+BL44 -> 3705.6736 | BU44: =(Q44+R44+S44)*BJ44 -> 2348.2764 | BV44: =BT44+BU44 -> 6053.95
A45: =EOMONTH(A44,0)+1 -> 45078 | B45: 39.17 | C45: 100000 | D45: 0.006 | E45: 0.006 | G45: 4.734 | H45: 0.004 | I45: 0.00349 | J45: =SUM(K45:N45) -> 52862 | K45: 4400 | L45: 13338 | M45: 34944 | N45: 180 | O45: 54310 | P45: =O45-Q45-R45-S45 -> 4547.5699 | Q45: 13111.581 | R45: 36369.437 | S45: 281.41177 | T45: 8863 | U45: =T45-V45-W45-X45 -> 5109.5739 | V45: =22800*B45/1000 -> 893.076 | W45: =64027*B45/1000 -> 2507.9376 | X45: =8997*B45/1000 -> 352.41249 | Z45: 1047495 | AA45: =C45 -> 100000 | AB45: 18094 | AF45: 7083.33 | AG45: =AB45*E44 -> 108.564 | AI45: 110 | AL45: =AD45*E45 -> 0 | AM45: =AE45*F45 -> 0 | AT45: =AF45+AL45+AG45+AM45 -> 7191.894 | AX45: 2135.35 | AY45: =T45 -> 8863 | AZ45: =J45 -> 52862 | BA45: =AY45*G45 -> 41957.442 | BB45: =AZ45*H45 -> 211.448 | BC45: 182 | BF45: =AX45+BA45+BB45+BD45 -> 44304.24 | BH45: E194CC-2306-1 | BI45: =O45 -> 54310 | BJ45: 0.04 | BK45: =BI45*BJ45 -> 2172.4 | BL45: 3183.07 | BM45: =BM44-BL45-BK45 -> 13723.32 | BO45: =Z45 -> 1047495 | BP45: =AT45 +(K45/AZ45*AX45) +((T45-V45-W45-X45)/T45*BA45) +(K45/AZ45*BB45) -> 31575.954 | BQ45: =((L45+M45+N45)/AZ45*AX45) +((V45+W45+X45)/T45*BA45) +((L45+M45+N45)/AZ45*BB45) -> 19920.18 | BR45: =BP45+BQ45 -> 51496.134 | BS45: =BH45 -> E194CC-2306-1 | BT45: =P45*BJ45+BL45 -> 3364.9728 | BU45: =(Q45+R45+S45)*BJ45 -> 1990.4972 | BV45: =BT45+BU45 -> 5355.47
A46: =EOMONTH(A45,0)+1 -> 45108 | B46: 39.17 | C46: 100000 | D46: 0.006 | E46: 0.006 | G46: 4.734 | H46: 0.004 | I46: 0.00349 | J46: =SUM(K46:N46) -> 58156 | K46: 3250 | L46: 14346 | M46: 39935 | N46: 625 | O46: 59479 | P46: =O46-Q46-R46-S46 -> 4311.2568 | Q46: 14598.098 | R46: 40003.511 | S46: 566.13427 | T46: 8863 | U46: =T46-V46-W46-X46 -> 5109.5739 | V46: =22800*B46/1000 -> 893.076 | W46: =64027*B46/1000 -> 2507.9376 | X46: =8997*B46/1000 -> 352.41249 | Z46: 1053241 | AA46: =C46 -> 100000 | AB46: 12459 | AF46: 7083.33 | AG46: =AB46*E45 -> 74.754 | AI46: 62 | AL46: =AD46*E46 -> 0 | AM46: =AE46*F46 -> 0 | AT46: =AF46+AL46+AG46+AM46 -> 7158.084 | AX46: 2135.35 | AY46: =T46 -> 8863 | AZ46: =J46 -> 58156 | BA46: =AY46*G46 -> 41957.442 | BB46: =AZ46*H46 -> 232.624 | BC46: 196 | BF46: =AX46+BA46+BB46+BD46 -> 44325.416 | BH46: E194CC-2307-1 | BI46: =O46 -> 59479 | BJ46: 0.04 | BK46: =BI46*BJ46 -> 2379.16 | BL46: 3183.07 | BM46: =BM45-BL46-BK46 -> 8161.09 | BO46: =Z46 -> 1053241 | BP46: =AT46 +(K46/AZ46*AX46) +((T46-V46-W46-X46)/T46*BA46) +(K46/AZ46*BB46) -> 31479.139 | BQ46: =((L46+M46+N46)/AZ46*AX46) +((V46+W46+X46)/T46*BA46) +((L46+M46+N46)/AZ46*BB46) -> 20004.361 | BR46: =BP46+BQ46 -> 51483.5 | BS46: =BH46 -> E194CC-2307-1 | BT46: =P46*BJ46+BL46 -> 3355.5203 | BU46: =(Q46+R46+S46)*BJ46 -> 2206.7097 | BV46: =BT46+BU46 -> 5562.23
A47: =EOMONTH(A46,0)+1 -> 45139 | B47: 39.17 | C47: 100000 | D47: 0.006 | E47: 0.006 | G47: 4.734 | H47: 0.004 | I47: 0.00349 | J47: =SUM(K47:N47) -> 66598 | K47: 9293 | L47: 16489 | M47: 40300 | N47: 516 | O47: 65659 | P47: =O47-Q47-R47-S47 -> 8253.2055 | Q47: 16538.184 | R47: 40332.377 | S47: 535.23416 | T47: 8863 | U47: =T47-V47-W47-X47 -> 5109.5739 | V47: =22800*B47/1000 -> 893.076 | W47: =64027*B47/1000 -> 2507.9376 | X47: =8997*B47/1000 -> 352.41249 | Z47: 1060241 | AA47: =C47 -> 100000 | AB47: 15500 | AF47: 7083.33 | AG47: =AB47*E46 -> 93 | AI47: 93 | AL47: =AD47*E47 -> 0 | AM47: =AE47*F47 -> 0 | AT47: =AF47+AL47+AG47+AM47 -> 7176.33 | AX47: 2135.35 | AY47: =T47 -> 8863 | AZ47: =J47 -> 66598 | BA47: =AY47*G47 -> 41957.442 | BB47: =AZ47*H47 -> 266.392 | BC47: 255 | BF47: =AX47+BA47+BB47+BD47 -> 44359.184 | BH47: E194CC-2308-1 | BI47: =O47 -> 65659 | BJ47: 0.04 | BK47: =BI47*BJ47 -> 2626.36 | BL47: 3399.52 | BM47: =BM46-BL47-BK47+60000 -> 62135.21 | BO47: =Z47 -> 1060241 | BP47: =AT47 +(K47/AZ47*AX47) +((T47-V47-W47-X47)/T47*BA47) +(K47/AZ47*BB47) -> 31700.189 | BQ47: =((L47+M47+N47)/AZ47*AX47) +((V47+W47+X47)/T47*BA47) +((L47+M47+N47)/AZ47*BB47) -> 19835.325 | BR47: =BP47+BQ47 -> 51535.514 | BS47: =BH47 -> E194CC-2308-1 | BT47: =P47*BJ47+BL47 -> 3729.6482 | BU47: =(Q47+R47+S47)*BJ47 -> 2296.2318 | BV47: =BT47+BU47 -> 6025.88
A48: =EOMONTH(A47,0)+1 -> 45170 | B48: 39.17 | C48: 100000 | D48: 0.006 | E48: 0.006 | G48: 4.734 | H48: 0.004 | I48: 0.00349 | J48: =SUM(K48:N48) -> 60149 | K48: 6500 | L48: 15990 | M48: 37254 | N48: 405 | O48: 58647 | P48: =O48-Q48-R48-S48 -> 4979.016 | Q48: 15823.067 | R48: 37445.423 | S48: 399.49436 | T48: 8863 | U48: =T48-V48-W48-X48 -> 5109.5739 | V48: =22800*B48/1000 -> 893.076 | W48: =64027*B48/1000 -> 2507.9376 | X48: =8997*B48/1000 -> 352.41249 | Z48: 1066303 | AA48: =C48 -> 100000 | AB48: 12429 | AF48: 7083.33 | AG48: =AB48*E47 -> 74.574 | AI48: 61 | AL48: =AD48*E48 -> 0 | AM48: =AE48*F48 -> 0 | AT48: =AF48+AL48+AG48+AM48 -> 7157.904 | AX48: 2135.35 | AY48: =T48 -> 8863 | AZ48: =J48 -> 60149 | BA48: =AY48*G48 -> 41957.442 | BB48: =AZ48*H48 -> 240.596 | BC48: 221 | BF48: =AX48+BA48+BB48+BD48 -> 44333.388 | BH48: E194CC-2309-1 | BI48: =O48 -> 58647 | BJ48: 0.04 | BK48: =BI48*BJ48 -> 2345.88 | BL48: 3399.52 | BM48: =BM47-BL48-BK48 -> 56389.81 | BO48: =Z48 -> 1066303 | BP48: =AT48 +(K48/AZ48*AX48) +((T48-V48-W48-X48)/T48*BA48) +(K48/AZ48*BB48) -> 31603.383 | BQ48: =((L48+M48+N48)/AZ48*AX48) +((V48+W48+X48)/T48*BA48) +((L48+M48+N48)/AZ48*BB48) -> 19887.909 | BR48: =BP48+BQ48 -> 51491.292 | BS48: =BH48 -> E194CC-2309-1 | BT48: =P48*BJ48+BL48 -> 3598.6806 | BU48: =(Q48+R48+S48)*BJ48 -> 2146.7194 | BV48: =BT48+BU48 -> 5745.4
A49: =EOMONTH(A48,0)+1 -> 45200 | B49: 39.17 | C49: 100000 | D49: 0.006 | E49: 0.006 | G49: 4.734 | H49: 0.004 | I49: 0.00349 | J49: =SUM(K49:N49) -> 86838 | K49: 23942 | L49: 16758 | M49: 45594 | N49: 544 | O49: 89750 | P49: =O49-Q49-R49-S49 -> 25708.406 | Q49: 16924.435 | R49: 46415.285 | S49: 701.87407 | T49: 8863 | U49: =T49-V49-W49-X49 -> 5109.5739 | V49: =22800*B49/1000 -> 893.076 | W49: =64027*B49/1000 -> 2507.9376 | X49: =8997*B49/1000 -> 352.41249 | Z49: 1072257 | AA49: =C49 -> 100000 | AD49: 2559 | AF49: 7083.33 | AG49: =AB49*E48 -> 0 | AL49: =AD49*E49 -> 15.354 | AM49: =AE49*F49 -> 0 | AN49: 16 | AT49: =AF49+AL49+AG49+AM49 -> 7098.684 | AX49: 2135.35 | AY49: =T49 -> 8863 | AZ49: =J49 -> 86838 | BA49: =AY49*G49 -> 41957.442 | BB49: =AZ49*H49 -> 347.352 | BC49: 291 | BF49: =AX49+BA49+BB49+BD49 -> 44440.144 | BH49: E194CC-2310-1 | BI49: 89750 | BJ49: 0.04 | BK49: =BI49*BJ49 -> 3590 | BL49: 3399.52 | BM49: =BM48-BL49-BK49 -> 49400.29 | BO49: =Z49 -> 1072257 | BP49: =AT49 +(K49/AZ49*AX49) +((T49-V49-W49-X49)/T49*BA49) +(K49/AZ49*BB49) -> 31971.91 | BQ49: =((L49+M49+N49)/AZ49*AX49) +((V49+W49+X49)/T49*BA49) +((L49+M49+N49)/AZ49*BB49) -> 19566.918 | BR49: =BP49+BQ49 -> 51538.828 | BS49: =BH49 -> E194CC-2310-1 | BT49: =P49*BJ49+BL49 -> 4427.8562 | BU49: =(Q49+R49+S49)*BJ49 -> 2561.6638 | BV49: =BT49+BU49 -> 6989.52
A50: =EOMONTH(A49,0)+1 -> 45231 | B50: 39.17 | C50: 100000 | D50: 0.006 | E50: 0.006 | G50: 4.734 | H50: 0.004 | I50: 0.00835 | J50: =SUM(K50:N50) -> 160775 | K50: 90815 | L50: 16000 | M50: 51990 | N50: 1970 | O50: 159561 | P50: =O50-Q50-R50-S50 -> 89966.213 | Q50: 15942.253 | R50: 51736.727 | S50: 1915.8072 | T50: 8863 | U50: =T50-V50-W50-X50 -> 5109.5739 | V50: =22800*B50/1000 -> 893.076 | W50: =64027*B50/1000 -> 2507.9376 | X50: =8997*B50/1000 -> 352.41249 | Z50: 1080182 | AA50: =C50 -> 100000 | AD50: 13082 | AF50: 7083.33 | AG50: =AB50*E49 -> 0 | AL50: =AD50*E50 -> 78.492 | AM50: =AE50*F50 -> 0 | AN50: 77 | AT50: =AF50+AL50+AG50+AM50 -> 7161.822 | AX50: 2135.35 | AY50: =T50 -> 8863 | AZ50: =J50 -> 160775 | BA50: =AY50*G50 -> 41957.442 | BB50: =AZ50*H50 -> 643.1 | BC50: 1353 | BF50: =AX50+BA50+BB50+BD50 -> 44735.892 | BH50: E194CC-2311-1 | BI50: 159561 | BJ50: 0.04 | BK50: =BI50*BJ50 -> 6382.44 | BL50: 3399.52 | BM50: =BM49-BL50-BK50 -> 39618.33 | BO50: =Z50 -> 1080182 | BP50: =AT50 +(K50/AZ50*AX50) +((T50-V50-W50-X50)/T50*BA50) +(K50/AZ50*BB50) -> 32919.974 | BQ50: =((L50+M50+N50)/AZ50*AX50) +((V50+W50+X50)/T50*BA50) +((L50+M50+N50)/AZ50*BB50) -> 18977.74 | BR50: =BP50+BQ50 -> 51897.714 | BS50: =BH50 -> E194CC-2311-1 | BT50: =P50*BJ50+BL50 -> 6998.1685 | BU50: =(Q50+R50+S50)*BJ50 -> 2783.7915 | BV50: =BT50+BU50 -> 9781.96
A51: =EOMONTH(A50,0)+1 -> 45261 | B51: 39.17 | C51: 100000 | D51: 0.006 | E51: 0.006 | G51: 4.734 | H51: 0.004 | I51: 0.00835 | J51: =SUM(K51:N51) -> 133639 | K51: 59113 | L51: 16922 | M51: 55517 | N51: 2087 | O51: 132281 | P51: =O51-Q51-R51-S51 -> 57886.763 | Q51: 16931.057 | R51: 55318.933 | S51: 2144.2474 | T51: 8863 | U51: =T51-V51-W51-X51 -> 5109.5739 | V51: =22800*B51/1000 -> 893.076 | W51: =64027*B51/1000 -> 2507.9376 | X51: =8997*B51/1000 -> 352.41249 | Z51: 1085627 | AA51: =C51 -> 100000 | AB51: 1500 | AD51: 5762 | AF51: 7083.33 | AG51: =AB51*E50 -> 9 | AI51: 9 | AL51: =AD51*E51 -> 34.572 | AM51: =AE51*F51 -> 0 | AN51: 35 | AT51: =AF51+AL51+AG51+AM51 -> 7126.902 | AX51: 2135.35 | AY51: =T51 -> 8863 | AZ51: =J51 -> 133639 | BA51: =AY51*G51 -> 41957.442 | BB51: =AZ51*H51 -> 534.556 | BC51: 1132 | BF51: =AX51+BA51+BB51+BD51 -> 44627.348 | BH51: E194CC-2312-1 | BI51: 132281 | BJ51: 0.04 | BK51: =BI51*BJ51 -> 5291.24 | BL51: 3399.52 | BM51: =BM50-BL51-BK51 -> 30927.57 | BO51: =Z51 -> 1085627 | BP51: =AT51 +(K51/AZ51*AX51) +((T51-V51-W51-X51)/T51*BA51) +(K51/AZ51*BB51) -> 32496.614 | BQ51: =((L51+M51+N51)/AZ51*AX51) +((V51+W51+X51)/T51*BA51) +((L51+M51+N51)/AZ51*BB51) -> 19257.636 | BR51: =BP51+BQ51 -> 51754.25 | BS51: =BH51 -> E194CC-2312-1 | BT51: =P51*BJ51+BL51 -> 5714.9905 | BU51: =(Q51+R51+S51)*BJ51 -> 2975.7695 | BV51: =BT51+BU51 -> 8690.76
A52: =EOMONTH(A51,0)+1 -> 45292 | B52: 39.17 | C52: 100000 | D52: 0.006 | E52: 0.006 | F52: 0.041 | G52: 4.734 | H52: 0.004 | I52: 0.00835 | J52: =SUM(K52:N52) -> 143553 | K52: 63174 | L52: 18410 | M52: 59139 | N52: 2830 | O52: 143233 | P52: =O52-Q52-R52-S52 -> 63197.285 | Q52: 18514.688 | R52: 58780.85 | S52: 2740.1782 | T52: 8863 | U52: =T52-V52-W52-X52 -> 5109.5739 | V52: =22800*B52/1000 -> 893.076 | W52: =64027*B52/1000 -> 2507.9376 | X52: =8997*B52/1000 -> 352.41249 | Z52: 1091701 | AA52: =C52 -> 100000 | AB52: 902 | AD52: 14722 | AF52: 7083.33 | AG52: =AB52*E51 -> 5.412 | AI52: 5 | AL52: =AD52*E52 -> 88.332 | AM52: =AE52*F52 -> 0 | AN52: 84 | AT52: =AF52+AL52+AG52+AM52 -> 7177.074 | AX52: 2135.35 | AY52: =T52 -> 8863 | AZ52: =J52 -> 143553 | BA52: =AY52*G52 -> 41957.442 | BB52: =AZ52*H52 -> 574.212 | BC52: 1132 | BF52: =AX52+BA52+BB52+BD52 -> 44667.004 | BH52: E194CC-2401-1 | BI52: 143233 | BJ52: 0.04 | BK52: =BI52*BJ52 -> 5729.32 | BL52: 3399.52 | BM52: 21798.73 | BO52: =Z52 -> 1091701 | BP52: =AT52 +(K52/AZ52*AX52) +((T52-V52-W52-X52)/T52*BA52) +(K52/AZ52*BB52) -> 32558.206 | BQ52: =((L52+M52+N52)/AZ52*AX52) +((V52+W52+X52)/T52*BA52) +((L52+M52+N52)/AZ52*BB52) -> 19285.872 | BR52: =BP52+BQ52 -> 51844.078 | BS52: =BH52 -> E194CC-2401-1 | BT52: =P52*BJ52+BL52 -> 5927.4114 | BU52: =(Q52+R52+S52)*BJ52 -> 3201.4286 | BV52: =BT52+BU52 -> 9128.84
A53: =EOMONTH(A52,0)+1 -> 45323 | B53: 39.17 | C53: 100000 | D53: 0.006 | E53: 0.006 | F53: 0.041 | G53: 4.734 | H53: 0.004 | I53: 0.00835 | J53: =SUM(K53:N53) -> 115976 | K53: 51034 | L53: 16080 | M53: 46550 | N53: 2312 | O53: 117211 | P53: =O53-Q53-R53-S53 -> 52160.737 | Q53: 15980.878 | R53: 46724.286 | S53: 2345.0981 | T53: 8863 | U53: =T53-V53-W53-X53 -> 5109.5739 | V53: =22800*B53/1000 -> 893.076 | W53: =64027*B53/1000 -> 2507.9376 | X53: =8997*B53/1000 -> 352.41249 | Z53: 1095016 | AA53: =C53 -> 100000 | AB53: 845 | AD53: 15913 | AF53: 7083.33 | AG53: =AB53*E52 -> 5.07 | AI53: 5 | AL53: =AD53*E53 -> 95.478 | AM53: =AE53*F53 -> 0 | AT53: =AF53+AL53+AG53+AM53 -> 7183.878 | AU53: 104 | AV53: 1.3896 | AW53: =AU53*AV53*0.2 -> 28.90368 | AX53: 2135.35 | AY53: =T53 -> 8863 | AZ53: =J53 -> 115976 | BA53: =AY53*G53 -> 41957.442 | BB53: =AZ53*H53 -> 463.904 | BC53: 976 | BF53: =AX53+BA53+BB53+BD53 -> 44556.696 | BH53: E194CC-2402-1 | BI53: 117211 | BJ53: 0.04 | BK53: =BI53*BJ53 -> 4688.44 | BL53: 3399.52 | BM53: 13710.77 | BO53: =Z53 -> 1095016 | BP53: =AT53 +(K53/AZ53*AX53) +((T53-V53-W53-X53)/T53*BA53) +(K53/AZ53*BB53) -> 32516.375 | BQ53: =((L53+M53+N53)/AZ53*AX53) +((V53+W53+X53)/T53*BA53) +((L53+M53+N53)/AZ53*BB53) -> 19224.199 | BR53: =BP53+BQ53 -> 51740.574 | BS53: =BH53 -> E194CC-2402-1 | BT53: =P53*BJ53+BL53 -> 5485.9495 | BU53: =(Q53+R53+S53)*BJ53 -> 2602.0105 | BV53: =BT53+BU53 -> 8087.96
A54: =EOMONTH(A53,0)+1 -> 45352 | B54: 39.17 | C54: 100000 | D54: 0.006 | E54: 0.006 | F54: 0.041 | G54: 4.734 | H54: 0.004 | I54: 0.00835 | J54: =SUM(K54:N54) -> 111827 | K54: 44955 | L54: 15901 | M54: 48715 | N54: 2256 | O54: 112149 | P54: =O54-Q54-R54-S54 -> 45434.998 | Q54: 15846.242 | R54: 48691.962 | S54: 2175.7989 | T54: 8863 | U54: =T54-V54-W54-X54 -> 5109.5739 | V54: =22800*B54/1000 -> 893.076 | W54: =64027*B54/1000 -> 2507.9376 | X54: =8997*B54/1000 -> 352.41249 | Z54: 1098683 | AA54: =C54 -> 100000 | AD54: 17271 | AF54: 7083.33 | AG54: =AB54*E53 -> 0 | AL54: =AD54*E54 -> 103.626 | AM54: =AE54*F54 -> 0 | AN54: 103 | AT54: =AF54+AL54+AG54+AM54 -> 7186.956 | AX54: 2135.35 | AY54: =T54 -> 8863 | AZ54: =J54 -> 111827 | BA54: =AY54*G54 -> 41957.442 | BB54: =AZ54*H54 -> 447.308 | BC54: 931 | BF54: =AX54+BA54+BB54+BD54 -> 44540.1 | BH54: E194CC-2403-1 | BI54: 112149 | BJ54: 0.04 | BK54: =BI54*BJ54 -> 4485.96 | BL54: 3399.52 | BM54: 5825.29 | BO54: =Z54 -> 1098683 | BP54: =AT54 +(K54/AZ54*AX54) +((T54-V54-W54-X54)/T54*BA54) +(K54/AZ54*BB54) -> 32413.92 | BQ54: =((L54+M54+N54)/AZ54*AX54) +((V54+W54+X54)/T54*BA54) +((L54+M54+N54)/AZ54*BB54) -> 19313.136 | BR54: =BP54+BQ54 -> 51727.056 | BS54: =BH54 -> E194CC-2403-1 | BT54: =P54*BJ54+BL54 -> 5216.9199 | BU54: =(Q54+R54+S54)*BJ54 -> 2668.5601 | BV54: =BT54+BU54 -> 7885.48
A55: =EOMONTH(A54,0)+1 -> 45383 | B55: 39.17 | C55: 100000 | D55: 0.006 | E55: 0.006 | F55: 0.041 | G55: 4.734 | H55: 0.004 | I55: 0.00349 | J55: =SUM(K55:N55) -> 90364 | K55: 27434 | L55: 13980 | M55: 47700 | N55: 1250 | O55: 89066 | P55: =O55-Q55-R55-S55 -> 26798.955 | Q55: 13956.92 | R55: 47122.677 | S55: 1187.4473 | T55: 8863 | U55: =T55-V55-W55-X55 -> 5109.5739 | V55: =22800*B55/1000 -> 893.076 | W55: =64027*B55/1000 -> 2507.9376 | X55: =8997*B55/1000 -> 352.41249 | Z55: 1104722 | AA55: =C55 -> 100000 | AB55: 6896 | AE55: 1469 | AF55: 7083.33 | AG55: =AB55*E54 -> 41.376 | AI55: 42 | AL55: =AD55*E55 -> 0 | AM55: =AE55*F55 -> 60.229 | AN55: 9 | AT55: =AF55+AL55+AG55+AM55 -> 7184.935 | AX55: 2135.35 | AY55: =T55 -> 8863 | AZ55: =J55 -> 90364 | BA55: =AY55*G55 -> 41957.442 | BB55: =AZ55*H55 -> 361.456 | BC55: 319 | BD55: 26000 | BE55: -1905.97 | BF55: =AX55+BA55+BB55+BD55+BE55 -> 68548.278 | BH55: E194CC-2404-1 | BI55: 89066 | BJ55: 0.04 | BK55: =BI55*BJ55 -> 3562.64 | BL55: 3399.52 | BM55: -1136.87 | BO55: =Z55 -> 1104722 | BP55: =AT55 +(K55/AZ55*AX55) +((T55-V55-W55-X55)/T55*BA55) +(K55/AZ55*BB55) -> 32131.674 | BQ55: =((L55+M55+N55)/AZ55*AX55) +((V55+W55+X55)/T55*BA55) +((L55+M55+N55)/AZ55*BB55) -> 19507.509 | BR55: =BP55+BQ55 -> 51639.183 | BS55: =BH55 -> E194CC-2404-1 | BT55: =P55*BJ55+BL55 -> 4471.4782 | BU55: =(Q55+R55+S55)*BJ55 -> 2490.6818 | BV55: =BT55+BU55 -> 6962.16
A56: =EOMONTH(A55,0)+1 -> 45413 | B56: 39.17 | C56: 100000 | D56: 0.006 | E56: 0.006 | F56: 0.041 | G56: 4.862 | H56: 0.004 | I56: 0.00387 | J56: =SUM(K56:N56) -> 78821 | K56: 11102 | L56: 14989 | M56: 52290 | N56: 440 | O56: 78037 | P56: =O56-Q56-R56-S56 -> 10772.965 | Q56: 14847.506 | R56: 51868.052 | S56: 548.47706 | T56: 8863 | U56: =T56-V56-W56-X56 -> 5109.5739 | V56: =22800*B56/1000 -> 893.076 | W56: =64027*B56/1000 -> 2507.9376 | X56: =8997*B56/1000 -> 352.41249 | Z56: 1110809 | AA56: =C56 -> 100000 | AB56: 21360 | AF56: 7083.33 | AG56: =AB56*E55 -> 128.16 | AI56: 140 | AL56: =AD56*E56 -> 0 | AM56: =AE56*F56 -> 0 | AT56: =AF56+AL56+AG56+AM56 -> 7211.49 | AX56: 2192.93 | AY56: =T56 -> 8863 | AZ56: =J56 -> 78821 | BA56: =AY56*G56 -> 43091.906 | BB56: =AZ56*H56 -> 315.284 | BC56: 301 | BD56: =SUM(AY52:AY55)*0.128+612.88 -> 5150.736 | BF56: =AX56+BA56+BB56+BD56+BE56 -> 50750.856 | BH56: E194CC-2405-1 | BI56: =O56 -> 78037 | BJ56: 0.04 | BK56: =BI56*BJ56 -> 3121.48 | BL56: 3399.52 | BM56: -7657.87 | BO56: =Z56 -> 1110809 | BP56: =AT56 +(K56/AZ56*AX56) +((T56-V56-W56-X56)/T56*BA56) +(K56/AZ56*BB56) -> 32407.522 | BQ56: =((L56+M56+N56)/AZ56*AX56) +((V56+W56+X56)/T56*BA56) +((L56+M56+N56)/AZ56*BB56) -> 20404.088 | BR56: =BP56+BQ56 -> 52811.61 | BS56: =BH56 -> E194CC-2405-1 | BT56: =P56*BJ56+BL56 -> 3830.4386 | BU56: =(Q56+R56+S56)*BJ56 -> 2690.5614 | BV56: =BT56+BU56 -> 6521
A57: =EOMONTH(A56,0)+1 -> 45444 | B57: 39.17 | C57: 100000 | D57: 0.006 | E57: 0.006 | F57: 0.041 | G57: 4.862 | H57: 0.004 | I57: 0.00387 | J57: =SUM(K57:N57) -> 50174 | K57: 4500 | L57: 14079 | M57: 30650 | N57: 945 | O57: 52610 | P57: =O57-Q57-R57-S57 -> 5577.8159 | Q57: 14291.304 | R57: 31820.498 | S57: 920.38203 | T57: 8863 | U57: =T57-V57-W57-X57 -> 5109.5739 | V57: =22800*B57/1000 -> 893.076 | W57: =64027*B57/1000 -> 2507.9376 | X57: =8997*B57/1000 -> 352.41249 | Z57: 1114293 | AA57: =C57 -> 100000 | AB57: 8940 | AF57: 7083.33 | AG57: =AB57*E56 -> 53.64 | AI57: 60 | AL57: =AD57*E57 -> 0 | AM57: =AE57*F57 -> 0 | AT57: =AF57+AL57+AG57+AM57 -> 7136.97 | AX57: 2192.93 | AY57: =T57 -> 8863 | AZ57: =J57 -> 50174 | BA57: =AY57*G57 -> 43091.906 | BB57: =AZ57*H57 -> 200.696 | BC57: 215 | BF57: =AX57+BA57+BB57+BD57+BE57 -> 45485.532 | BH57: E194CC-2406-1 | BI57: =O57 -> 52610 | BJ57: 0.04 | BK57: =BI57*BJ57 -> 2104.4 | BL57: 3399.52 | BM57: 66838.21 | BO57: =Z57 -> 1114293 | BP57: =AT57 +(K57/AZ57*AX57) +((T57-V57-W57-X57)/T57*BA57) +(K57/AZ57*BB57) -> 32194.398 | BQ57: =((L57+M57+N57)/AZ57*AX57) +((V57+W57+X57)/T57*BA57) +((L57+M57+N57)/AZ57*BB57) -> 20428.104 | BR57: =BP57+BQ57 -> 52622.502 | BS57: =BH57 -> E194CC-2406-1 | BT57: =P57*BJ57+BL57 -> 3622.6326 | BU57: =(Q57+R57+S57)*BJ57 -> 1881.2874 | BV57: =BT57+BU57 -> 5503.92
A58: =EOMONTH(A57,0)+1 -> 45474 | B58: 39.09 | C58: 100000 | D58: 0.006 | E58: 0.006 | F58: 0.041 | G58: 4.862 | H58: 0.004 | I58: 0.00387 | J58: =SUM(K58:N58) -> 63871 | K58: 7743 | L58: 14858 | M58: 40680 | N58: 590 | O58: 63342 | P58: =O58-Q58-R58-S58 -> 7477.4588 | Q58: 14748.9 | R58: 40477.976 | S58: 637.66524 | T58: 8863 | U58: =T58-V58-W58-X58 -> 5117.2398 | V58: =22800*B58/1000 -> 891.252 | W58: =64027*B58/1000 -> 2502.8154 | X58: =8997*B58/1000 -> 351.69273 | Z58: 1117934 | AA58: =C58 -> 100000 | AB58: 6626 | AF58: 7083.33 | AG58: =AB58*E57 -> 39.756 | AI58: 34 | AL58: =AD58*E58 -> 0 | AM58: =AE58*F58 -> 0 | AT58: =AF58+AL58+AG58+AM58 -> 7123.086 | AX58: 2192.93 | AY58: =T58 -> 8863 | AZ58: =J58 -> 63871 | BA58: =AY58*G58 -> 43091.906 | BB58: =AZ58*H58 -> 255.484 | BC58: 245 | BF58: =AX58+BA58+BB58+BD58+BE58 -> 45540.32 | BH58: E194CC-2406-1 | BI58: =O58 -> 63342 | BJ58: 0.04 | BK58: =BI58*BJ58 -> 2533.68 | BL58: 3399.52 | BM58: 60905.01 | BO58: =Z58 -> 1117934 | BP58: =AT58 +(K58/AZ58*AX58) +((T58-V58-W58-X58)/T58*BA58) +(K58/AZ58*BB58) -> 32299.924 | BQ58: =((L58+M58+N58)/AZ58*AX58) +((V58+W58+X58)/T58*BA58) +((L58+M58+N58)/AZ58*BB58) -> 20363.482 | BR58: =BP58+BQ58 -> 52663.406 | BS58: =BH58 -> E194CC-2406-1 | BT58: =P58*BJ58+BL58 -> 3698.6184 | BU58: =(Q58+R58+S58)*BJ58 -> 2234.5816 | BV58: =BT58+BU58 -> 5933.2
A59: =EOMONTH(A58,0)+1 -> 45505 | B59: 39.09 | C59: 100000 | D59: 0.006 | E59: 0.006 | F59: 0.041 | G59: 4.862 | H59: 0.004 | I59: 0.00387 | J59: =SUM(K59:N59) -> 64160 | K59: 6797 | L59: 16088 | M59: 40645 | N59: 630 | O59: 63523 | P59: =O59-Q59-R59-S59 -> 6085.7715 | Q59: 16077.094 | R59: 40711.456 | S59: 648.67846 | T59: 8863 | U59: =T59-V59-W59-X59 -> 5117.2398 | V59: =22800*B59/1000 -> 891.252 | W59: =64027*B59/1000 -> 2502.8154 | X59: =8997*B59/1000 -> 351.69273 | Z59: 1122672 | AA59: =C59 -> 100000 | AB59: 12098 | AF59: 7083.33 | AG59: =AB59*E58 -> 72.588 | AI59: 60 | AL59: =AD59*E59 -> 0 | AM59: =AE59*F59 -> 0 | AT59: =AF59+AL59+AG59+AM59 -> 7155.918 | AX59: 2192.93 | AY59: =T59 -> 8863 | AZ59: =J59 -> 64160 | BA59: =AY59*G59 -> 43091.906 | BB59: =AZ59*H59 -> 256.64 | BC59: 251 | BF59: =AX59+BA59+BB59+BD59+BE59 -> 45541.476 | BH59: E194CC-2408-1 | BI59: =O59 -> 63523 | BJ59: 0.04 | BK59: =BI59*BJ59 -> 2540.92 | BL59: 3532.1 | BM59: 54831.99 | BO59: =Z59 -> 1122672 | BP59: =AT59 +(K59/AZ59*AX59) +((T59-V59-W59-X59)/T59*BA59) +(K59/AZ59*BB59) -> 32295.441 | BQ59: =((L59+M59+N59)/AZ59*AX59) +((V59+W59+X59)/T59*BA59) +((L59+M59+N59)/AZ59*BB59) -> 20401.953 | BR59: =BP59+BQ59 -> 52697.394 | BS59: =BH59 -> E194CC-2408-1 | BT59: =P59*BJ59+BL59 -> 3775.5309 | BU59: =(Q59+R59+S59)*BJ59 -> 2297.4891 | BV59: =BT59+BU59 -> 6073.02
A60: =EOMONTH(A59,0)+1 -> 45536 | B60: 39.09 | C60: 100000 | D60: 0.006 | E60: 0.006 | F60: 0.041 | G60: 4.862 | H60: 0.004 | I60: 0.00387 | J60: =SUM(K60:N60) -> 62483 | K60: 6910 | L60: 15663 | M60: 39310 | N60: 600 | O60: 62091 | P60: =O60-Q60-R60-S60 -> 6669.1901 | Q60: 15581.499 | R60: 39296.258 | S60: 544.0529 | T60: 8863 | U60: 6413.5112 | V60: =22800*B60/1000 -> 891.252 | W60: =64027*B60/1000 -> 2502.8154 | X60: =8997*B60/1000 -> 351.69273 | Z60: 1126549 | AA60: =C60 -> 100000 | AB60: 12030 | AF60: 7083.33 | AG60: =AB60*E59 -> 72.18 | AI60: 60 | AL60: =AD60*E60 -> 0 | AM60: =AE60*F60 -> 0 | AT60: =AF60+AL60+AG60+AM60 -> 7155.51 | AX60: 2192.93 | AY60: =T60 -> 8863 | AZ60: =J60 -> 62483 | BA60: =AY60*G60 -> 43091.906 | BB60: =AZ60*H60 -> 249.932 | BC60: 239 | BF60: =AX60+BA60+BB60+BD60+BE60 -> 45534.768 | BH60: E194CC-2409-1 | BI60: 62091 | BJ60: 0.04 | BK60: =BI60*BJ60 -> 2483.64 | BL60: 3532.1 | BM60: 48816.25 | BO60: =Z60 -> 1126549 | BP60: =AT60 +(K60/AZ60*AX60) +((T60-V60-W60-X60)/T60*BA60) +(K60/AZ60*BB60) -> 32305.686 | BQ60: =((L60+M60+N60)/AZ60*AX60) +((V60+W60+X60)/T60*BA60) +((L60+M60+N60)/AZ60*BB60) -> 20384.592 | BR60: =BP60+BQ60 -> 52690.278 | BS60: =BH60 -> E194CC-2409-1 | BT60: =P60*BJ60+BL60 -> 3798.8676 | BU60: =(Q60+R60+S60)*BJ60 -> 2216.8724 | BV60: =BT60+BU60 -> 6015.74
A61: =EOMONTH(A60,0)+1 -> 45566 | B61: 39.09 | C61: 100000 | D61: 0.006 | E61: 0.006 | F61: 0.041 | G61: 4.862 | H61: 0.004 | I61: 0.00387 | J61: =SUM(K61:N61) -> 117888 | K61: 52144 | L61: 15598 | M61: 49426 | N61: 720 | O61: 117602 | P61: =O61-Q61-R61-S61 -> 51778.207 | Q61: 15820.486 | R61: 49320.488 | S61: 682.81943 | T61: 8863 | U61: 6413.5112 | V61: =22800*B61/1000 -> 891.252 | W61: =64027*B61/1000 -> 2502.8154 | X61: =8997*B61/1000 -> 351.69273 | Z61: 1131648 | AA61: =C61 -> 100000 | AF61: 7083.33 | AG61: =AB61*E60 -> 0 | AL61: =AD61*E61 -> 0 | AM61: =AE61*F61 -> 0 | AT61: =AF61+AL61+AG61+AM61 -> 7083.33 | AX61: 2192.93 | AY61: =T61 -> 8863 | AZ61: =J61 -> 117888 | BA61: =AY61*G61 -> 43091.906 | BB61: =AZ61*H61 -> 471.552 | BC61: 458 | BF61: =AX61+BA61+BB61+BD61+BE61 -> 45756.388 | BH61: E194CC-2410-1 | BI61: 117602 | BJ61: 0.04 | BK61: =BI61*BJ61 -> 4704.08 | BL61: 3532.1 | BM61: 40580.07 | BO61: =Z61 -> 1131648 | BP61: =AT61 +(K61/AZ61*AX61) +((T61-V61-W61-X61)/T61*BA61) +(K61/AZ61*BB61) -> 33141.899 | BQ61: =((L61+M61+N61)/AZ61*AX61) +((V61+W61+X61)/T61*BA61) +((L61+M61+N61)/AZ61*BB61) -> 19697.819 | BR61: =BP61+BQ61 -> 52839.718 | BS61: =BH61 -> E194CC-2410-1 | BT61: =P61*BJ61+BL61 -> 5603.2283 | BU61: =(Q61+R61+S61)*BJ61 -> 2632.9517 | BV61: =BT61+BU61 -> 8236.18
A62: =EOMONTH(A61,0)+1 -> 45597 | B62: 39.09 | C62: 100000 | D62: 0.006 | E62: 0.006 | F62: 0.041 | G62: 4.862 | H62: 0.004 | I62: 0.00869 | J62: =SUM(K62:N62) -> 108772 | K62: 44016 | L62: 16200 | M62: 47196 | N62: 1360 | O62: 110283 | P62: =O62-Q62-R62-S62 -> 45089.163 | Q62: 16435.023 | R62: 47274.232 | S62: 1484.5816 | T62: 8863 | U62: 6413.5112 | V62: =22800*B62/1000 -> 891.252 | W62: =64027*B62/1000 -> 2502.8154 | X62: =8997*B62/1000 -> 351.69273 | Z62: 1136316 | AA62: =C62 -> 100000 | AD62: 4800 | AF62: 7083.33 | AG62: =AB62*E61 -> 0 | AL62: =AD62*E62 -> 28.8 | AM62: =AE62*F62 -> 0 | AN62: 28 | AT62: =AF62+AL62+AG62+AM62 -> 7112.13 | AX62: 2192.93 | AY62: =T62 -> 8863 | AZ62: =J62 -> 108772 | BA62: =AY62*G62 -> 43091.906 | BB62: =AZ62*H62 -> 435.088 | BC62: 944 | BF62: =AX62+BA62+BB62+BD62+BE62 -> 45719.924 | BH62: E194CC-2411-1 | BI62: 110283 | BJ62: 0.04 | BK62: =BI62*BJ62 -> 4411.32 | BL62: 3532.1 | BM62: 32636.65 | BO62: =Z62 -> 1136316 | BP62: =AT62 +(K62/AZ62*AX62) +((T62-V62-W62-X62)/T62*BA62) +(K62/AZ62*BB62) -> 33055.612 | BQ62: =((L62+M62+N62)/AZ62*AX62) +((V62+W62+X62)/T62*BA62) +((L62+M62+N62)/AZ62*BB62) -> 19776.442 | BR62: =BP62+BQ62 -> 52832.054 | BS62: =BH62 -> E194CC-2411-1 | BT62: =P62*BJ62+BL62 -> 5335.6665 | BU62: =(Q62+R62+S62)*BJ62 -> 2607.7535 | BV62: =BT62+BU62 -> 7943.42
A63: =EOMONTH(A62,0)+1 -> 45627 | B63: 39.09 | C63: 100000 | D63: 0.006 | E63: 0.006 | F63: 0.041 | G63: 4.862 | H63: 0.004 | I63: 0.00869 | J63: =SUM(K63:N63) -> 143577 | K63: 67757 | L63: 18550 | M63: 54490 | N63: 2780 | O63: 141664 | P63: =O63-Q63-R63-S63 -> 66434.92 | Q63: 18314.979 | R63: 54275.334 | S63: 2638.7667 | T63: 8863 | U63: 6413.5112 | V63: =22800*B63/1000 -> 891.252 | W63: =64027*B63/1000 -> 2502.8154 | X63: =8997*B63/1000 -> 351.69273 | Z63: 1140946 | AA63: =C63 -> 100000 | AD63: 19000 | AF63: 7083.33 | AG63: =AB63*E62 -> 0 | AL63: =AD63*E63 -> 114 | AM63: =AE63*F63 -> 0 | AN63: 112 | AT63: =AF63+AL63+AG63+AM63 -> 7197.33 | AX63: 2192.93 | AY63: =T63 -> 8863 | AZ63: =J63 -> 143577 | BA63: =AY63*G63 -> 43091.906 | BB63: =AZ63*H63 -> 574.308 | BC63: 1251 | BF63: =AX63+BA63+BB63+BD63+BE63 -> 45859.144 | BH63: E194CC-2412-1 | BI63: 141664 | BJ63: 0.04 | BK63: =BI63*BJ63 -> 5666.56 | BL63: 3532.1 | BM63: 23437.99 | BO63: =Z63 -> 1140946 | BP63: =AT63 +(K63/AZ63*AX63) +((T63-V63-W63-X63)/T63*BA63) +(K63/AZ63*BB63) -> 33383.268 | BQ63: =((L63+M63+N63)/AZ63*AX63) +((V63+W63+X63)/T63*BA63) +((L63+M63+N63)/AZ63*BB63) -> 19673.206 | BR63: =BP63+BQ63 -> 53056.474 | BS63: =BH63 -> E194CC-2412-1 | BT63: =P63*BJ63+BL63 -> 6189.4968 | BU63: =(Q63+R63+S63)*BJ63 -> 3009.1632 | BV63: =BT63+BU63 -> 9198.66
A64: =EOMONTH(A63,0)+1 -> 45658 | B64: 39.09 | C64: 100000 | D64: 0.006 | E64: 0.006 | F64: 0.041 | G64: 5.24 | H64: 0.004 | I64: 0.00869 | J64: =SUM(K64:N64) -> 165970 | K64: 85603 | L64: 20755 | M64: 56043 | N64: 3569 | O64: 167118.95 | P64: =O64-Q64-R64-S64 -> 86537.451 | Q64: 20769.825 | R64: 56155.29 | S64: 3656.3879 | T64: 8863 | U64: 6413.5112 | V64: =22800*B64/1000 -> 891.252 | W64: =64027*B64/1000 -> 2502.8154 | X64: =8997*B64/1000 -> 351.69273 | Z64: 1145727 | AA64: =C64 -> 100000 | AB64: 500 | AD64: 15500 | AF64: 7083.33 | AG64: =AB64*E63 -> 3 | AI64: 3 | AL64: =AD64*E64 -> 93 | AM64: =AE64*F64 -> 0 | AN64: 93 | AT64: =AF64+AL64+AG64+AM64 -> 7179.33 | AX64: 2273.08 | AY64: =T64 -> 8863 | AZ64: 165970 | BA64: =AY64*G64 -> 46442.12 | BB64: =AZ64*H64 -> 663.88 | BC64: 1437 | BF64: =AX64+BA64+BB64+BD64+BE64 -> 49379.08 | BH64: E194CC-2501-1 | BI64: 166628 | BJ64: 0.04 | BK64: =BI64*BJ64 -> 6665.12 | BL64: 3532.1 | BM64: 13221.132 | BO64: =Z64 -> 1145727 | BP64: =AT64 +(K64/AZ64*AX64) +((T64-V64-W64-X64)/T64*BA64) +(K64/AZ64*BB64) -> 35508.474 | BQ64: =((L64+M64+N64)/AZ64*AX64) +((V64+W64+X64)/T64*BA64) +((L64+M64+N64)/AZ64*BB64) -> 21049.936 | BR64: =BP64+BQ64 -> 56558.41 | BS64: =BH64 -> E194CC-2501-1 | BT64: =P64*BJ64+BL64 -> 6993.598 | BU64: =(Q64+R64+S64)*BJ64 -> 3223.2601 | BV64: =BT64+BU64 -> 10216.858
A65: =EOMONTH(A64,0)+1 -> 45689 | B65: 39.09 | C65: 100000 | D65: 0.006 | E65: 0.006 | F65: 0.041 | G65: 5.24 | H65: 0.004 | I65: 0.00869 | J65: 145149 | K65: 73355 | L65: 19187 | M65: 48580 | N65: 4027 | O65: 144806 | P65: 73145.202 | Q65: 18997.799 | R65: 48731.281 | S65: 3931.7183 | T65: 8863 | U65: 5117.2398 | V65: 891.252 | W65: 2502.8154 | X65: 351.69273 | Z65: 1151879 | AA65: 100000 | AD65: 29900 | AF65: 7083.33 | AG65: 0 | AL65: 179.4 | AM65: 0 | AN65: 175 | AT65: 7262.73 | AX65: 2273.08 | AY65: 8863 | AZ65: 145149 | BA65: 46442.12 | BB65: 580.596 | BC65: 1267 | BD65: 1630.21 | BF65: 50926.006 | BH65: E194CC-2502-1 | BI65: 144806 | BJ65: 0.04 | BK65: 5792.24 | BL65: 3532.1 | BM65: 3896.7918 | BO65: 1151879 | BP65: 35519.25 | BQ65: 21039.276 | BR65: 56558.526 | BS65: E194CC-2502-1 | BT65: 6457.9081 | BU65: 2866.4319 | BV65: 9324.34
A66: =EOMONTH(A65,0)+1 -> 45717 | B66: 39.09 | C66: 100000 | D66: 0.006 | E66: 0.006 | F66: 0.041 | G66: 5.24 | H66: 0.004 | I66: 0.00869 | J66: 131156 | K66: 55670 | L66: 17758 | M66: 54415 | N66: 3313 | O66: 131929 | P66: 56151.462 | Q66: 18046.257 | R66: 54406.391 | S66: 3324.8901 | T66: 8863 | U66: 5117.2398 | V66: 891.252 | W66: 2502.8154 | X66: 351.69273 | Z66: 1157485 | AA66: 100000 | AB66: 497 | AD66: 22900 | AF66: 7083.33 | AG66: 2.982 | AI66: 3 | AL66: 137.4 | AM66: 0 | AN66: 139 | AT66: 7223.712 | AX66: 2273.08 | AY66: 8863 | AZ66: 131156 | BA66: 46442.12 | BB66: 524.624 | BC66: 1268 | BF66: 49239.824 | BH66: E194CC-2503-1 | BI66: 131929 | BJ66: 0.04 | BK66: 5277.16 | BL66: 3533.1 | BM66: 38832.532 | BO66: 1157485 | BP66: 35225.552 | BQ66: 21237.984 | BR66: 56463.536 | BS66: E194CC-2503-1 | BT66: 5779.1585 | BU66: 3031.1015 | BV66: 8810.26
A67: =EOMONTH(A66,0)+1 -> 45748 | B67: 39.02 | C67: 100000 | D67: 0.006 | E67: 0.006 | F67: 0.041 | G67: 5.24 | H67: 0.004 | I67: 0.00387 | J67: =SUM(K67:N67) -> 107562 | K67: 40356 | L67: 16790 | M67: 47826 | N67: 2590 | O67: 106575 | P67: =O67-Q67-R67-S67 -> 39184.026 | Q67: 16809.472 | R67: 47884.364 | S67: 2697.1367 | T67: 8863 | U67: =T67-V67-W67-X67 -> 5117.2398 | V67: 891.252 | W67: 2502.8154 | X67: 351.69273 | Z67: 1165982 | AA67: =C67 -> 100000 | AB67: 17250 | AC67: 3528 | AE67: 6850 | AF67: 7083.33 | AG67: =AB67*E66 -> 103.5 | AH67: =AC67*F67 -> 144.648 | AI67: 115 | AJ67: 35 | AL67: =AD67*E67 -> 0 | AM67: =AE67*F67 -> 280.85 | AN67: 40 | AT67: =AF67+AL67+AH67+AG67+AM67 -> 7612.328 | AX67: 2273.08 | AY67: =T67 -> 8863 | AZ67: =J67 -> 107562 | BA67: =AY67*G67 -> 46442.12 | BB67: =AZ67*H67 -> 430.248 | BC67: 406 | BE67: -3061.18 | BF67: =AX67+BA67+BB67+BD67+BE67 -> 46084.268 | BH67: E194CC-2504-1 | BI67: =O67 -> 106575 | BJ67: 0.04 | BK67: =BI67*BJ67 -> 4263 | BL67: 3532.1 | BM67: 31037.432 | BO67: =Z67 -> 1165982 | BP67: =AT67 +(K67/AZ67*AX67) +((T67-V67-W67-X67)/T67*BA67) +(K67/AZ67*BB67) -> 35440.922 | BQ67: =((L67+M67+N67)/AZ67*AX67) +((V67+W67+X67)/T67*BA67) +((L67+M67+N67)/AZ67*BB67) -> 21316.854 | BR67: =BP67+BQ67 -> 56757.776 | BS67: =BH67 -> E194CC-2504-1 | BT67: =P67*BJ67+BL67 -> 5099.4611 | BU67: =(Q67+R67+S67)*BJ67 -> 2695.6389 | BV67: =BT67+BU67 -> 7795.1
A68: =EOMONTH(A67,0)+1 -> 45778 | B68: 39.02 | C68: 100000 | D68: 0.006 | E68: 0.006 | F68: 0.041 | G68: 5.24 | H68: 0.004 | I68: 0.00387 | J68: =SUM(K68:N68) -> 84289 | K68: 20502 | L68: 16788 | M68: 45129 | N68: 1870 | O68: 84380 | P68: =O68-Q68-R68-S68 -> 21341.102 | Q68: 16691.423 | R68: 44452.196 | S68: 1895.2785 | T68: 8863 | U68: =T68-V68-W68-X68 -> 5117.2398 | V68: 891.252 | W68: 2502.8154 | X68: 351.69273 | Z68: 1167724 | AA68: =C68 -> 100000 | AB68: 23250 | AF68: 7083.33 | AG68: =AB68*E67 -> 139.5 | AI68: 155 | AT68: =AF68+AL68+AH68+AG68+AM68 -> 7222.83 | AX68: 2273.08 | AY68: =T68 -> 8863 | AZ68: =J68 -> 84289 | BA68: =AY68*G68 -> 46442.12 | BB68: =AZ68*H68 -> 337.156 | BC68: 321 | BF68: =AX68+BA68+BB68+BD68+BE68 -> 49052.356 | BH68: E194CC-2505-1 | BI68: =O68 -> 84380 | BJ68: 0.04 | BK68: =BI68*BJ68 -> 3375.2 | BL68: 3532.1 | BM68: 24130.132 | BO68: =Z68 -> 1167724 | BP68: =AT68 +(K68/AZ68*AX68) +((T68-V68-W68-X68)/T68*BA68) +(K68/AZ68*BB68) -> 34672.066 | BQ68: =((L68+M68+N68)/AZ68*AX68) +((V68+W68+X68)/T68*BA68) +((L68+M68+N68)/AZ68*BB68) -> 21603.12 | BR68: =BP68+BQ68 -> 56275.186 | BS68: =BH68 -> E194CC-2505-1 | BT68: =P68*BJ68+BL68 -> 4385.7441 | BU68: =(Q68+R68+S68)*BJ68 -> 2521.5559 | BV68: =BT68+BU68 -> 6907.3
A69: =EOMONTH(A68,0)+1 -> 45809 | B69: 39.02 | C69: 100000 | D69: 0.006 | E69: 0.006 | F69: 0.041 | G69: 5.24 | H69: 0.004 | I69: 0.00387 | J69: =SUM(K69:N69) -> 51875 | K69: 7110 | L69: 14765 | M69: 28900 | N69: 1100 | O69: 53663 | P69: =O69-Q69-R69-S69 -> 8613.86 | Q69: 14436.66 | R69: 29535.12 | S69: 1077.36 | T69: 8863 | U69: =T69-V69-W69-X69 -> 5117.2398 | V69: 891.252 | W69: 2502.8154 | X69: 351.69273 | Z69: 1171726 | AA69: =C69 -> 100000 | AB69: 16530 | AF69: 7083.33 | AG69: 99.18 | AI69: 90 | AL69: 0 | AM69: 0 | AN69: 0 | AT69: =AF69+AL69+AH69+AG69+AM69 -> 7182.51 | AX69: 2273.08 | AY69: =T69 -> 8863 | AZ69: =J69 -> 51875 | BA69: =AY69*G69 -> 46442.12 | BB69: =AZ69*H69 -> 207.5 | BC69: 200 | BF69: =AX69+BA69+BB69+BD69+BE69 -> 48922.7 | BH69: E194CC-2506-1 | BI69: =O69 -> 53663 | BJ69: 0.04 | BK69: =BI69*BJ69 -> 2146.52 | BL69: 3532.1 | BM69: 18451.512 | BO69: =Z69 -> 1171726 | BP69: =AT69 +(K69/AZ69*AX69) +((T69-V69-W69-X69)/T69*BA69) +(K69/AZ69*BB69) -> 34336.836 | BQ69: =((L69+M69+N69)/AZ69*AX69) +((V69+W69+X69)/T69*BA69) +((L69+M69+N69)/AZ69*BB69) -> 21768.374 | BR69: =BP69+BQ69 -> 56105.21 | BS69: =BH69 -> E194CC-2506-1 | BT69: =P69*BJ69+BL69 -> 3876.6544 | BU69: =(Q69+R69+S69)*BJ69 -> 1801.9656 | BV69: =BT69+BU69 -> 5678.62
A70: =EOMONTH(A69,0)+1 -> 45839 | B70: 39.02 | C70: 100000 | D70: 0.006 | E70: 0.006 | F70: 0.041 | G70: 5.24 | H70: 0.003 | I70: 0.00387 | J70: =SUM(K70:N70) -> 60964 | K70: 8601 | L70: 14093 | M70: 36975 | N70: 1295 | O70: 61330 | P70: =O70-Q70-R70-S70 -> 11074.41 | Q70: 14424.56 | R70: 33684 | S70: 2147.03 | T70: 8863 | U70: =T70-V70-W70-X70 -> 5117.2398 | V70: 891.252 | W70: 2502.8154 | X70: 351.69273 | Z70: 1175936 | AA70: =C70 -> 100000 | AB70: 15069 | AF70: 7083.33 | AG70: 90.41 | AI70: 101 | AT70: =AF70+AL70+AH70+AG70+AM70 -> 7173.74 | AX70: 2273.08 | AY70: =T70 -> 8863 | AZ70: =J70 -> 60964 | BA70: =AY70*G70 -> 46442.12 | BB70: =AZ70*H70 -> 182.892 | BC70: 253 | BF70: =AX70+BA70+BB70+BD70+BE70 -> 48898.092 | BH70: E194CC-2507-1 | BI70: =O70 -> 61330 | BJ70: 0.04 | BK70: 2453.2 | BL70: 3532.1 | BM70: 12466.212 | BO70: =Z70 -> 1175936 | BP70: =AT70 +(K70/AZ70*AX70) +((T70-V70-W70-X70)/T70*BA70) +(K70/AZ70*BB70) -> 34334.573 | BQ70: =((L70+M70+N70)/AZ70*AX70) +((V70+W70+X70)/T70*BA70) +((L70+M70+N70)/AZ70*BB70) -> 21737.259 | BR70: =BP70+BQ70 -> 56071.832 | BS70: =BH70 -> E194CC-2507-1 | BT70: =P70*BJ70+BL70 -> 3975.0764 | BU70: =(Q70+R70+S70)*BJ70 -> 2010.2236 | BV70: =BT70+BU70 -> 5985.3
A71: =EOMONTH(A70,0)+1 -> 45870 | B71: 39.02 | C71: 100000 | D71: 0.006 | E71: 0.006 | F71: 0.041 | G71: 5.24 | H71: 0.003 | I71: 0.00387 | J71: =SUM(K71:N71) -> 62962 | K71: 9004 | L71: 15378 | M71: 37095 | N71: 1485 | O71: 62095 | P71: =O71-Q71-R71-S71 -> 13096 | Q71: 14095 | R71: 33636 | S71: 1268 | T71: 8863 | U71: =T71-V71-W71-X71 -> 5117.2398 | V71: 891.252 | W71: 2502.8154 | X71: 351.69273 | Z71: 1180836 | AA71: =C71 -> 100000 | AB71: 13857 | AF71: 7083.33 | AG71: 83.14 | AI71: 93 | AT71: =AF71+AL71+AH71+AG71+AM71 -> 7166.47 | AX71: 2273.08 | AY71: =T71 -> 8863 | AZ71: =J71 -> 62962 | BA71: =AY71*G71 -> 46442.12 | BB71: =AZ71*H71 -> 188.886 | BC71: 235 | BF71: =AX71+BA71+BB71+BD71+BE71 -> 48904.086 | BH71: E194CC-2506-2 | BI71: =O71 -> 62095 | BJ71: 0.04 | BK71: =BI71*BJ71 -> 2483.8 | BL71: 3616.87 | BM71: 6365.5418 | BO71: =Z71 -> 1180836 | BP71: =AT71 +(K71/AZ71*AX71) +((T71-V71-W71-X71)/T71*BA71) +(K71/AZ71*BB71) -> 34332.885 | BQ71: =((L71+M71+N71)/AZ71*AX71) +((V71+W71+X71)/T71*BA71) +((L71+M71+N71)/AZ71*BB71) -> 21737.671 | BR71: =BP71+BQ71 -> 56070.556 | BT71: =P71*BJ71+BL71 -> 4140.71 | BU71: =(Q71+R71+S71)*BJ71 -> 1959.96 | BV71: =BT71+BU71 -> 6100.67
A72: 45901 | B72: 39.02 | C72: 100000 | D72: 0.006 | E72: 0.006 | F72: 0.041 | G72: 5.24 | H72: 0.003 | I72: 0.00387 | J72: 65813 | K72: 10048 | L72: 15740 | M72: 38950 | N72: 1075 | O72: 63896 | P72: 8436.02 | Q72: 15536 | R72: 38825.73 | S72: 1098.25 | T72: 8863 | U72: 5117.2398 | V72: 891.252 | W72: 2502.8154 | X72: 351.69273 | Z72: 1184298 | AA72: 100000 | AB72: 9058 | AF72: 7083.33 | AG72: 54.35 | AI72: 60 | AT72: 7137.68 | AX72: 2273.08 | AY72: 8863 | AZ72: 65813 | BA72: 46442.12 | BB72: 197.439 | BC72: 249 | BF72: 48912.639 | BH72: E194CC-2509-1 | BI72: 63896 | BJ72: 0.04 | BK72: 2555.84 | BL72: 3616.87 | BM72: 192.83184 | BO72: 1184298 | BP72: 34329.203 | BQ72: 21721.116 | BR72: 56050.319 | BS72: E194CC-2509-1 | BT72: 3954.3108 | BU72: 2218.3992 | BV72: 6172.71
A73: 45931 | B73: 39.02 | C73: 100000 | D73: 0.006 | E73: 0.006 | F73: 0.041 | G73: 5.24 | H73: 0.003 | I73: 0.00387 | J73: 90046 | K73: 27523 | L73: 15683 | M73: 45000 | N73: 1840 | O73: 93898 | P73: 31293.345 | Q73: 15868.01 | R73: 44894.135 | S73: 1842.5097 | T73: 8863 | U73: 5117.2398 | V73: 891.252 | W73: 2502.8154 | X73: 351.69273 | Z73: 1190197 | AA73: 100000 | AB73: 0 | AF73: 7083.33 | AG73: 0 | AT73: 7083.33 | AX73: 2273.08 | AY73: 8863 | AZ73: 90046 | BA73: 46442.12 | BB73: 270.138 | BC73: 348 | BF73: 48985.338 | BH73: E194CC-2510-1 | BI73: 93898 | BJ73: 0.04 | BK73: 3755.92 | BL73: 3616.87 | BM73: 22820.042 | BO73: 1190197 | BP73: 34675.014 | BQ73: 21393.654 | BR73: 56068.668 | BS73: E194CC-2510-1 | BT73: 4868.6038 | BU73: 2504.1862 | BV73: 7372.79
A74: 45962 | B74: 39.02 | C74: 100000 | D74: 0.006 | E74: 0.006 | F74: 0.041 | G74: 5.24 | H74: 0.003 | I74: 0.00387 | J74: 177368 | K74: 109230 | L74: 17985 | M74: 46400 | N74: 3753 | O74: 172221 | P74: 103427.01 | Q74: 18167.85 | R74: 46780.618 | S74: 3845.5245 | T74: 8863 | U74: 5117.2398 | V74: 891.252 | W74: 2502.8154 | X74: 351.69273 | Z74: 1194759 | AA74: 100000 | AB74: 0 | AF74: 7083.33 | AG74: 0 | AT74: 7083.33 | AX74: 2273.08 | AY74: 8863 | AZ74: 177368 | BA74: 46442.12 | BB74: 532.104 | BC74: 1543 | BF74: 49247.304 | BH74: E194CC-2511-1 | BI74: 172221 | BJ74: 0.04 | BK74: 6888.84 | BL74: 3616.87 | BM74: 12314.332 | BO74: 1194759 | BP74: 35625.206 | BQ74: 20705.428 | BR74: 56330.634 | BS74: E194CC-2511-1 | BT74: 7753.9503 | BU74: 2751.7597 | BV74: 10505.71
A75: 45992 | B75: 39.02 | C75: 100000 | D75: 0.006 | E75: 0.006 | F75: 0.041 | G75: 5.24 | H75: 0.003 | I75: 0.00387 | J75: 165329 | K75: 85042 | L75: 20748 | M75: 52940 | N75: 6599 | O75: 168668 | P75: 88573.794 | Q75: 20309.382 | R75: 53155.746 | S75: 6629.0774 | T75: 8863 | U75: 5117.2398 | V75: 891.252 | W75: 2502.8154 | X75: 351.69273 | Z75: 1200127 | AA75: 100000 | AD75: 31765 | AF75: 7083.33 | AL75: 190.59 | AT75: 7273.92 | AX75: 2273.08 | AY75: 8863 | AZ75: 165329 | BA75: 46442.12 | BB75: 495.987 | BC75: 1443 | BF75: 49211.187 | BH75: E194CC-2512-1 | BI75: 168668 | BJ75: 0.045 | BK75: 7590.06 | BL75: -5903.14 | BM75: 10627.412 | BO75: 1200127 | BP75: 35512.611 | BQ75: 20972.496 | BR75: 56485.107 | BS75: E194CC-2512-1 | BT75: -1917.3193 | BU75: 3604.2393 | BV75: 1686.92
A76: 46023 | B76: 39.02 | C76: 100000 | D76: 0.006 | E76: 0.006 | F76: 0.041 | G76: 5.286 | H76: 0.004 | I76: 0.00869 | J76: 171208 | K76: 92749 | L76: 19066 | M76: 51805 | N76: 7588 | O76: 172591 | P76: 94474.524 | Q76: 19273.795 | R76: 51382.495 | S76: 7460.1856 | T76: 8863 | U76: 5117.2398 | V76: 891.252 | W76: 2502.8154 | X76: 351.69273 | Z76: 1205534 | AA76: 100000 | AB76: 4700 | AD76: 21066 | AF76: 7083.33 | AG76: 28.2 | AI76: 29 | AL76: 126.396 | AN76: 123 | AO76: 1900 | AP76: 19 | AQ76: 77.9 | AT76: 7315.826 | AX76: 2363.94 | AY76: 8863 | AZ76: 171208 | BA76: 46849.818 | BB76: 684.832 | BC76: 1481 | BD76: -18017.36 | BF76: 31881.23 | BH76: E194CC-2601-1 | BI76: 172591 | BJ76: 0.045 | BK76: 7766.595 | BL76: 0 | BM76: 2860.8168 | BO76: 1205534 | BP76: 36017.176 | BQ76: 21197.24 | BR76: 57214.416 | BS76: E194CC-2601-1 | BT76: 4251.3536 | BU76: 3515.2414 | BV76: 7766.595
A77: =EOMONTH(A76,0)+1 -> 46054 | B77: 39.02 | C77: 100000 | D77: 0.006 | E77: 0.006 | F77: 0.041 | G77: 5.286 | H77: 0.004 | I77: 0.00869 | J77: 145282 | K77: 78851 | L77: 16879 | M77: 43210 | N77: 6342 | O77: 142995 | P77: =O77-Q77-R77-S77 -> 76621.775 | Q77: 16716.708 | R77: 43362.741 | S77: 6293.7758 | T77: 8863 | U77: =T77-V77-W77-X77 -> 5117.2398 | V77: 891.252 | W77: 2502.8154 | X77: 351.69273 | Z77: 1210150 | AA77: =C77 -> 100000 | AD77: 27125 | AF77: 7083.33 | AG77: =AB77*E76 -> 0 | AL77: =AD77*E77 -> 162.75 | AN77: 160 | AO77: 3100 | AP77: 31 | AQ77: =AO77*F77 -> 127.1 | AT77: =AF77+AL77+AH77+AG77+AM77+AQ77 -> 7373.18 | AX77: 2363.94 | AY77: 8863 | AZ77: 145282 | BA77: =AY77*G77 -> 46849.818 | BB77: =AZ77*H77 -> 581.128 | BC77: 1259 | BF77: =AX77+BA77+BB77+BD77+BE77 -> 49794.886 | BH77: E194CC-2602-1 | BI77: 142995 | BJ77: 0.045 | BK77: 6434.775 | BL77: 0 | BM77: -3573.9582 | BO77: =Z77 -> 1210150 | BP77: =AT77 +(K77/AZ77*AX77) +((T77-V77-W77-X77)/T77*BA77) +(K77/AZ77*BB77) -> 36021.329 | BQ77: =((L77+M77+N77)/AZ77*AX77) +((V77+W77+X77)/T77*BA77) +((L77+M77+N77)/AZ77*BB77) -> 21146.737 | BR77: =BP77+BQ77 -> 57168.066 | BS77: =BH77 -> E194CC-2602-1 | BT77: =P77*BJ77+BL77 -> 3447.9799 | BU77: =(Q77+R77+S77)*BJ77 -> 2986.7951 | BV77: =BT77+BU77 -> 6434.775
A78: =EOMONTH(A77,0)+1 -> 46082 | B78: 39.02 | C78: 100000 | D78: 0.006 | E78: 0.006 | F78: 0.041 | G78: 5.286 | H78: 0.004 | I78: 0.00387 | J78: 133529 | K78: 66376 | L78: 16034 | M78: 45596 | N78: 5523 | O78: 133189 | P78: =O78-Q78-R78-S78 -> 66096.801 | Q78: 16220.902 | R78: 45304.192 | S78: 5567.1058 | T78: 8863 | U78: =T78-V78-W78-X78 -> 5117.2398 | V78: 891.252 | W78: 2502.8154 | X78: 351.69273 | Z78: 1213521 | AA78: =C78 -> 100000 | AB78: 2000 | AD78: 800 | AF78: 7083.33 | AG78: =AB78*E77 -> 12 | AI78: 13 | AL78: =AD78*E78 -> 4.8 | AT78: =AF78+AL78+AH78+AG78+AM78+AQ78 -> 7100.13 | AX78: 2363.94 | AY78: 8863 | AZ78: 133529 | BA78: =AY78*G78 -> 46849.818 | BB78: =AZ78*H78 -> 534.116 | BC78: 1162 | BF78: =AX78+BA78+BB78+BD78+BE78 -> 49747.874 | BH78: E194CC-2603-1 | BI78: 133189 | BJ78: 0.045 | BK78: 5993.505 | BL78: 0 | BM78: -9567.4632 | BO78: =Z78 -> 1213521 | BP78: =AT78 +(K78/AZ78*AX78) +((T78-V78-W78-X78)/T78*BA78) +(K78/AZ78*BB78) -> 35590.456 | BQ78: =((L78+M78+N78)/AZ78*AX78) +((V78+W78+X78)/T78*BA78) +((L78+M78+N78)/AZ78*BB78) -> 21257.548 | BR78: =BP78+BQ78 -> 56848.004 | BS78: =BH78 -> E194CC-2603-1 | BT78: =P78*BJ78+BL78 -> 2974.356 | BU78: =(Q78+R78+S78)*BJ78 -> 3019.149 | BV78: =BT78+BU78 -> 5993.505
A79: =EOMONTH(A78,0)+1 -> 46113 | B79: 39.08 | C79: 100000 | D79: 0.006 | E79: 0.006 | F79: 0.041 | G79: 5.286 | H79: 0.004 | I79: 0.00387 | J79: 100481 | K79: 37166 | L79: 17379 | M79: 42316 | N79: 3620 | O79: 101908 | P79: =O79-Q79-R79-S79 -> 38698.399 | Q79: 17213.658 | R79: 42371.319 | S79: 3624.6234 | T79: 8863 | U79: =T79-V79-W79-X79 -> 5118.1981 | V79: =22800*B79/1000 -> 891.024 | W79: =64027*B79/1000 -> 2502.1752 | X79: =8997*B79/1000 -> 351.60276 | Z79: 1218206 | AA79: 100000 | AB79: 7950 | AF79: 7083.33 | AG79: =AB79*E78 -> 47.7 | AI79: 49 | AL79: =AD79*E79 -> 0 | AN79: 5 | AT79: =AF79+AL79+AH79+AG79+AM79+AQ79 -> 7131.03 | AX79: 2363.94 | AY79: 8863 | AZ79: 100481 | BA79: =AY79*G79 -> 46849.818 | BB79: =AZ79*H79 -> 401.924 | BC79: 375 | BF79: =AX79+BA79+BB79+BD79+BE79 -> 49615.682 | BH79: E194CC-2604-1 | BI79: 101908 | BJ79: 0.045 | BK79: 4585.86 | BL79: 0 | BM79: -14153.323 | BO79: =Z79 -> 1218206 | BP79: =AT79 +(K79/AZ79*AX79) +((T79-V79-W79-X79)/T79*BA79) +(K79/AZ79*BB79) -> 35208.865 | BQ79: =((L79+M79+N79)/AZ79*AX79) +((V79+W79+X79)/T79*BA79) +((L79+M79+N79)/AZ79*BB79) -> 21537.847 | BR79: =BP79+BQ79 -> 56746.712 | BS79: =BH79 -> E194CC-2604-1 | BT79: =P79*BJ79+BL79 -> 1741.428 | BU79: =(Q79+R79+S79)*BJ79 -> 2844.432 | BV79: =BT79+BU79 -> 4585.86
A80: =EOMONTH(A79,0)+1 -> 46143 | B80: 39.08 | C80: 100000 | D80: 0.006 | E80: 0.006 | F80: 0.041 | G80: 5.286 | H80: 0.004 | I80: 0.00387 | Z80: 1221910 | AA80: 100000 | AB80: 12375 | AF80: 7083.33 | AG80: =AB80*E79 -> 74.25 | AI80: 80 | AL80: =AD80*E80 -> 0 | AT80: =AF80+AL80+AH80+AG80+AM80+AQ80 -> 7157.58 | AX80: 2363.94 | AY80: 8863 | AZ80: 86391 | BA80: =AY80*G80 -> 46849.818 | BB80: =AZ80*H80 -> 345.564 | BC80: 337 | BF80: =AX80+BA80+BB80+BD80+BE80 -> 49559.322 | BO80: =Z80 -> 1221910 | BP80: =AT80 +(K80/AZ80*AX80) +((T80-V80-W80-X80)/T80*BA80) +(K80/AZ80*BB80) -> #DIV/0! | BS80: =BH80 -> 0
A81: =EOMONTH(A80,0)+1 -> 46174 | B81: 39.08 | C81: 100000 | D81: 0.006 | E81: 0.006 | F81: 0.041 | G81: 5.286 | H81: 0.004 | I81: 0.00387 | Z81: 1226340 | AA81: 100000 | AB81: 22500 | AF81: 7083.33 | AG81: 135 | AI81: 150 | AT81: =AF81+AL81+AH81+AG81+AM81+AQ81 -> 7218.33 | AX81: 2363.94 | AY81: 8863 | AZ81: 49204 | BA81: 46849.818 | BB81: 196.816 | BC81: 184 | BF81: =AX81+BA81+BB81+BD81+BE81 -> 49410.574 | BO81: =Z81 -> 1226340 | BP81: =AT81 +(K81/AZ81*AX81) +((T81-V81-W81-X81)/T81*BA81) +(K81/AZ81*BB81) -> #DIV/0! | BS81: =BH81 -> 0

Sheet Allocation
B1: Billing Period | C1: 45658 | D1: 45689 | E1: 45717 | F1: 45748 | G1: 45778 | H1: 45809 | I1: 45839 | J1: 45870 | K1: 45901 | L1: 45931 | M1: 45962 | N1: 45992 | O1: 2025 Total
A2: M17 Transportation | B2: Inv # | C2: 1145727 | D2: 1151879 | E2: 1157485 | F2: 1165982 | G2: 1167724 | H2: 1171726 | I2: 1175936 | J2: 1180836 | K2: 1184298 | L2: 1190197 | M2: 1194759 | N2: 1200127
B3: System Gas Cost ($) | C3: 35508.474 | D3: 35519.25 | E3: 35225.552 | F3: 35440.922 | G3: 34672.066 | H3: 34336.836 | I3: 34334.573 | J3: 34332.885 | K3: 34329.203 | L3: 34675.014 | M3: 35625.206 | N3: 35512.611 | O3: =SUM(C3:N3) -> 419512.59
B4: R16 Gas cost ($) | C4: 21049.936 | D4: 21039.276 | E4: 21237.984 | F4: 21316.854 | G4: 21603.12 | H4: 21768.374 | I4: 21737.259 | J4: 21737.671 | K4: 21721.116 | L4: 21393.654 | M4: 20705.428 | N4: 20972.496 | O4: =SUM(C4:N4) -> 256283.17
B5: Total Cost Before Tax($) | C5: =SUM(C3:C4) -> 56558.41 | D5: =SUM(D3:D4) -> 56558.526 | E5: =SUM(E3:E4) -> 56463.536 | F5: =SUM(F3:F4) -> 56757.776 | G5: =SUM(G3:G4) -> 56275.186 | H5: =SUM(H3:H4) -> 56105.21 | I5: =SUM(I3:I4) -> 56071.832 | J5: =SUM(J3:J4) -> 56070.556 | ... N5: =SUM(N3:N4) -> 56485.107 | O5: =SUM(C5:N5) -> 675795.76
A7: ECNG | B7: Inv # | C7: E194CC-2501-1 | D7: E194CC-2502-1 | E7: E194CC-2503-1 | F7: E194CC-2504-1 | G7: E194CC-2505-1 | H7: E194CC-2506-1 | I7: E194CC-2507-1 | J7: E194CC-2508-1 | K7: E194CC-2509-1 | L7: E194CC-2510-1 | M7: E194CC-2511-1 | N7: E194CC-2512-1
B8: System Gas Cost ($) | C8: 6993.598 | D8: 6457.9081 | E8: 5779.1585 | F8: 5099.4611 | G8: 4385.7441 | H8: 3876.6544 | I8: 3975.0764 | J8: 4140.71 | K8: 3954.3108 | L8: 4868.6038 | M8: 7753.9503 | N8: -1917.3193 | O8: =SUM(C8:N8) -> 55367.856
B9: R16 Gas cost ($) | C9: 3223.2601 | D9: 2866.4319 | E9: 3031.1015 | F9: 2695.6389 | G9: 2521.5559 | H9: 1801.9656 | I9: 2010.2236 | J9: 1959.96 | K9: 2218.3992 | L9: 2504.1862 | M9: 2751.7597 | N9: 3604.2393 | O9: =SUM(C9:N9) -> 31188.722
B10: Total Cost Before Tax($) | C10: =SUM(C8:C9) -> 10216.858 | D10: =SUM(D8:D9) -> 9324.34 | E10: =SUM(E8:E9) -> 8810.26 | F10: =SUM(F8:F9) -> 7795.1 | G10: =SUM(G8:G9) -> 6907.3 | H10: =SUM(H8:H9) -> 5678.62 | I10: =SUM(I8:I9) -> 5985.3 | J10: =SUM(J8:J9) -> 6100.67 | ... N10: =SUM(N8:N9) -> 1686.92 | O10: =SUM(C10:N10) -> 86556.578
B13: Billing Period | C13: =C1 -> 45658 | D13: =D1 -> 45689 | E13: =E1 -> 45717 | F13: =F1 -> 45748 | G13: =G1 -> 45778 | H13: =H1 -> 45809 | I13: =I1 -> 45839 | J13: =J1 -> 45870 | ... O13: =O1 -> 2025 Total
A14: M17 Transportation | B14: System Gas | C14: =C3/C5 -> 0.62781953 | D14: =D3/D5 -> 0.62800876 | E14: =E3/E5 -> 0.62386373 | F14: =F3/F5 -> 0.62442407 | G14: =G3/G5 -> 0.61611643 | H14: =H3/H5 -> 0.61200797 | I14: =I3/I5 -> 0.61233193 | J14: =J3/J5 -> 0.61231576 | ... O14: =O3/O5 -> 0.62076831
B15: R16 | C15: =1-C14 -> 0.37218047 | D15: =1-D14 -> 0.37199124 | E15: =1-E14 -> 0.37613627 | F15: =1-F14 -> 0.37557593 | G15: =1-G14 -> 0.38388357 | H15: =1-H14 -> 0.38799203 | I15: =1-I14 -> 0.38766807 | J15: =1-J14 -> 0.38768424 | ... O15: =1-O14 -> 0.37923169
B16: Total | C16: =SUM(C14:C15) -> 1 | D16: =SUM(D14:D15) -> 1 | E16: =SUM(E14:E15) -> 1 | F16: =SUM(F14:F15) -> 1 | G16: =SUM(G14:G15) -> 1 | H16: =SUM(H14:H15) -> 1 | I16: =SUM(I14:I15) -> 1 | J16: =SUM(J14:J15) -> 1 | ... O16: =SUM(O14:O15) -> 1
A18: ECNG | B18: System Gas | C18: =C8/C10 -> 0.68451553 | D18: =D8/D10 -> 0.69258608 | E18: =E8/E10 -> 0.65595777 | F18: =F8/F10 -> 0.65418802 | G18: =G8/G10 -> 0.63494333 | H18: =H8/H10 -> 0.68267544 | I18: =I8/I10 -> 0.66413988 | J18: =J8/J10 -> 0.67873037 | ... O18: =O8/O10 -> 0.63967242
B19: R16 | C19: =1-C18 -> 0.31548447 | D19: =1-D18 -> 0.30741392 | E19: =1-E18 -> 0.34404223 | F19: =1-F18 -> 0.34581198 | G19: =1-G18 -> 0.36505667 | H19: =1-H18 -> 0.31732456 | I19: =1-I18 -> 0.33586012 | J19: =1-J18 -> 0.32126963 | ... O19: =1-O18 -> 0.36032758
B20: Total | C20: =SUM(C18:C19) -> 1 | D20: =SUM(D18:D19) -> 1 | E20: =SUM(E18:E19) -> 1 | F20: =SUM(F18:F19) -> 1 | G20: =SUM(G18:G19) -> 1 | H20: =SUM(H18:H19) -> 1 | I20: =SUM(I18:I19) -> 1 | J20: =SUM(J18:J19) -> 1 | ... O20: =SUM(O18:O19) -> 1

Sheet Fuel Costs
A1: Fuel Costs
B2: 2025 | C2: 2025 | D2: 2025 | E2: 2025 | F2: 2025 | G2: 2025 | H2: 2025 | I2: 2025 | J2: 2025 | K2: 2025 | L2: 2025 | M2: 2025 | N2: 2025
B3: January | C3: February | D3: March | E3: April | F3: May | G3: June | H3: July | I3: August | J3: September | K3: October | L3: November | M3: December | N3: Total
A4: Fuel Amounts (GJ)
A5: System Gas Fuel | B5: 744 | C5: 645 | D5: 480 | E5: 156 | F5: 82 | G5: 30 | H5: 39 | I5: 36 | J5: 34 | K5: 100 | L5: 950 | M5: 739 | N5: =SUM(B5:M5) -> 4035
A6: R16 Fuel | B6: 693 | C6: 622 | D6: 646 | E6: 250 | F6: 239 | G6: 170 | H6: 214 | I6: 199 | J6: 215 | K6: 248 | L6: 593 | M6: 704 | N6: =SUM(B6:M6) -> 4793
A7: Invoice Total | B7: =B5+B6 -> 1437 | C7: =C5+C6 -> 1267 | D7: =D5+D6 -> 1126 | E7: =E5+E6 -> 406 | F7: =F5+F6 -> 321 | G7: =G5+G6 -> 200 | H7: =H5+H6 -> 253 | I7: =I5+I6 -> 235 | ... N7: =N5+N6 -> 8828
A9: System Gas Conversion
A10: Heat Value | B10: 39.09 | C10: 39.09 | D10: 39.09 | E10: 39.02 | F10: 39.02 | G10: 39.02 | H10: 39.02 | I10: 39.02 | J10: 39.02 | K10: 39.02 | L10: 39.02 | M10: 39.02
A11: System Gas Fuel (m3) | B11: =1/(B10/1000)*B5 -> 19033.001 | C11: =1/(C10/1000)*C5 -> 16500.384 | D11: =1/(D10/1000)*D5 -> 12279.355 | E11: =1/(E10/1000)*E5 -> 3997.9498 | F11: =1/(F10/1000)*F5 -> 2101.4864 | G11: =1/(G10/1000)*G5 -> 768.83649 | H11: =1/(H10/1000)*H5 -> 999.48744 | I11: =1/(I10/1000)*I5 -> 922.60379 | ... M11: =1/(M10/1000)*M5 -> 18939.006 | N11: =SUM(B11:M11) -> 103322.73
A13: QRAM Reference Price | B13: 0.136192 | C13: 0.136192 | D13: 0.136192 | E13: 0.199948 | F13: 0.199948 | G13: 0.199948 | H13: 0.183505 | I13: 0.183505 | J13: 0.183505 | K13: 0.164638 | L13: 0.164638 | M13: 0.164638
A14: Total Fuel Cost | B14: =B11*B13 -> 2592.1424 | C14: =C11*C13 -> 2247.2203 | D14: =D11*D13 -> 1672.35 | E14: =E11*E13 -> 799.38206 | F14: =F11*F13 -> 420.18801 | G14: =G11*G13 -> 153.72732 | H14: =H11*H13 -> 183.41094 | I14: =I11*I13 -> 169.30241 | ... M14: =M11*M13 -> 3118.08 | N14: =SUM(B14:M14) -> 15945.99
A16: *Note - R16 amounts are for reference only. Amounts are not included in the calculation

Sheet Upstream Recovery
A1: Calculation
C3: PP&E Continuity from COS Application
C6: Table 2-9: CIAC to Enbridge - Owen Sound Reinforcement
C7: (Thousands of Dollars)
E9: Col. 1 | F9: Col. 2 | G9: Col. 3 | H9: Col. 4 | I9: Col. 5 | J9: Col. 6 | K9: Col. 7 | L9: Col. 8 | M9: Col. 9 | N9: Col. 10
C11: Description | E11: 2019 | F11: 2020 | G11: 2021 | H11: 2022 | I11: 2023 | J11: 2024 | K11: 2025 | L11: 2026 | M11: 2027 | N11: 2028
B12: Row 1
B13: Row 2 | C13: Gross Fixed Assets
B14: Row 3 | C14: Opening Balance | E14: 0 | F14: 2363.1339 | G14: 2363.1339 | H14: 2363.1339 | I14: 2363.1339 | J14: 2363.1339 | K14: 2363.1339 | L14: 2363.1339 | M14: 2363.1339 | N14: 2363.1339
B15: Row 4 | C15: Capital Expenditure | E15: 2363.1339 | F15: 0 | G15: 0 | H15: 0 | I15: 0 | J15: 0 | K15: 0 | L15: 0 | M15: 0 | N15: 0
B16: Row 5 | C16: Interest During Construction | E16: 0 | F16: 0 | G16: 0 | H16: 0 | I16: 0 | J16: 0 | K16: 0 | L16: 0 | M16: 0 | N16: 0
B17: Row 6 | C17: Capitalized Overhead | E17: 0 | F17: 0 | G17: 0 | H17: 0 | I17: 0 | J17: 0 | K17: 0 | L17: 0 | M17: 0 | N17: 0
B18: Row 7 | C18: External Funding | E18: 0 | F18: 0 | G18: 0 | H18: 0 | I18: 0 | J18: 0 | K18: 0 | L18: 0 | M18: 0 | N18: 0
B19: Row 8 | C19: Retirement | E19: 0 | F19: 0 | G19: 0 | H19: 0 | I19: 0 | J19: 0 | K19: 0 | L19: 0 | M19: 0 | N19: 0
B20: Row 9 | C20: Closing Balance | E20: 2363.1339 | F20: 2363.1339 | G20: 2363.1339 | H20: 2363.1339 | I20: 2363.1339 | J20: 2363.1339 | K20: 2363.1339 | L20: 2363.1339 | M20: 2363.1339 | N20: 2363.1339
B21: Row 10
B22: Row 11 | C22: Accumulated Depreciation
B23: Row 12 | C23: Opening Balance | E23: 0 | F23: -23.16798 | G23: -69.50394 | H23: -115.8399 | I23: -162.17586 | J23: -208.51182 | K23: -254.84778 | L23: -301.18374 | M23: -347.5197 | N23: -393.85566
B24: Row 13 | C24: Depreciation | E24: -23.16798 | F24: -46.33596 | G24: -46.33596 | H24: -46.33596 | I24: -46.33596 | J24: -46.33596 | K24: -46.33596 | L24: -46.33596 | M24: -46.33596 | N24: -46.33596
B25: Row 14 | C25: Retirement | E25: 0 | F25: 0 | G25: 0 | H25: 0 | I25: 0 | J25: 0 | K25: 0 | L25: 0 | M25: 0 | N25: 0
B26: Row 15 | C26: Closing Balance | E26: -23.16798 | F26: -69.50394 | G26: -115.8399 | H26: -162.17586 | I26: -208.51182 | J26: -254.84778 | K26: -301.18374 | L26: -347.5197 | M26: -393.85566 | N26: -440.19162
B27: Row 16
B28: Row 17 | C28: Net Asset | E28: 2339.966 | F28: 2293.63 | G28: 2247.2941 | H28: 2200.9581 | I28: 2154.6221 | J28: 2108.2862 | K28: 2061.9502 | L28: 2015.6143 | M28: 1969.2783 | N28: 1922.9423
C32: Table 2-10: CIAC to Enbridge - Station
C33: (Thousands of Dollars)
E35: Col. 1 | F35: Col. 2 | G35: Col. 3 | H35: Col. 4 | I35: Col. 5 | J35: Col. 6 | K35: Col. 7 | L35: Col. 8 | M35: Col. 9 | N35: Col. 10
C37: Description | E37: 2019 | F37: 2020 | G37: 2021 | H37: 2022 | I37: 2023 | J37: 2024 | K37: 2025 | L37: 2026 | M37: 2027 | N37: 2028
B38: Row 1
B39: Row 2 | C39: Gross Fixed Assets
B40: Row 3 | C40: Opening Balance | E40: 0 | F40: 2934.5721 | G40: 2934.5721 | H40: 2934.5721 | I40: 2934.5721 | J40: 2934.5721 | K40: 2934.5721 | L40: 2934.5721 | M40: 2934.5721 | N40: 2934.5721
B41: Row 4 | C41: Capital Expenditure | E41: 2934.5721 | F41: 0 | G41: 0 | H41: 0 | I41: 0 | J41: 0 | K41: 0 | L41: 0 | M41: 0 | N41: 0
B42: Row 5 | C42: Interest During Construction | E42: 0 | F42: 0 | G42: 0 | H42: 0 | I42: 0 | J42: 0 | K42: 0 | L42: 0 | M42: 0 | N42: 0
B43: Row 6 | C43: Capitalized Overhead | E43: 0 | F43: 0 | G43: 0 | H43: 0 | I43: 0 | J43: 0 | K43: 0 | L43: 0 | M43: 0 | N43: 0
B44: Row 7 | C44: External Funding | E44: 0 | F44: 0 | G44: 0 | H44: 0 | I44: 0 | J44: 0 | K44: 0 | L44: 0 | M44: 0 | N44: 0
B45: Row 8 | C45: Retirement | E45: 0 | F45: 0 | G45: 0 | H45: 0 | I45: 0 | J45: 0 | K45: 0 | L45: 0 | M45: 0 | N45: 0
B46: Row 9 | C46: Closing Balance | E46: 2934.5721 | F46: 2934.5721 | G46: 2934.5721 | H46: 2934.5721 | I46: 2934.5721 | J46: 2934.5721 | K46: 2934.5721 | L46: 2934.5721 | M46: 2934.5721 | N46: 2934.5721
B47: Row 10
B48: Row 11 | C48: Accumulated Depreciation
B49: Row 12 | C49: Opening Balance | E49: 0 | F49: -38.61279 | G49: -115.83837 | H49: -193.06395 | I49: -270.28953 | J49: -347.51511 | K49: -424.74069 | L49: -501.96627 | M49: -579.19185 | N49: -656.41743
B50: Row 13 | C50: Depreciation | E50: -38.61279 | F50: -77.22558 | G50: -77.22558 | H50: -77.22558 | I50: -77.22558 | J50: -77.22558 | K50: -77.22558 | L50: -77.22558 | M50: -77.22558 | N50: -77.22558
B51: Row 14 | C51: Retirement | E51: 0 | F51: 0 | G51: 0 | H51: 0 | I51: 0 | J51: 0 | K51: 0 | L51: 0 | M51: 0 | N51: 0
B52: Row 15 | C52: Closing Balance | E52: -38.61279 | F52: -115.83837 | G52: -193.06395 | H52: -270.28953 | I52: -347.51511 | J52: -424.74069 | K52: -501.96627 | L52: -579.19185 | M52: -656.41743 | N52: -733.64301
B53: Row 16
B54: Row 17 | C54: Net Asset | E54: 2895.9593 | F54: 2818.7337 | G54: 2741.5081 | H54: 2664.2825 | I54: 2587.0569 | J54: 2509.8314 | K54: 2432.6058 | L54: 2355.3802 | M54: 2278.1546 | N54: 2200.929
C56: PP&E Continuity based on Actual CIAC
C58: Table 2-9: CIAC to Enbridge - Owen Sound Reinforcement
C59: (Thousands of Dollars)
C61: Cost | D61: $000s | E61: -5191
C62: year | E62: 2020
C63: Depreciable year | D63: yr | E63: 51
E65: Col. 1 | F65: Col. 2 | G65: Col. 3 | H65: Col. 4 | I65: Col. 5 | J65: Col. 6 | K65: Col. 7 | L65: Col. 8 | M65: Col. 9 | N65: Col. 10
C67: Description | E67: 2019 | F67: 2020 | G67: 2021 | H67: 2022 | I67: 2023 | J67: 2024 | K67: 2025 | L67: 2026 | M67: 2027 | N67: 2028
B68: Row 1
B69: Row 2 | C69: Gross Fixed Assets
B70: Row 3 | C70: Opening Balance | E70: 0 | F70: =E76 -> 0 | G70: =F76 -> 5191 | H70: =G76 -> 5191 | I70: =H76 -> 5191 | J70: =I76 -> 5191 | K70: =J76 -> 5191 | L70: =K76 -> 5191 | M70: =L76 -> 5191 | N70: =M76 -> 5191
B71: Row 4 | C71: Capital Expenditure | E71: =IF(E67=$E62,-$E61,0) -> 0 | F71: =IF(F67=$E62,-$E61,0) -> 5191 | G71: =IF(G67=$E62,-$E61,0) -> 0 | H71: =IF(H67=$E62,-$E61,0) -> 0 | I71: =IF(I67=$E62,-$E61,0) -> 0 | J71: =IF(J67=$E62,-$E61,0) -> 0 | K71: =IF(K67=$E62,-$E61,0) -> 0 | L71: =IF(L67=$E62,-$E61,0) -> 0 | ... N71: =IF(N67=$E62,-$E61,0) -> 0
B72: Row 5 | C72: Interest During Construction
B73: Row 6 | C73: Capitalized Overhead
B74: Row 7 | C74: External Funding
B75: Row 8 | C75: Retirement
B76: Row 9 | C76: Closing Balance | E76: =SUM(E70:E75) -> 0 | F76: =SUM(F70:F75) -> 5191 | G76: =SUM(G70:G75) -> 5191 | H76: =SUM(H70:H75) -> 5191 | I76: =SUM(I70:I75) -> 5191 | J76: =SUM(J70:J75) -> 5191 | K76: =SUM(K70:K75) -> 5191 | L76: =SUM(L70:L75) -> 5191 | ... N76: =SUM(N70:N75) -> 5191
B77: Row 10
B78: Row 11 | C78: Accumulated Depreciation
B79: Row 12 | C79: Opening Balance | E79: 0 | F79: =E82 -> 0 | G79: =F82 -> -50.892157 | H79: =G82 -> -152.67647 | I79: =H82 -> -254.46078 | J79: =I82 -> -356.2451 | K79: =J82 -> -458.02941 | L79: =K82 -> -559.81373 | M79: =L82 -> -661.59804 | N79: =M82 -> -763.38235
B80: Row 13 | C80: Depreciation | E80: =-(E70+0.5*E71)/$E63 -> 0 | F80: =-(F70+0.5*F71)/$E63 -> -50.892157 | G80: =-(G70+0.5*G71)/$E63 -> -101.78431 | H80: =-(H70+0.5*H71)/$E63 -> -101.78431 | I80: =-(I70+0.5*I71)/$E63 -> -101.78431 | J80: =-(J70+0.5*J71)/$E63 -> -101.78431 | K80: =-(K70+0.5*K71)/$E63 -> -101.78431 | L80: =-(L70+0.5*L71)/$E63 -> -101.78431 | ... N80: =-(N70+0.5*N71)/$E63 -> -101.78431
B81: Row 14 | C81: Retirement
B82: Row 15 | C82: Closing Balance | E82: =SUM(E79:E81) -> 0 | F82: =SUM(F79:F81) -> -50.892157 | G82: =SUM(G79:G81) -> -152.67647 | H82: =SUM(H79:H81) -> -254.46078 | I82: =SUM(I79:I81) -> -356.2451 | J82: =SUM(J79:J81) -> -458.02941 | K82: =SUM(K79:K81) -> -559.81373 | L82: =SUM(L79:L81) -> -661.59804 | ... N82: =SUM(N79:N81) -> -865.16667
B83: Row 16
B84: Row 17 | C84: Net Asset | E84: =E76+E82 -> 0 | F84: =F76+F82 -> 5140.1078 | G84: =G76+G82 -> 5038.3235 | H84: =H76+H82 -> 4936.5392 | I84: =I76+I82 -> 4834.7549 | J84: =J76+J82 -> 4732.9706 | K84: =K76+K82 -> 4631.1863 | L84: =L76+L82 -> 4529.402 | ... N84: =N76+N82 -> 4325.8333
C88: Table 2-10: CIAC to Enbridge - Station
C89: (Thousands of Dollars)
C91: Cost | D91: $000s | E91: -4023
C92: year | E92: 2019
C93: Depreciable year | D93: yr | E93: 38
E95: Col. 1 | F95: Col. 2 | G95: Col. 3 | H95: Col. 4 | I95: Col. 5 | J95: Col. 6 | K95: Col. 7 | L95: Col. 8 | M95: Col. 9 | N95: Col. 10
C97: Description | E97: 2019 | F97: 2020 | G97: 2021 | H97: 2022 | I97: 2023 | J97: 2024 | K97: 2025 | L97: 2026 | M97: 2027 | N97: 2028
B98: Row 1
B99: Row 2 | C99: Gross Fixed Assets
B100: Row 3 | C100: Opening Balance | E100: 0 | F100: =E106 -> 4023 | G100: =F106 -> 4023 | H100: =G106 -> 4276 | I100: =H106 -> 4276 | J100: =I106 -> 4276 | K100: =J106 -> 4276 | L100: =K106 -> 4276 | M100: =L106 -> 4276 | N100: =M106 -> 4276
B101: Row 4 | C101: Capital Expenditure | E101: =IF(E97=$E92,-$E91,0) -> 4023 | F101: =IF(F97=$E92,-$E91,0) -> 0 | G101: 253 | H101: =IF(H97=$E92,-$E91,0) -> 0 | I101: =IF(I97=$E92,-$E91,0) -> 0 | J101: =IF(J97=$E92,-$E91,0) -> 0 | K101: =IF(K97=$E92,-$E91,0) -> 0 | L101: =IF(L97=$E92,-$E91,0) -> 0 | M101: =IF(M97=$E92,-$E91,0) -> 0 | N101: =IF(N97=$E92,-$E91,0) -> 0
B102: Row 5 | C102: Interest During Construction
B103: Row 6 | C103: Capitalized Overhead
B104: Row 7 | C104: External Funding
B105: Row 8 | C105: Retirement
B106: Row 9 | C106: Closing Balance | E106: =SUM(E100:E105) -> 4023 | F106: =SUM(F100:F105) -> 4023 | G106: =SUM(G100:G105) -> 4276 | H106: =SUM(H100:H105) -> 4276 | I106: =SUM(I100:I105) -> 4276 | J106: =SUM(J100:J105) -> 4276 | K106: =SUM(K100:K105) -> 4276 | L106: =SUM(L100:L105) -> 4276 | ... N106: =SUM(N100:N105) -> 4276
B107: Row 10
B108: Row 11 | C108: Accumulated Depreciation
B109: Row 12 | C109: Opening Balance | E109: 0 | F109: =E112 -> -52.934211 | G109: =F112 -> -158.80263 | H109: =G112 -> -268 | I109: =H112 -> -380.52632 | J109: =I112 -> -493.05263 | K109: =J112 -> -605.57895 | L109: =K112 -> -718.10526 | M109: =L112 -> -830.63158 | N109: =M112 -> -943.15789
B110: Row 13 | C110: Depreciation | E110: =-(E100+0.5*E101)/$E93 -> -52.934211 | F110: =-(F100+0.5*F101)/$E93 -> -105.86842 | G110: =-(G100+0.5*G101)/$E93 -> -109.19737 | H110: =-(H100+0.5*H101)/$E93 -> -112.52632 | I110: =-(I100+0.5*I101)/$E93 -> -112.52632 | J110: =-(J100+0.5*J101)/$E93 -> -112.52632 | K110: =-(K100+0.5*K101)/$E93 -> -112.52632 | L110: =-(L100+0.5*L101)/$E93 -> -112.52632 | ... N110: =-(N100+0.5*N101)/$E93 -> -112.52632
B111: Row 14 | C111: Retirement
B112: Row 15 | C112: Closing Balance | E112: =SUM(E109:E111) -> -52.934211 | F112: =SUM(F109:F111) -> -158.80263 | G112: =SUM(G109:G111) -> -268 | H112: =SUM(H109:H111) -> -380.52632 | I112: =SUM(I109:I111) -> -493.05263 | J112: =SUM(J109:J111) -> -605.57895 | K112: =SUM(K109:K111) -> -718.10526 | L112: =SUM(L109:L111) -> -830.63158 | ... N112: =SUM(N109:N111) -> -1055.6842
B113: Row 16
B114: Row 17 | C114: Net Asset | E114: =E106+E112 -> 3970.0658 | F114: =F106+F112 -> 3864.1974 | G114: =G106+G112 -> 4008 | H114: =H106+H112 -> 3895.4737 | I114: =I106+I112 -> 3782.9474 | J114: =J106+J112 -> 3670.4211 | K114: =K106+K112 -> 3557.8947 | L114: =L106+L112 -> 3445.3684 | ... N114: =N106+N112 -> 3220.3158
C116: COS Comparisons
E117: 2019 | F117: 2020 | G117: 2021 | H117: 2022 | I117: 2023 | J117: 2024 | K117: 2025 | L117: 2026 | M117: 2027 | N117: 2028
C118: WACC (as per Application) | D118: % | E118: 0.054632 | F118: 0.054632 | G118: 0.054632 | H118: 0.054632 | I118: 0.054632 | J118: 0.054632 | K118: 0.054632 | L118: 0.054632 | M118: 0.054632 | N118: 0.054632
C120: COS as per Application
C122: Net PP&E (Year End) | D122: $000s | E122: =E28+E54 -> 5235.9252 | F122: =F28+F54 -> 5112.3637 | G122: =G28+G54 -> 4988.8022 | H122: =H28+H54 -> 4865.2406 | I122: =I28+I54 -> 4741.6791 | J122: =J28+J54 -> 4618.1175 | K122: =K28+K54 -> 4494.556 | L122: =L28+L54 -> 4370.9945 | ... N122: =N28+N54 -> 4123.8714
C123: Net PP&E (mid-year) | D123: $000s | E123: =E122*0.5 -> 2617.9626 | F123: =AVERAGE(E122:F122) -> 5174.1445 | G123: =AVERAGE(F122:G122) -> 5050.5829 | H123: =AVERAGE(G122:H122) -> 4927.0214 | I123: =AVERAGE(H122:I122) -> 4803.4598 | J123: =AVERAGE(I122:J122) -> 4679.8983 | K123: =AVERAGE(J122:K122) -> 4556.3368 | L123: =AVERAGE(K122:L122) -> 4432.7752 | M123: =AVERAGE(L122:M122) -> 4309.2137 | N123: =AVERAGE(M122:N122) -> 4185.6521
C126: Depreciation | D126: $000s | E126: =-(E24+E50) -> 61.78077 | F126: =-(F24+F50) -> 123.56154 | G126: =-(G24+G50) -> 123.56154 | H126: =-(H24+H50) -> 123.56154 | I126: =-(I24+I50) -> 123.56154 | J126: =-(J24+J50) -> 123.56154 | K126: =-(K24+K50) -> 123.56154 | L126: =-(L24+L50) -> 123.56154 | ... N126: =-(N24+N50) -> 123.56154
...

Sheet Upstream Allocation
A1: Non-Distribution Revenue
A3: Upstream Recovery Revenue
A4: Rate 1 - General Firm Service | B4: $0,000s | F4: =G4/$G$8 -> 0.38892904 | G4: 1407.6522 | I4: 16.200097 | J4: 59.025418 | K4: 103.80288 | L4: 133.33814 | M4: 154.36133 | N4: 194.22536 | O4: 192.00019 | P4: 188.43756 | Q4: 184.89614 | R4: 181.36504
A5: Rate 6 - Large Volume General Firm Service | B5: $0,000s | F5: =G5/$G$8 -> 0.22789879 | G5: 824.83483 | I5: 7.2299475 | J5: 25.846193 | K5: 51.197524 | L5: 77.210145 | M5: 93.498377 | N5: 117.63376 | O5: 116.27936 | P5: 114.1222 | Q5: 111.97777 | R5: 109.83955
A6: Rate 11 - Large Volume Seasonal Service | B6: $0,000s | F6: =G6/$G$8 -> 0.0005608887 | G6: 2.0300263 | I6: 0.059432492 | J6: 0.11886498 | K6: 0.26150297 | L6: 0.43980044 | M6: 0.47545994 | N6: 0.13754099 | O6: 0.13840364 | P6: 0.13567217 | Q6: 0.13299769 | R6: 0.13035098
A7: Rate 16 - Contracted Firm Service | B7: $0,000s | F7: =G7/$G$8 -> 0.38261128 | G7: 1384.7863 | I7: 25.495915 | J7: 152.97549 | K7: 152.97549 | L7: 152.97549 | M7: 152.97549 | N7: 154.93694 | O7: 152.26671 | P7: 149.49748 | Q7: 146.72825 | R7: 143.95902
A8: Sum | B8: $0,000s | F8: =G8/$G$8 -> 1 | G8: 3619.3033 | I8: 48.985392 | J8: 237.96596 | K8: 308.2374 | L8: 363.96358 | M8: 401.31065 | N8: 466.9336 | O8: 460.68467 | P8: 452.19292 | Q8: 443.73516 | R8: 435.29396
A10: Transportation and Storage Revenue
A11: Rate 1 - General Firm Service | B11: $0,000s | F11: =G11/$G$15 -> 0.41834801 | G11: 2621.513 | I11: 29.655515 | J11: 109.42277 | K11: 194.87623 | L11: 253.50392 | M11: 297.20053 | N11: 327.86557 | O11: 341.90599 | P11: 349.16409 | Q11: 355.99772 | R11: 361.92066
A12: Rate 6 - Large Volume General Firm Service | B12: $0,000s | F12: =G12/$G$15 -> 0.25522261 | G12: 1599.313 | I12: 13.967777 | J12: 50.567274 | K12: 101.43848 | L12: 154.92052 | M12: 189.98506 | N12: 207.27542 | O12: 216.13723 | P12: 218.88217 | Q12: 221.66198 | R12: 224.47708
A13: Rate 11 - Large Volume Seasonal Service | B13: $0,000s | F13: =G13/$G$15 -> 0.032944507 | G13: 206.44165 | I13: 3.0657089 | J13: 6.2092868 | K13: 13.833918 | L13: 23.561616 | M13: 25.795511 | N13: 26.123114 | O13: 26.454878 | P13: 26.790855 | Q13: 27.131099 | R13: 27.475664
A14: Rate 16 - Contracted Firm Service | B14: $0,000s | F14: =G14/$G$15 -> 0.29348487 | G14: 1839.0775 | I14: 32.835808 | J14: 203.10354 | K14: 199.41612 | L14: 194.45758 | M14: 195.28318 | N14: 197.79801 | O14: 200.41889 | P14: 202.68268 | Q14: 205.23386 | R14: 207.84784
A15: Sum | B15: $0,000s | F15: =G15/$G$15 -> 1 | G15: 6266.3452 | I15: 79.524809 | J15: 369.30287 | K15: 509.56475 | L15: 626.44363 | M15: 708.26429 | N15: 759.06212 | O15: 784.91699 | P15: 797.51979 | Q15: 810.02466 | R15: 821.72124
A17: Upstream Recovery Cost
A18: Rate 1 - General Firm Service | B18: $0,000s | F18: =G18/$G$15 -> 0.26804187 | G18: =SUM(I18:R18) -> 1679.6429 | I18: 77.963534 | J18: 158.8403 | K18: 164.44078 | L18: 168.20401 | M18: 169.16614 | N18: 194.2793 | O18: 192.01187 | P18: 188.45008 | Q18: 184.90901 | R18: 181.37786
A19: Rate 6 - Large Volume General Firm Service | B19: $0,000s | F19: =G19/$G$15 -> 0.16247213 | G19: =SUM(I19:R19) -> 1018.1065 | I19: 47.365768 | J19: 96.468955 | K19: 99.808249 | L19: 102.04556 | M19: 102.60277 | N19: 117.64579 | O19: 116.2659 | P19: 114.10966 | Q19: 111.96584 | R19: 109.82797
A20: Rate 11 - Large Volume Seasonal Service | B20: $0,000s | F20: =G20/$G$15 -> 0.00014232762 | G20: =SUM(I20:R20) -> 0.89187398 | I20: 0.0020196464 | J20: 0.015891859 | K20: 0.038957178 | L20: 0.056820771 | M20: 0.06675372 | N20: 0.14506454 | O20: 0.14585374 | P20: 0.14297829 | Q20: 0.14016147 | R20: 0.13737276
A21: Rate 16 - Contracted Firm Service | B21: $0,000s | F21: =G21/$G$15 -> 0.23278067 | G21: =SUM(I21:R21) -> 1458.684 | I21: 80.617201 | J21: 160.92867 | K21: 159.42782 | L21: 157.00967 | M21: 154.51863 | N21: 154.7273 | O21: 152.00988 | P21: 149.24575 | Q21: 146.48161 | R21: 143.71748
A22: Sum | B22: $0,000s | F22: =G22/$G$15 -> 0.663437 | G22: =SUM(I22:R22) -> 4157.3252 | I22: 205.94852 | J22: 416.25381 | K22: 423.7158 | L22: 427.31606 | M22: 426.3543 | N22: 466.79746 | O22: 460.43351 | P22: 451.94847 | Q22: 443.49662 | R22: 435.06068
A25: Table7-25: Allocation of Rate Base
A26: (Thousands of Dollars)
B28: Col. 1 | C28: Col. 2 | D28: Col. 3 | E28: Col. 4 | F28: Col. 5
A30: Classification | B30: Total | C30: Rate 1 - General Firm Service | D30: Rate 6 - Large Volume General Firm Service | E30: Rate 11 - Large Volume Seasonal Service | F30: Rate 16 - Contracted Firm Service
A31: Commodity | B31: 203.18778 | C31: 144.16455 | D31: 42.767389 | E31: 16.255833 | F31: 0 | J31: Unit | K31: Sum | L31: Rate 1 | M31: Rate 6 | N31: Rate 11 | O31: Rate 16 | Q31: S&TVA | R31: TVA
A32: Upstream Capacity | B32: 31.292176 | C32: 19.465043 | D32: 11.827133 | E32: 0 | F32: 0 | I32: Rate Base - ENG | J32: $000's | K32: =SUM(L32:O32) -> 4185.6521 | L32: =C35 -> 1578.7797 | M32: =D35 -> 959.28058 | N32: =E35 -> 0 | O32: =F35 -> 1647.5919 | Q32: =1-R32 -> 0.60637152 | R32: =O33 -> 0.39362848
A33: Storage Space | B33: 7.1632883 | C33: 4.0987317 | D33: 2.9372196 | E33: 0.12733706 | F33: 0 | I33: Allocation | J33: % | K33: =K32/$K$32 -> 1 | L33: =L32/$K$32 -> 0.37718845 | M33: =M32/$K$32 -> 0.22918306 | N33: =N32/$K$32 -> 0 | O33: =O32/$K$32 -> 0.39362848
A34: Storage Deliverability | B34: 10.744932 | C34: 6.32772 | D34: 4.1342546 | E34: 0.28295788 | F34: 0 | I34: Source: EB-2018-0624, Exhibit 7, Tab 1, Schedule 2, Table 7-25 - Enbridge CIAC
A35: Enbridge CIAC | B35: 4185.6521 | C35: 1578.7797 | D35: 959.28058 | E35: 0 | F35: 1647.5919
A36: Industrial Direct Assignment | B36: 123.45577 | C36: 0 | D36: 0 | E36: 0 | F36: 123.45577
A37: Delivery Commodity | B37: 566.70605 | C37: 168.84313 | D37: 50.088456 | E37: 19.038561 | F37: 328.7359
A38: Capacity HP | B38: 19478.577 | C38: 7412.2838 | D38: 4503.7696 | E38: 530.38369 | F38: 7032.1395
A39: Capacity LP | B39: 12949.336 | C39: 7711.7776 | D39: 4685.7447 | E39: 551.81388 | F39: 0
A40: Customer | B40: 70.637061 | C40: 69.324379 | D40: 1.2189196 | E40: 0.066973605 | F40: 0.026789442
A41: Customer Weighted Services | B41: 8406.5309 | C41: 7559.3781 | D41: 620.27165 | E41: 131.45474 | F41: 95.426407
A42: Customer Weighted Meters | B42: 2535.9886 | C42: 2179.4928 | D42: 255.10661 | E42: 68.017355 | F42: 33.371824
A43: Customer Weighted Billing | B43: 54.631072 | C43: 53.223157 | D43: 0.93581436 | E43: 0.33849309 | F43: 0.13360796
A44: Customer Excluding Industrial | B44: 6314.7145 | C44: 5743.5585 | D44: 471.27772 | E44: 99.878324 | F44: 0
A45: Bad Debt / Collection | B45: 7.416369 | C45: 6.2084436 | D45: 1.2079254 | E45: 0 | F45: 0
A46: Total | B46: 54946.033 | C46: 32656.926 | D46: 11610.568 | E46: 1417.6581 | F46: 9260.8817
